Workbook

Sheet TABLERO CONTROL
B1: TABLERO GENERAL DEL PROYECTO
M2: 2.1 - Transporte
M3: 2.2 - Viáticos
B4: Nombre del proyecto | C4: =ECONÓMICA!B2 -> “FORMULACIÓN DEL PLAN DE ORDENAMIENTO DEL RECURSO HÍDRICO (PORH) DE LA CORRIENTE PRINCIPAL DE LA CUENCA DEL RÍO MEDIO Y BAJO SUÁREZ - NSS Y SUS PRINCIPALES TRIBUTARIOS EN LA JURISDICCIÓN DE LA CORPORACIÓN AUTÓNOMA REGIONAL DE SANTANDER (CAS)” | E4: Resumen ejecutivo del proyecto. La formulación del PORH de la cuenca del río Medio y Bajo Suárez – NSS y sus principales tributarios busca ordenar y gestionar sosteniblemente el recurso hídrico superficial, promoviendo su calidad, disponibilidad y uso equitativo. El proceso, basado en la normativa vigente, incluye diagnóstico, definición de usos, metas de reducción de contaminación, monitoreo y análisis de escenarios climáticos e hidrológicos para orientar la protección de los ecosistemas y el aprovechamiento responsable del agua. | M4: 2.3 - Socialización
B5: Periodo de ejecución | C5: EJECUCIÓN 2026 - 2027 (VIGENCIA FUTURA) | M5: 2.4 - (A,B,C y D) LABORATORIO
B6: Tiempo de ejecución | C6: =COUNTA(DISTRIBUCIÓN!F2:BA2)&" MESES" -> 12 MESES | M6: 2.5 (A,B y C) - HIDROBIOLOGÍA
B7: Entidad | C7: CORPORACIÓN AUTÓNOMA REGIONAL DE SANTANDER - CAS | M7: 2.6 - LABORATORIO - VTOs
M8: 2.7 - (A,B y C) logis_Monitoreo
B9: Localización | C9: CUENCA RÍO MEDIO Y BAJO SUÁREZ EN JURISDICCIÓN CAS | E9: Resumen Financiero | H9: Meta PAC | M9: 2.8 - Ofer-Deman-Ind
E10: Valor total Consultoría | F10: =ECONÓMICA!H45 -> 2319047656 | G10: =F10/F12 -> 0.88248737 | H10: 2024 | I10: 2025 | J10: 2026 | K10: 2027 | M10: 2.9 - Zonas de Recarga
E11: Valor total Interventoría | F11: =ECONÓMICA!H46 -> 308805994 | G11: =F11/F12 -> 0.11751263 | H11: 1 | I11: 1 | J11: 1 | K11: 1 | M11: 2.10 - Impresiones
E12: Valor total proyecto | F12: =F10+F11 -> 2627853650 | G12: =G10+G11 -> 1 | H12: 1 PORH PARA EL 2026
E14: Navegación rápida
E15: Consultoría - presupuesto | F15: Ir a ECONÓMICA
E16: Consultoría - entregables | F16: Ir a ENTREGABLES
E17: Consultoría - avance % | F17: Ir a (%) DE AVANCE CONSULTORÍA
E18: Consultoría - Plan de Cargas | F18: Ir a PLAN DE CARGAS
E19: Consultoría - Resumen PC | F19: Ir a RESUMEN PLAN DE CARGAS
E20: Consultoría - cronograma | F20: Ir a CRONOGRAMA CONSULTORÍA
E21: Interventoría - presupuesto | F21: Ir a INTERVENTORÍA
E22: Interventoría - entregables | F22: Ir a ENTREGABLES INTERVENTORÍA
E23: Interventoría - avance % | F23: Ir a (%) DE AVANCE INTERVENTORÍA
E24: Interventoría - cronograma | F24: Ir a CRONOGRAMA INTERVENTORÍA
E25: Distribución general | F25: Ir a DISTRIBUCIÓN
E26: Viáticos y transporte | F26: Ir a VIÁTICOS-TRANSP
E27: Factor Multiplicador | F27: Ir a FM
E28: Estudio de Mercado | F28: 2.3 - Socialización | G28: =IF(F28="","Selecciona arriba",HYPERLINK("#'"&F28&"'!A1","Ir a " &F28)) -> Ir a 2.3 - Socialización

Sheet DISTRIBUCIÓN
F1: FASE UNO (1) | J1: FASE DOS (2) | AH1: FASE TRES (3) | AP1: FASE CUATRO (4)
F2: Mes 1 | J2: Mes 2 | N2: Mes 3 | R2: Mes 4 | V2: Mes 5 | Z2: Mes 6 | AD2: Mes 7 | AH2: Mes 8 | AL2: Mes 9 | AP2: Mes 10 | AT2: Mes 11 | AX2: Mes 12
A3: =INTERVENTORÍA!A3 -> Personal PROFESIONAL | B3: Número | C3: Meses | D3: Salario | E3: Dedicación | F3: 1 | G3: 2 | H3: 3 | I3: 4 | J3: 5 | K3: 6 | L3: 7 | M3: 8 | N3: 9 | O3: 10 | P3: 11 | Q3: 12 | R3: 13 | S3: 14 | T3: 15 | U3: 16 | V3: 17 | W3: 18 | X3: 19 | Y3: 20 | Z3: 21 | AA3: 22 | AB3: 23 | AC3: 24 | AD3: 25 | AE3: 26 | AF3: 27 | AG3: 28 | AH3: 29 | AI3: 30 | AJ3: 31 | AK3: 32 | AL3: 33 | AM3: 34 | AN3: 35 | AO3: 36 | AP3: 37 | AQ3: 38 | AR3: 39 | AS3: 40 | AT3: 41 | AU3: 42 | AV3: 43 | AW3: 44 | AX3: 45 | AY3: 46 | AZ3: 47 | BA3: 48
A4: =ECONÓMICA!B6 -> Director | B4: =ECONÓMICA!C6 -> 1 | C4: =ECONÓMICA!H6 -> 12 | D4: =ECONÓMICA!D6 -> 6977992 | E4: =ECONÓMICA!E6 -> 0.7 | F4: =$D$4*$E$4*$B$4 -> 4884594.4 | J4: =$D$4*$E$4*$B$4 -> 4884594.4 | N4: =$D$4*$E$4*$B$4 -> 4884594.4 | R4: =$D$4*$E$4*$B$4 -> 4884594.4 | V4: =$D$4*$E$4*$B$4 -> 4884594.4 | Z4: =$D$4*$E$4*$B$4 -> 4884594.4 | AD4: =$D$4*$E$4*$B$4 -> 4884594.4 | AH4: =$D$4*$E$4*$B$4 -> 4884594.4 | AL4: =$D$4*$E$4*$B$4 -> 4884594.4 | AP4: =$D$4*$E$4*$B$4 -> 4884594.4 | AT4: =$D$4*$E$4*$B$4 -> 4884594.4 | AX4: =$D$4*$E$4*$B$4 -> 4884594.4 | BB4: =SUM(F4:BA4)*$E$12 -> 1.1957487e+08 | BC4: =ECONÓMICA!I6 -> 1.1957487e+08 | BD4: =BB4-BC4 -> 0
A5: =ECONÓMICA!B7 -> Experto en modelamiento y calidad de agua | B5: =ECONÓMICA!C7 -> 1 | C5: =ECONÓMICA!H7 -> 11 | D5: =ECONÓMICA!D7 -> 5925555 | E5: =ECONÓMICA!E7 -> 0.7 | F5: =$D$5*$E$5*$B$5 -> 4147888.5 | J5: =$D$5*$E$5*$B$5 -> 4147888.5 | N5: =$D$5*$E$5*$B$5 -> 4147888.5 | R5: =$D$5*$E$5*$B$5 -> 4147888.5 | V5: =$D$5*$E$5*$B$5 -> 4147888.5 | Z5: =$D$5*$E$5*$B$5 -> 4147888.5 | AD5: =$D$5*$E$5*$B$5 -> 4147888.5 | AH5: =$D$5*$E$5*$B$5 -> 4147888.5 | AL5: =$D$5*$E$5*$B$5 -> 4147888.5 | AP5: =$D$5*$E$5*$B$5 -> 4147888.5 | AT5: =$D$5*$E$5*$B$5 -> 4147888.5 | BB5: =SUM(F5:BA5)*$E$12 -> 93078618 | BC5: =ECONÓMICA!I7 -> 93078618 | BD5: =BB5-BC5 -> 0
A6: =ECONÓMICA!B8 -> Experto en Hidrología | B6: =ECONÓMICA!C8 -> 1 | C6: =ECONÓMICA!H8 -> 9 | D6: =ECONÓMICA!D8 -> 5925555 | E6: =ECONÓMICA!E8 -> 0.6 | F6: =$D$6*$E$6*$B$6 -> 3555333 | J6: =$D$6*$E$6*$B$6 -> 3555333 | N6: =$D$6*$E$6*$B$6 -> 3555333 | R6: =$D$6*$E$6*$B$6 -> 3555333 | V6: =$D$6*$E$6*$B$6 -> 3555333 | Z6: =$D$6*$E$6*$B$6 -> 3555333 | AD6: =$D$6*$E$6*$B$6 -> 3555333 | AH6: =$D$6*$E$6*$B$6 -> 3555333 | AL6: =$D$6*$E$6*$B$6 -> 3555333 | BB6: =SUM(F6:BA6)*$E$12 -> 65275914 | BC6: =ECONÓMICA!I8 -> 65275914 | BD6: =BB6-BC6 -> 0
A7: =ECONÓMICA!B9 -> Profesional Social | B7: =ECONÓMICA!C9 -> 1 | C7: =ECONÓMICA!H9 -> 5 | D7: =ECONÓMICA!D9 -> 3639162 | E7: =ECONÓMICA!E9 -> 0.9 | F7: =$D$7*$E$7*$B$7 -> 3275245.8 | J7: =$D$7*$E$7*$B$7 -> 3275245.8 | N7: =$D$7*$E$7*$B$7 -> 3275245.8 | R7: =$D$7*$E$7*$B$7 -> 3275245.8 | V7: =$D$7*$E$7*$B$7 -> 3275245.8 | BB7: =SUM(F7:BA7)*$E$12 -> 33407507 | BC7: =ECONÓMICA!I9 -> 33407507 | BD7: =BB7-BC7 -> 0
A8: =ECONÓMICA!B10 -> Personal de Campo | B8: =ECONÓMICA!C10 -> 6 | C8: =ECONÓMICA!H10 -> 4 | D8: =ECONÓMICA!D10 -> 2416246 | E8: =ECONÓMICA!E10 -> 1 | J8: =$D$8*$E$8*$B$8 -> 14497476 | N8: =$D$8*$E$8*$B$8 -> 14497476 | R8: =$D$8*$E$8*$B$8 -> 14497476 | V8: =$D$8*$E$8*$B$8 -> 14497476 | BB8: =SUM(F8:BA8)*$E$12 -> 1.182994e+08 | BC8: =ECONÓMICA!I10 -> 1.182994e+08 | BD8: =BB8-BC8 -> 0
A9: =ECONÓMICA!B11 -> Profesional SIG | B9: =ECONÓMICA!C11 -> 1 | C9: =ECONÓMICA!H11 -> 6 | D9: =ECONÓMICA!D11 -> 3639162 | E9: =ECONÓMICA!E11 -> 0.6 | F9: =$D$9*$E$9*$B$9 -> 2183497.2 | J9: =$D$9*$E$9*$B$9 -> 2183497.2 | Z9: =$D$9*$E$9*$B$9 -> 2183497.2 | AD9: =$D$9*$E$9*$B$9 -> 2183497.2 | AL9: =$D$9*$E$9*$B$9 -> 2183497.2 | AT9: =$D$9*$E$9*$B$9 -> 2183497.2 | BB9: =SUM(F9:BA9)*$E$12 -> 26726006 | BC9: =ECONÓMICA!I11 -> 26726006 | BD9: =BB9-BC9 -> 0
A10: =ECONÓMICA!B12 -> Auxiliar administrativo | B10: =ECONÓMICA!C12 -> 1 | C10: =ECONÓMICA!H12 -> 12 | D10: =ECONÓMICA!D12 -> 2247340 | E10: =ECONÓMICA!E12 -> 0.7 | F10: =$D$10*$E$10*$B$10 -> 1573138 | J10: =$D$10*$E$10*$B$10 -> 1573138 | N10: =$D$10*$E$10*$B$10 -> 1573138 | R10: =$D$10*$E$10*$B$10 -> 1573138 | V10: =$D$10*$E$10*$B$10 -> 1573138 | Z10: =$D$10*$E$10*$B$10 -> 1573138 | AD10: =$D$10*$E$10*$B$10 -> 1573138 | AH10: =$D$10*$E$10*$B$10 -> 1573138 | AL10: =$D$10*$E$10*$B$10 -> 1573138 | AP10: =$D$10*$E$10*$B$10 -> 1573138 | AT10: =$D$10*$E$10*$B$10 -> 1573138 | AX10: =$D$10*$E$10*$B$10 -> 1573138 | BB10: =SUM(F10:BA10)*$E$12 -> 38510418 | BC10: =ECONÓMICA!I12 -> 38510418 | BD10: =BB10-BC10 -> 0
BE11: ECONÓMICA
D12: Factor Multiplicador | E12: =FM!D37 -> 2.04 | F12: =SUM(F4:I10)*$E$12 -> 40024182 | J12: =SUM(J4:M10)*$E$12 -> 69599033 | N12: =SUM(N4:Q10)*$E$12 -> 65144698 | R12: =SUM(R4:U10)*$E$12 -> 65144698 | V12: =SUM(V4:Y10)*$E$12 -> 65144698 | Z12: =SUM(Z4:AC10)*$E$12 -> 33342680 | AD12: =SUM(AD4:AG10)*$E$12 -> 33342680 | AH12: =SUM(AH4:AK10)*$E$12 -> 28888346 | AL12: =SUM(AL4:AO10)*$E$12 -> 33342680 | AP12: =SUM(AP4:AS10)*$E$12 -> 21635467 | AT12: =SUM(AT4:AW10)*$E$12 -> 26089801 | AX12: =SUM(AX4:BA10)*$E$12 -> 13173774 | BC12: =SUM(F12:BA12) -> 4.9487274e+08 | BD12: =IF(ABS(BC12-BE12)<0.001,"OK"," ERROR") -> OK | BE12: =ECONÓMICA!I13 -> 4.9487274e+08
BD13: Control 1
F14: FASE UNO (1) | J14: FASE DOS (2) | AH14: FASE TRES (3) | AP14: FASE CUATRO (4)
F15: Mes 1 | J15: Mes 2 | N15: Mes 3 | R15: Mes 4 | V15: Mes 5 | Z15: Mes 6 | AD15: Mes 7 | AH15: Mes 8 | AL15: Mes 9 | AP15: Mes 10 | AT15: Mes 11 | AX15: Mes 12
F16: 1 | G16: 2 | H16: 3 | I16: 4 | J16: 5 | K16: 6 | L16: 7 | M16: 8 | N16: 9 | O16: 10 | P16: 11 | Q16: 12 | R16: 13 | S16: 14 | T16: 15 | U16: 16 | V16: 17 | W16: 18 | X16: 19 | Y16: 20 | Z16: 21 | AA16: 22 | AB16: 23 | AC16: 24 | AD16: 25 | AE16: 26 | AF16: 27 | AG16: 28 | AH16: 29 | AI16: 30 | AJ16: 31 | AK16: 32 | AL16: 33 | AM16: 34 | AN16: 35 | AO16: 36 | AP16: 37 | AQ16: 38 | AR16: 39 | AS16: 40 | AT16: 41 | AU16: 42 | AV16: 43 | AW16: 44 | AX16: 45 | AY16: 46 | AZ16: 47 | BA16: 48
A17: =ECONÓMICA!B17 -> 2.1. Transporte | F17: ='VIÁTICOS-TRANSP'!D12 -> 7964445.4 | J17: ='VIÁTICOS-TRANSP'!D33 -> 18204447 | N17: ='VIÁTICOS-TRANSP'!E33 -> 37546671 | R17: ='VIÁTICOS-TRANSP'!F33 -> 42097783 | V17: ='VIÁTICOS-TRANSP'!D36 -> 2844444.8 | Z17: ='VIÁTICOS-TRANSP'!E36 -> 0 | AD17: ='VIÁTICOS-TRANSP'!F36 -> 2275555.8 | AH17: ='VIÁTICOS-TRANSP'!D51 -> 0 | AL17: ='VIÁTICOS-TRANSP'!E51 -> 2275555.8 | AP17: ='VIÁTICOS-TRANSP'!D64 -> 0 | AT17: ='VIÁTICOS-TRANSP'!E64 -> 2275555.8 | AX17: ='VIÁTICOS-TRANSP'!F64 -> 0 | BB17: =SUM(F17:BA17)*$E$34 -> 1.2030016e+08 | BC17: =ECONÓMICA!I17 -> 1.2030016e+08 | BD17: =BB17-BC17 -> 0
A18: =ECONÓMICA!B18 -> 2.2. Gastos de Alojamiento, Alimentación e Hidratación | F18: ='VIÁTICOS-TRANSP'!D13 -> 4480000 | J18: ='VIÁTICOS-TRANSP'!D34 -> 16960000 | N18: ='VIÁTICOS-TRANSP'!E34 -> 21120000 | R18: ='VIÁTICOS-TRANSP'!F34 -> 23680000 | V18: ='VIÁTICOS-TRANSP'!D37 -> 1600000 | Z18: ='VIÁTICOS-TRANSP'!E37 -> 0 | AD18: ='VIÁTICOS-TRANSP'!F37 -> 2560000 | AH18: ='VIÁTICOS-TRANSP'!D52 -> 0 | AL18: ='VIÁTICOS-TRANSP'!E52 -> 2560000 | AP18: ='VIÁTICOS-TRANSP'!D65 -> 0 | AT18: ='VIÁTICOS-TRANSP'!E65 -> 1920000 | AX18: ='VIÁTICOS-TRANSP'!F65 -> 0 | BB18: =SUM(F18:BA18)*$E$34 -> 78002496 | BC18: =ECONÓMICA!I18 -> 78002496 | BD18: =BB18-BC18 -> 0
A19: =ECONÓMICA!B19 -> 2.3. Logística de espacios de socialización PORH - 3 fases | AD19: =('2.3 - Socialización'!K5/'2.3 - Socialización'!E5)*4 -> 4300000 | AL19: =('2.3 - Socialización'!K5/'2.3 - Socialización'!E5)*4 -> 4300000 | AX19: =('2.3 - Socialización'!K5/'2.3 - Socialización'!E5)*4 -> 4300000 | BB19: =SUM(F19:BA19)*$E$34 -> 13437930 | BC19: =ECONÓMICA!I19 -> 13437930 | BD19: =BB19-BC19 -> 0
A20: =ECONÓMICA!B20 -> 2.4. (A) Monitoreo puntual Tiempos de Viaje | J20: ='2.4 - (A,B,C y D) LABORATORIO'!C3*'2.4 - (A,B,C y D) LABORATORIO'!E3 -> 46440000 | BB20: =SUM(F20:BA20)*$E$34 -> 48376548 | BC20: =ECONÓMICA!I20 -> 48376548 | BD20: =BB20-BC20 -> 0
A21: =ECONÓMICA!B21 -> 2.4. (B) Monitoreo puntual Matriz de agua + Aforo Molinete | J21: ='2.4 - (A,B,C y D) LABORATORIO'!$C$4*'2.4 - (A,B,C y D) LABORATORIO'!$E$4/3 -> 7012112 | N21: ='2.4 - (A,B,C y D) LABORATORIO'!$C$4*'2.4 - (A,B,C y D) LABORATORIO'!$E$4/3 -> 7012112 | Z21: ='2.4 - (A,B,C y D) LABORATORIO'!$C$4*'2.4 - (A,B,C y D) LABORATORIO'!$E$4/3 -> 7012112 | BB21: =SUM(F21:BA21)*$E$34 -> 21913551 | BC21: =ECONÓMICA!I21 -> 21913551 | BD21: =BB21-BC21 -> 0
A22: =ECONÓMICA!B22 -> 2.4. (C) Monitoreo puntual Matriz de agua + Flujo Magnético | J22: ='2.4 - (A,B,C y D) LABORATORIO'!$C$5*'2.4 - (A,B,C y D) LABORATORIO'!$E$5/3 -> 25410280 | N22: ='2.4 - (A,B,C y D) LABORATORIO'!$C$5*'2.4 - (A,B,C y D) LABORATORIO'!$E$5/3 -> 25410280 | Z22: ='2.4 - (A,B,C y D) LABORATORIO'!$C$5*'2.4 - (A,B,C y D) LABORATORIO'!$E$5/3 -> 25410280 | BB22: =SUM(F22:BA22)*$E$34 -> 79409666 | BC22: =ECONÓMICA!I22 -> 79409666 | BD22: =BB22-BC22 -> 0
A23: =ECONÓMICA!B23 -> 2.4. (D) Monitoreo puntual Matriz de agua + ADCP | J23: ='2.4 - (A,B,C y D) LABORATORIO'!$C$6*'2.4 - (A,B,C y D) LABORATORIO'!$E$6/3 -> 65780560 | N23: ='2.4 - (A,B,C y D) LABORATORIO'!$C$6*'2.4 - (A,B,C y D) LABORATORIO'!$E$6/3 -> 65780560 | Z23: ='2.4 - (A,B,C y D) LABORATORIO'!$C$6*'2.4 - (A,B,C y D) LABORATORIO'!$E$6/3 -> 65780560 | BB23: =SUM(F23:BA23)*$E$34 -> 2.0557083e+08 | BC23: =ECONÓMICA!I23 -> 2.0557083e+08 | BD23: =BB23-BC23 -> 0
A24: =ECONÓMICA!B24 -> 2.5. (A) Matriz Biota | J24: ='2.5 (A,B y C) - HIDROBIOLOGÍA'!$C$3*'2.5 (A,B y C) - HIDROBIOLOGÍA'!$E$3/2 -> 146443100 | Z24: ='2.5 (A,B y C) - HIDROBIOLOGÍA'!$C$3*'2.5 (A,B y C) - HIDROBIOLOGÍA'!$E$3/2 -> 146443100 | BB24: =SUM(F24:BA24)*$E$34 -> 3.0509955e+08 | BC24: =ECONÓMICA!I24 -> 3.0509955e+08 | BD24: =BB24-BC24 -> 0
A25: =ECONÓMICA!B25 -> 2.5. (B) Índices Hidrobiología | N25: ='2.5 (A,B y C) - HIDROBIOLOGÍA'!$C$4*'2.5 (A,B y C) - HIDROBIOLOGÍA'!$E$4/2 -> 21736948 | Z25: ='2.5 (A,B y C) - HIDROBIOLOGÍA'!$C$4*'2.5 (A,B y C) - HIDROBIOLOGÍA'!$E$4/2 -> 21736948 | BB25: =SUM(F25:BA25)*$E$34 -> 45286757 | BC25: =ECONÓMICA!I25 -> 45286757 | BD25: =BB25-BC25 -> 0
A26: =ECONÓMICA!B26 -> 2.5. (C) Informe | N26: ='2.5 (A,B y C) - HIDROBIOLOGÍA'!$C$5*'2.5 (A,B y C) - HIDROBIOLOGÍA'!$E$5/2 -> 10000000 | Z26: ='2.5 (A,B y C) - HIDROBIOLOGÍA'!$C$5*'2.5 (A,B y C) - HIDROBIOLOGÍA'!$E$5/2 -> 10000000 | BB26: =SUM(F26:BA26)*$E$34 -> 20834000 | BC26: =ECONÓMICA!I26 -> 20834000 | BD26: =BB26-BC26 -> 0
A27: =ECONÓMICA!B27 -> 2.6. Monitoreo de Vertimiento | J27: ='2.6 - LABORATORIO - VTOs'!C5*'2.6 - LABORATORIO - VTOs'!E5 -> 41684364 | BB27: =SUM(F27:BA27)*$E$34 -> 43422602 | BC27: =ECONÓMICA!I27 -> 43422602 | BD27: =BB27-BC27 -> 0
A28: =ECONÓMICA!B28 -> 2.7. (A) Logística Monitoreo Agua Residual | J28: ='2.7 - (A,B y C) logis_Monitoreo'!C3*'2.7 - (A,B y C) logis_Monitoreo'!D3 -> 34202997 | BB28: =SUM(F28:BA28)*$E$34 -> 35629262 | BC28: =ECONÓMICA!I28 -> 35629262 | BD28: =BB28-BC28 -> 0
A29: =ECONÓMICA!B29 -> 2.7. (B) Logística Monitoreo Biota | J29: =('2.7 - (A,B y C) logis_Monitoreo'!C4*'2.7 - (A,B y C) logis_Monitoreo'!D4+'2.7 - (A,B y C) logis_Monitoreo'!C5*'2.7 - (A,B y C) logis_Monitoreo'!D5)/2 -> 66624000 | Z29: =('2.7 - (A,B y C) logis_Monitoreo'!C4*'2.7 - (A,B y C) logis_Monitoreo'!D4+'2.7 - (A,B y C) logis_Monitoreo'!C5*'2.7 - (A,B y C) logis_Monitoreo'!D5)/2 -> 66624000 | BB29: =SUM(F29:BA29)*$E$34 -> 1.3880444e+08 | BC29: =ECONÓMICA!I29 -> 1.3880444e+08 | BD29: =BB29-BC29 -> 0
A30: =ECONÓMICA!B30 -> 2.7. (C) Logística Monitoreo Agua Superficial | J30: =('2.7 - (A,B y C) logis_Monitoreo'!C6*'2.7 - (A,B y C) logis_Monitoreo'!D6+'2.7 - (A,B y C) logis_Monitoreo'!C7*'2.7 - (A,B y C) logis_Monitoreo'!D7)/2 -> 98743992 | Z30: =('2.7 - (A,B y C) logis_Monitoreo'!C6*'2.7 - (A,B y C) logis_Monitoreo'!D6+'2.7 - (A,B y C) logis_Monitoreo'!C7*'2.7 - (A,B y C) logis_Monitoreo'!D7)/2 -> 98743992 | BB30: =SUM(F30:BA30)*$E$34 -> 2.0572323e+08 | BC30: =ECONÓMICA!I30 -> 2.0572323e+08 | BD30: =BB30-BC30 -> 0
A31: =ECONÓMICA!B31 -> 2.8. Hidrología (Oferta, Demanda e Indicadores) | N31: =('2.8 - Ofer-Deman-Ind'!H3+'2.8 - Ofer-Deman-Ind'!H4+'2.8 - Ofer-Deman-Ind'!H5+'2.8 - Ofer-Deman-Ind'!H9)/5 -> 12400000 | R31: =('2.8 - Ofer-Deman-Ind'!H3+'2.8 - Ofer-Deman-Ind'!H4+'2.8 - Ofer-Deman-Ind'!H5+'2.8 - Ofer-Deman-Ind'!H9)/5 -> 12400000 | V31: =('2.8 - Ofer-Deman-Ind'!H3+'2.8 - Ofer-Deman-Ind'!H4+'2.8 - Ofer-Deman-Ind'!H5+'2.8 - Ofer-Deman-Ind'!H9)/5 -> 12400000 | Z31: =('2.8 - Ofer-Deman-Ind'!H3+'2.8 - Ofer-Deman-Ind'!H4+'2.8 - Ofer-Deman-Ind'!H5+'2.8 - Ofer-Deman-Ind'!H9)/5 -> 12400000 | AD31: =('2.8 - Ofer-Deman-Ind'!H3+'2.8 - Ofer-Deman-Ind'!H4+'2.8 - Ofer-Deman-Ind'!H5+'2.8 - Ofer-Deman-Ind'!H9)/5 -> 12400000 | AH31: ='2.8 - Ofer-Deman-Ind'!H10/2 -> 2500000 | AL31: ='2.8 - Ofer-Deman-Ind'!H10/2 -> 2500000 | BB31: =SUM(F31:BA31)*$E$34 -> 69793900 | BC31: =ECONÓMICA!I31 -> 69793900 | BD31: =BB31-BC31 -> 0
A32: =ECONÓMICA!B32 -> 2.9. Determinación de zonas de recarga hídrica | V32: ='2.9 - Zonas de Recarga'!H4/2 -> 7500000 | Z32: ='2.9 - Zonas de Recarga'!H4/2 -> 7500000 | BB32: =SUM(F32:BA32)*$E$34 -> 15625500 | BC32: =ECONÓMICA!I32 -> 15625500 | BD32: =BB32-BC32 -> 0
A33: =ECONÓMICA!B33 -> 2.10. Impresión y publicaciones medios | AX33: ='2.10 - Impresiones'!I8 -> 6409115.3 | BB33: =SUM(F33:BA33)*$E$34 -> 6676375.4 | BC33: =ECONÓMICA!I33 -> 6676375.4 | BD33: =BB33-BC33 -> 0
D34: Factor Multiplicador | E34: =FM!D48 -> 1.0417 | F34: =SUM(F17:I33)*E34 -> 12963379 | J34: =SUM(J17:M33)*$E$34 -> 5.9117085e+08 | N34: =SUM(N17:Q33)*$E$34 -> 2.0938855e+08 | R34: =SUM(R17:U33)*$E$34 -> 81437796 | V34: =SUM(V17:Y33)*$E$34 -> 25359608 | Z34: =SUM(Z17:AC33)*$E$34 -> 4.8090184e+08 | AD34: =SUM(AD17:AG33)*$E$34 -> 22433589 | AH34: =SUM(AH17:AK33)*$E$34 -> 2604250 | AL34: =SUM(AL17:AO33)*$E$34 -> 12120759 | AP34: =SUM(AP17:AS33)*$E$34 -> 0 | AT34: =SUM(AT17:AW33)*$E$34 -> 4370510.5 | AX34: =SUM(AX17:BA33)*$E$34 -> 11155685 | BB34: =SUM(BB17:BB33) -> 1.4539068e+09 | BC34: =ECONÓMICA!I34 -> 1.4539068e+09 | BD34: =BB34-BC34 -> 0
BD35: =IF(ABS(BB34-BC34)<0.001,"OK"," ERROR") -> OK
BD36: Control 2
A37: FASE UNO | D37: =SUM(F12)+SUM(F34) -> 52987560 | E37: =D37/$D$41 -> 0.027190126
A38: FASE DOS | D38: =SUM(J12:AG12)+SUM(J34:AG34) -> 1.7424107e+09 | E38: =D38/$D$41 -> 0.89410355
A39: FASE TRES | D39: =ROUND(SUM(AH12:AO12)+SUM(AH34:AO34),4) -> 76956035 | E39: =ROUND(D39/$D$41,4) -> 0.0395
A40: FASE CUATRO | D40: =ROUND(SUM(AP12:BA12)+SUM(AP34:BA34),4) -> 76425238 | E40: =ROUND((D40/$D$41),4) -> 0.0392
D41: =ROUND(SUM(D37:D40),0) -> 1948779543 | E41: =ROUND(SUM(E37:E39),0) -> 1
D42: =ECONÓMICA!H36 -> 1948779543 | E42: =IF(ABS(D42-D41)<0.001,"OK"," ERROR") -> OK
E43: Control 3
E45: Plan de Cargas | F45: =SUM(F12) -> 40024182 | J45: =F17*E34 -> 8296562.8 | N45: =F18*E34 -> 4666816
A46: FASE 1. Declaratoria y Acciones Previas | E46: =SUM('PLAN DE CARGAS'!C4:F66) -> 16.76 | F46: Profesionales | J46: Transporte | N46: Viáticos
A47: Localización del cuerpo de agua | D47: =SUM(F47:BB47) -> 1862700.6 | E47: =SUM('PLAN DE CARGAS'!C4:F10)/E46 -> 0.046539379 | F47: =E47*$F$45 -> 1862700.6 | BC47: =D47/$D$56 -> 0.035153545 | BD47: =$E$37*BC47 -> 0.0009558293
A48: Alistamiento Institucional | D48: =SUM(F48:BB48) -> 5826909.5 | E48: =SUM('PLAN DE CARGAS'!C11:F17)/E46 -> 0.14558473 | F48: =E48*$F$45 -> 5826909.5 | BC48: =D48/$D$56 -> 0.1099675 | BD48: =$E$37*BC48 -> 0.0029900301
A49: Identificación de actores relevantes para el ordenamiento | D49: =SUM(F49:BB49) -> 8702601.6 | E49: =SUM('PLAN DE CARGAS'!C18:F24)/E46 -> 0.05548926 | F49: =E49*$F$45 -> 2220912.2 | J49: =J45/J57 -> 4148281.4 | N49: =N45/N57 -> 2333408 | BC49: =D49/$D$56 -> 0.16423858 | BD49: =$E$37*BC49 -> 0.0044656676
A50: Recopilación de información de instrumentos existentes | D50: =SUM(F50:BB50) -> 6877663.7 | E50: =SUM('PLAN DE CARGAS'!C25:F31)/E46 -> 0.17183771 | F50: =E50*$F$45 -> 6877663.7 | BC50: =D50/$D$56 -> 0.1297977 | BD50: =$E$37*BC50 -> 0.0035292159
A51: Recopilación de información de redes hidrometeorológicas hidrobiológicas y de calidad | D51: =SUM(F51:BB51) -> 2101508.3 | E51: =SUM('PLAN DE CARGAS'!C32:F38)/E46 -> 0.052505967 | F51: =E51*$F$45 -> 2101508.3 | BC51: =D51/$D$56 -> 0.03966041 | BD51: =$E$37*BC51 -> 0.0010783715
A52: Identificación preliminar de usuarios y clasificación de los usos actuales | D52: =SUM(F52:BB52) -> 3223904.8 | E52: =SUM('PLAN DE CARGAS'!C39:F45)/E46 -> 0.080548926 | F52: =E52*$F$45 -> 3223904.8 | BC52: =D52/$D$56 -> 0.060842674 | BD52: =$E$37*BC52 -> 0.0016543199
A53: Revisión de información asociada a los conflictos por uso del recurso hídrico | D53: =SUM(F53:BB53) -> 3080620.2 | E53: =SUM('PLAN DE CARGAS'!C46:F52)/E46 -> 0.076968974 | F53: =E53*$F$45 -> 3080620.2 | BC53: =D53/$D$56 -> 0.058138555 | BD53: =$E$37*BC53 -> 0.0015807946
A54: Prediseño del plan de monitoreo de calidad y cantidad del recurso hídrico | D54: =SUM(F54:BB54) -> 11281725 | E54: =SUM('PLAN DE CARGAS'!C53:F59)/E46 -> 0.1199284 | F54: =E54*$F$45 -> 4800036.1 | J54: =J45/J57 -> 4148281.4 | N54: =N45/N57 -> 2333408 | BC54: =D54/$D$56 -> 0.21291272 | BD54: =$E$37*BC54 -> 0.0057891235
A55: Elaboración del plan de trabajo detallado | D55: =SUM(F55:BB55) -> 10029926 | E55: =SUM('PLAN DE CARGAS'!C60:F66)/E46 -> 0.25059666 | F55: =E55*$F$45 -> 10029926 | BC55: =D55/$D$56 -> 0.18928832 | BD55: =$E$37*BC55 -> 0.0051467731
D56: =SUM(D47:D55) -> 52987560 | E56: =SUM(E47:E55) -> 1 | F56: =SUM(F47:I55) -> 40024182 | J56: =SUM(J47:M55) -> 8296562.8 | N56: =SUM(N47:Q55) -> 4666816 | R56: =SUM(R47:U55) -> 0 | V56: =SUM(V47:Y55) -> 0 | Z56: =SUM(Z47:AC55) -> 0 | AD56: =SUM(AD47:AG55) -> 0 | AH56: =SUM(AH47:AK55) -> 0 | AL56: =SUM(AL47:AO55) -> 0 | AP56: =SUM(AP47:AS55) -> 0 | AT56: =SUM(AT47:AW55) -> 0 | AX56: =SUM(AX47:BA55) -> 0 | BB56: =SUM(BB47:BB56) -> 0 | BC56: =SUM(BC47:BC55) -> 1 | BD56: =SUM(BD47:BD55) -> 0.027190126 | BE56: =IF(ABS(BD56-E37)<0.001,"OK"," ERROR") -> OK
J57: 2 | N57: 2 | BE57: Control 4
A59: FASE 2. Diagnóstico | E59: Plan de Cargas | F59: =SUM(J12:AG12) -> 3.3171849e+08 | J59: =SUM(J17:AG17)*E34 -> 1.072627e+08 | N59: =SUM(J18:AG18)*E34 -> 68668864 | R59: =J20*E34 -> 48376548 | V59: =SUM(J21:AC23)*E34+SUM(J30:AC30)*E34 -> 5.1261728e+08 | AD59: =SUM(J24:AC26)*E34+SUM(J29:AC29)*E34 -> 5.1002475e+08 | AH59: =SUM(J27:M28)*E34 -> 79051864 | AL59: =SUM(N31:AG31)*E34 -> 64585400 | AP59: =SUM(V32:AC32)*E34 -> 15625500 | AT59: =AD19*E34 -> 4479310
A60: Caracterización Inicial | E60: =SUM('PLAN DE CARGAS'!G67:AD185) -> 102.44 | F60: Profesionales | J60: Transporte | N60: Viáticos | R60: Tiempos de Viaje | V60: Monitoreo FQ | Z60: Sedimentos - N.A. | AD60: Monitoreo Hidrobi | AH60: Monitoreo Vtos | AL60: Ofert_Deman_Ind. | AP60: Zonas_Recarga | AT60: Socialización
A61: Paso 1. Diseño e implementación del proceso de participación | D61: =SUM(F61:BB61) -> 26878853 | E61: =SUM('PLAN DE CARGAS'!G67:AX73)/E60 -> 0.039828192 | F61: =E61*$F$59 -> 13211748 | J61: ='VIÁTICOS-TRANSP'!E19*'VIÁTICOS-TRANSP'!B33*E34 -> 10667009 | N61: ='VIÁTICOS-TRANSP'!F19*'VIÁTICOS-TRANSP'!B34*E34 -> 3000096 | BC61: =D61/$D$80 -> 0.015426244 | BD61: =$E$38*BC61 -> 0.01379266
A62: Paso 2. Definición de los tramos o sectores de análisis | D62: =SUM(F62:BB62) -> 9649756.9 | E62: =SUM('PLAN DE CARGAS'!G74:AX80)/E60 -> 0.029090199 | F62: =E62*$F$59 -> 9649756.9 | BC62: =D62/$D$80 -> 0.0055381644 | BD62: =$E$38*BC62 -> 0.0049516924
A63: Paso 3. Definición para la estructura conceptual para la modelación de calidad del agua | D63: =SUM(F63:BB63) -> 63322985 | E63: =SUM('PLAN DE CARGAS'!G81:AX87)/E60 -> 0.028309254 | F63: =E63*$F$59 -> 9390703 | J63: ='VIÁTICOS-TRANSP'!E20*'VIÁTICOS-TRANSP'!B33*E34 -> 3555669.8 | N63: ='VIÁTICOS-TRANSP'!F20*'VIÁTICOS-TRANSP'!B34*E34 -> 2000064 | R63: ='2.4 - (A,B,C y D) LABORATORIO'!C3*'2.4 - (A,B,C y D) LABORATORIO'!E3*E34 -> 48376548 | BC63: =D63/$D$80 -> 0.036342169 | BD63: =$E$38*BC63 -> 0.032493663
A64: Trabajo de campo
A65: Paso 1. Censo de usuarios y consolidación de información | D65: =SUM(F65:BB65) -> 2.2289532e+08 | E65: =SUM('PLAN DE CARGAS'!G88:AX94)/E60 -> 0.27333073 | F65: =E65*$F$59 -> 90668857 | J65: ='VIÁTICOS-TRANSP'!E23*'VIÁTICOS-TRANSP'!B33*E34 -> 78224735 | N65: =('VIÁTICOS-TRANSP'!F22+'VIÁTICOS-TRANSP'!F23)*'VIÁTICOS-TRANSP'!B34*E34 -> 54001728 | BC65: =D65/$D$80 -> 0.12792352 | BD65: =$E$38*BC65 -> 0.11437688
A66: Paso 2. Diseño y ejecución del plan de monitoreo | D66: =SUM(F66:BB66) -> 1.1522586e+09 | E66: =SUM('PLAN DE CARGAS'!G95:AX101)/E60 -> 0.1077704 | F66: =E66*$F$59 -> 35749435 | J66: ='VIÁTICOS-TRANSP'!E24*'VIÁTICOS-TRANSP'!B33*E34 -> 9481786 | N66: ='VIÁTICOS-TRANSP'!F24*'VIÁTICOS-TRANSP'!B34*E34 -> 5333504 | V66: =(('2.4 - (A,B,C y D) LABORATORIO'!C4*'2.4 - (A,B,C y D) LABORATORIO'!E4+'2.4 - (A,B,C y D) LABORATORIO'!C5*'2.4 - (A,B,C y D) LABORATORIO'!E5+'2.4 - (A,B,C y D) LABORATORIO'!C6*'2.4 - (A,B,C y D) LABORATORIO'!E6)+('2.7 - (A,B y C) logis_Monitoreo'!C6*'2.7 - (A,B y C) logis_Monitoreo'!D6+'2.7 - (A,B y C) logis_Monitoreo'!C7*'2.7 - (A,B y C) logis_Monitoreo'!D7))*E34 -> 5.1261728e+08 | AD66: =('2.5 (A,B y C) - HIDROBIOLOGÍA'!C3*'2.5 (A,B y C) - HIDROBIOLOGÍA'!E3+'2.5 (A,B y C) - HIDROBIOLOGÍA'!C4*'2.5 (A,B y C) - HIDROBIOLOGÍA'!E4+'2.5 (A,B y C) - HIDROBIOLOGÍA'!C5*'2.5 (A,B y C) - HIDROBIOLOGÍA'!E5)*E34+('2.7 - (A,B y C) logis_Monitoreo'!C4*'2.7 - (A,B y C) logis_Monitoreo'!D4+'2.7 - (A,B y C) logis_Monitoreo'!C5*'2.7 - (A,B y C) logis_Monitoreo'!D5)*DISTRIBUCIÓN!E34 -> 5.1002475e+08 | AH66: =('2.6 - LABORATORIO - VTOs'!C5*'2.6 - LABORATORIO - VTOs'!E5+'2.7 - (A,B y C) logis_Monitoreo'!C3*'2.7 - (A,B y C) logis_Monitoreo'!D3)*DISTRIBUCIÓN!E34 -> 79051864 | BC66: =D66/$D$80 -> 0.66130139 | BD66: =$E$38*BC66 -> 0.59127192
A67: Construcción de línea base
A68: Paso 1. Consolidación de usos existentes del recurso hídrico | D68: =SUM(F68:BB68) -> 5569658.3 | E68: =SUM('PLAN DE CARGAS'!G102:AX108)/E60 -> 0.016790316 | F68: =E68*$F$59 -> 5569658.3 | BC68: =D68/$D$80 -> 0.0031965244 | BD68: =$E$38*BC68 -> 0.0028580238
A69: Paso 2. Estimación de la oferta hídrica total y oferta hídrica total disponible e indicadores de estado | D69: =SUM(F69:BB69) -> 42065449 | E69: =SUM('PLAN DE CARGAS'!G109:AX115)/E60 -> 0.070285045 | F69: =E69*$F$59 -> 23314849 | AL69: =('2.8 - Ofer-Deman-Ind'!H3)*E34 -> 18750600 | BC69: =D69/$D$80 -> 0.024142097 | BD69: =$E$38*BC69 -> 0.021585535
A70: Paso 3. Identificación de zonas de recarga del acuífero o interacciones con las aguas superficiales | D70: =SUM(F70:BB70) -> 24659194 | E70: =SUM('PLAN DE CARGAS'!G116:AX122)/E60 -> 0.013276064 | F70: =E70*$F$59 -> 4403915.9 | J70: ='VIÁTICOS-TRANSP'!E26*'VIÁTICOS-TRANSP'!B51*E34 -> 2963058.1 | N70: ='VIÁTICOS-TRANSP'!F26*'VIÁTICOS-TRANSP'!B34*E34 -> 1666720 | AP70: ='2.9 - Zonas de Recarga'!I4*E34 -> 15625500 | BC70: =D70/$D$80 -> 0.014152343 | BD70: =$E$38*BC70 -> 0.01265366
A71: Paso 4. Elaboración de perfiles de calidad actual de cada cuerpo de agua | D71: =SUM(F71:BB71) -> 9844047.3 | E71: =SUM('PLAN DE CARGAS'!G123:AX129)/E60 -> 0.029675908 | F71: =E71*$F$59 -> 9844047.3 | BC71: =D71/$D$80 -> 0.005649671 | BD71: =$E$38*BC71 -> 0.0050513909
A72: Paso 5. Estimación de indicadores de calidad de agua | D72: =SUM(F72:BB72) -> 9455466.5 | E72: =SUM('PLAN DE CARGAS'!G130:AX136)/E60 -> 0.02850449 | F72: =E72*$F$59 -> 9455466.5 | BC72: =D72/$D$80 -> 0.0054266577 | BD72: =$E$38*BC72 -> 0.0048519939
A73: Paso 6. Clasificación de los usos actuales | D73: =SUM(F73:BB73) -> 7771616.3 | E73: =SUM('PLAN DE CARGAS'!G137:AX143)/E60 -> 0.023428348 | F73: =E73*$F$59 -> 7771616.3 | BC73: =D73/$D$80 -> 0.0044602666 | BD73: =$E$38*BC73 -> 0.0039879402
A74: Paso 7. Estudio de demanda de agua | D74: =SUM(F74:BB74) -> 28098478 | E74: =SUM('PLAN DE CARGAS'!G144:AX150)/E60 -> 0.015618899 | F74: =E74*$F$59 -> 5181077.5 | AL74: =('2.8 - Ofer-Deman-Ind'!H9)*DISTRIBUCIÓN!E34 -> 22917400 | BC74: =D74/$D$80 -> 0.016126208 | BD74: =$E$38*BC74 -> 0.0144185
A75: Paso 8. Indicadores de presión sobre el recurso hídrico superficial | D75: =SUM(F75:BB75) -> 11701300 | E75: =SUM('PLAN DE CARGAS'!G151:AX157)/E60 -> 0.010152284 | F75: =E75*$F$59 -> 3367700.4 | AL75: ='2.8 - Ofer-Deman-Ind'!H4*E34 -> 8333600 | BC75: =D75/$D$80 -> 0.0067155811 | BD75: =$E$38*BC75 -> 0.0060044249
A76: Paso 9. Estimación cualitativa del riesgo | D76: =SUM(F76:BB76) -> 18599135 | E76: =SUM('PLAN DE CARGAS'!G158:AX164)/E60 -> 0.012104647 | F76: =E76*$F$59 -> 4015335.1 | AL76: ='2.8 - Ofer-Deman-Ind'!H5*E34 -> 14583800 | BC76: =D76/$D$80 -> 0.010674369 | BD76: =$E$38*BC76 -> 0.0095439913
A77: Paso 10. Análisis de problemáticas y conflictos derivados del recurso hídrico | D77: =SUM(F77:BB77) -> 32640788 | E77: =SUM('PLAN DE CARGAS'!G165:AX171)/E60 -> 0.098399063 | F77: =E77*$F$59 -> 32640788 | BC77: =D77/$D$80 -> 0.01873312 | BD77: =$E$38*BC77 -> 0.016749349
A78: Paso 11. Sistematización de la información resultado de la fase de diagnóstico | D78: =SUM(F78:BB78) -> 63079619 | E78: =SUM('PLAN DE CARGAS'!G172:AX178)/E60 -> 0.19016009 | F78: =E78*$F$59 -> 63079619 | BC78: =D78/$D$80 -> 0.036202497 | BD78: =$E$38*BC78 -> 0.032368781
A79: Paso 12. Socialización de los resultados de la fase de diagnóstico | D79: =SUM(F79:BB79) -> 13920424 | E79: =SUM('PLAN DE CARGAS'!G179:AX185)/E60 -> 0.013276064 | F79: =E79*$F$59 -> 4403915.9 | J79: ='VIÁTICOS-TRANSP'!E27*'VIÁTICOS-TRANSP'!B33*E34 -> 2370446.5 | N79: ='VIÁTICOS-TRANSP'!F27*'VIÁTICOS-TRANSP'!B34*E34 -> 2666752 | AT79: ='2.3 - Socialización'!J5*4*E34 -> 4479310 | BC79: =D79/$D$80 -> 0.0079891752 | BD79: =$E$38*BC79 -> 0.0071431499
D80: =SUM(D61:D79) -> 1.7424107e+09 | E80: =SUM(E61:E79) -> 1 | F80: =ROUND(SUM(F61:I79),4) -> 3.3171849e+08 | J80: =SUM(J61:M79) -> 1.072627e+08 | N80: =SUM(N61:Q79) -> 68668864 | R80: =SUM(R61:U79) -> 48376548 | V80: =SUM(V61:Y79) -> 5.1261728e+08 | Z80: =SUM(Z61:AC79) -> 0 | AD80: =SUM(AD61:AG79) -> 5.1002475e+08 | AH80: =SUM(AH61:AK79) -> 79051864 | AL80: =SUM(AL61:AO79) -> 64585400 | AP80: =SUM(AP61:AS79) -> 15625500 | AT80: =SUM(AT61:AW79) -> 4479310 | AX80: =SUM(AX61:BA79) -> 0 | BB80: =SUM(BB61:BB79) -> 0 | BC80: =SUM(BC61:BC79) -> 1 | BD80: =SUM(BD61:BD79) -> 0.89410355 | BE80: =IF(ABS(BD80-E38)<0.001,"OK"," ERROR") -> OK
R81: 1 | V81: 1 | Z81: 1 | BE81: Control 5
D82: =D38-D80 -> 0
E84: Plan de Cargas | F84: =SUM(AH12:AO12) -> 62231026 | J84: =SUM(AH17:AO17)*E34 -> 2370446.5 | N84: =SUM(AH18:AO18)*E34 -> 2666752 | R84: =SUM(AH31:AO31)*E34 -> 5208500 | V84: =AL19*E34 -> 4479310
A85: FASE 3. Identificación de usos potenciales | E85: =SUM('PLAN DE CARGAS'!AE186:AL220) -> 24 | F85: Profesionales | J85: Transporte | N85: Viáticos | R85: Proyección Demanda | V85: Socialización | Z85: Sedimentos - N.A.
A86: Paso 1: Proyección de la demanda de agua | D86: =SUM(F86:BB86) -> 21596004 | E86: =SUM('PLAN DE CARGAS'!AE186:AX192)/E85 -> 0.26333333 | F86: =E86*F84 -> 16387504 | R86: ='2.8 - Ofer-Deman-Ind'!H10*E34 -> 5208500 | BC86: =D86/$D$91 -> 0.28138629 | BD86: =$E$39*BC86 -> 0.011114759
A87: Paso 2: Modelación de la calidad del agua y simulación de escenarios | D87: =SUM(F87:BB87) -> 11409021 | E87: =SUM('PLAN DE CARGAS'!AE193:AX198)/E85 -> 0.18333333 | F87: =E87*F84 -> 11409021 | BC87: =D87/$D$91 -> 0.14865446 | BD87: =$E$39*BC87 -> 0.0058718512
A88: Paso 3: Clasificación del cuerpo de agua e identificación de usos potenciales | D88: =SUM(F88:BB88) -> 18046998 | E88: =SUM('PLAN DE CARGAS'!AE200:AX207)/E85 -> 0.29 | F88: =E88*F84 -> 18046998 | BC88: =D88/$D$91 -> 0.23514433 | BD88: =$E$39*BC88 -> 0.009288201
A89: Paso 4. Estimación cualitativa de riesgos asociados a reducción de la oferta y disponibilidad del recurso hídrico | D89: =SUM(F89:BB89) -> 14520573 | E89: =SUM('PLAN DE CARGAS'!AE207:AL213)/E85 -> 0.23333333 | F89: =E89*F84 -> 14520573 | BC89: =D89/$D$91 -> 0.18919659 | BD89: =$E$39*BC89 -> 0.0074732652
A90: Paso 5. Socialización de los resultados de la fase de Usos Potenciales | D90: =SUM(F90:BB90) -> 11176003 | E90: =SUM('PLAN DE CARGAS'!AE214:AL220)/E85 -> 0.026666667 | F90: =E90*F84 -> 1659494 | J90: ='VIÁTICOS-TRANSP'!E43*'VIÁTICOS-TRANSP'!B51*E34 -> 2370446.5 | N90: ='VIÁTICOS-TRANSP'!F43*'VIÁTICOS-TRANSP'!B52*E34 -> 2666752 | V90: ='2.3 - Socialización'!J5*4*E34 -> 4479310 | BC90: =D90/$D$91 -> 0.14561833 | BD90: =$E$39*BC90 -> 0.005751924
D91: =ROUND(SUM(D86:D90),4) -> 76748598 | E91: =SUM(E86:E90) -> 0.99666667 | F91: =ROUND(SUM(F86:I90),4) -> 62023589 | J91: =SUM(J86:M90) -> 2370446.5 | N91: =SUM(N86:Q90) -> 2666752 | R91: =SUM(R86:U90) -> 5208500 | V91: =SUM(V86:Y90) -> 4479310 | Z91: =SUM(Z86:AC90) -> 0 | BC91: =SUM(BC86:BC90) -> 1 | BD91: =ROUND(SUM(BD86:BD90),4) -> 0.0395 | BE91: =IF(ABS(BD91-E39)<0.001,"OK"," ERROR") -> OK
BE92: Control 5
A95: FASE 4. Elaboración del plan | E95: Plan de Cargas | F95: =SUM(AP12:BA12) -> 60899042 | J95: =SUM(AP17:BA17)*E34 -> 2370446.5 | N95: =SUM(AP18:BA18)*E34 -> 2000064 | R95: =AX19*E34 -> 4479310 | V95: =AX33*E34 -> 6676375.4
E96: =SUM('PLAN DE CARGAS'!AM221:AX290) -> 24.8 | F96: Profesionales | J96: Transporte | N96: Viáticos | R96: Socializaciones | V96: Impresiones
A97: Paso 1: Definición o ajuste de objetivos y criterios de calidad por uso | D97: =SUM(F97:BB97) -> 4125419 | E97: =SUM('PLAN DE CARGAS'!AM221:AX227)/E96 -> 0.067741935 | F97: =E97*F95 -> 4125419 | BC97: =D97/$D$107 -> 0.053979799 | BD97: =$E$40*BC97 -> 0.0021160081
A98: Paso 2: Definición de prohibiciones y condicionamientos | D98: =SUM(F98:BB98) -> 4125419 | E98: =SUM('PLAN DE CARGAS'!AM228:AX234)/E96 -> 0.067741935 | F98: =E98*F95 -> 4125419 | BC98: =D98/$D$107 -> 0.053979799 | BD98: =$E$40*BC98 -> 0.0021160081
A99: Paso 3: Definición o ajuste de metas quinquenales de reducción de cargas contaminantes | D99: =SUM(F99:BB99) -> 4125419 | E99: =SUM('PLAN DE CARGAS'!AM235:AX241)/E96 -> 0.067741935 | F99: =E99*F95 -> 4125419 | BC99: =D99/$D$107 -> 0.053979799 | BD99: =$E$40*BC99 -> 0.0021160081
A100: Paso 4. Articulación con el POMCA | D100: =SUM(F100:BB100) -> 4125419 | E100: =SUM('PLAN DE CARGAS'!AM242:AX248)/E96 -> 0.067741935 | F100: =E100*F95 -> 4125419 | BC100: =D100/$D$107 -> 0.053979799 | BD100: =$E$40*BC100 -> 0.0021160081
A101: Paso 5: Articulación con otros instrumentos | D101: =SUM(F101:BB101) -> 4125419 | E101: =SUM('PLAN DE CARGAS'!AM249:AP255)/E96 -> 0.067741935 | F101: =E101*F95 -> 4125419 | BC101: =D101/$D$107 -> 0.053979799 | BD101: =$E$40*BC101 -> 0.0021160081
A102: Paso 6: Elaboración del programa de seguimiento y monitoreo al recurso hídrico | D102: =SUM(F102:BB102) -> 6581025.5 | E102: =SUM('PLAN DE CARGAS'!AM256:AX262)/E96 -> 0.10806452 | F102: =E102*F95 -> 6581025.5 | BC102: =D102/$D$107 -> 0.086110631 | BD102: =$E$40*BC102 -> 0.0033755368
A103: Paso 7: Estructuración de proyectos y actividades | D103: =SUM(F103:BB103) -> 6482801.2 | E103: =SUM('PLAN DE CARGAS'!AM263:AX269)/E96 -> 0.10645161 | F103: =E103*F95 -> 6482801.2 | BC103: =D103/$D$107 -> 0.084825398 | BD103: =$E$40*BC103 -> 0.0033251556
A104: Paso 8: Elaboración de informes | D104: =SUM(F104:BB104) -> 6777474 | E104: =SUM('PLAN DE CARGAS'!AM270:AX276)/E96 -> 0.11129032 | F104: =E104*F95 -> 6777474 | BC104: =D104/$D$107 -> 0.088681098 | BD104: =$E$40*BC104 -> 0.003476299
A105: Paso 9: Socialización del PORH | D105: =SUM(F105:BB105) -> 11158560 | E105: =SUM('PLAN DE CARGAS'!AM277:AX283)/E96 -> 0.10967742 | F105: =E105*F95 -> 6679249.7 | R105: ='2.3 - Socialización'!J5*4*E34 -> 4479310 | BC105: =D105/$D$107 -> 0.14600622 | BD105: =$E$40*BC105 -> 0.0057234437
...

Sheet PLAN DE CARGAS
A1: PLAN DE CARGAS
A2: ITEM | B2: PROFESIONAL | C2: MES 1 | G2: MES 2 | K2: MES 3 | O2: MES 4 | S2: MES 5 | W2: MES 6 | AA2: MES 7 | AE2: MES 8 | AI2: MES 9 | AM2: MES 10 | AQ2: MES 11 | AU2: MES 12 | AY2: Mes desarrollo | AZ2: % Ocupación | BA2: Meses de ocupación
C3: S1 | D3: S2 | E3: S3 | F3: S4 | G3: S1 | H3: S2 | I3: S3 | J3: S4 | K3: S1 | L3: S2 | M3: S3 | N3: S4 | O3: S1 | P3: S2 | Q3: S3 | R3: S4 | S3: S1 | T3: S2 | U3: S3 | V3: S4 | W3: S1 | X3: S2 | Y3: S3 | Z3: S4 | AA3: S1 | AB3: S2 | AC3: S3 | AD3: S4 | AE3: S1 | AF3: S2 | AG3: S3 | AH3: S4 | AI3: S1 | AJ3: S2 | AK3: S3 | AL3: S4 | AM3: S1 | AN3: S2 | AO3: S3 | AP3: S4 | AQ3: S1 | AR3: S2 | AS3: S3 | AT3: S4 | AU3: S1 | AV3: S2 | AW3: S3 | AX3: S4
A4: =DISTRIBUCIÓN!A47 -> Localización del cuerpo de agua | B4: Director | C4: 0 | D4: 0.09 | E4: 0.09 | F4: 0 | AY4: 1 | AZ4: =IF(COUNTIF(B4:AX4,">0")=0,0,ROUND(SUM(B4:AX4)/COUNTIF(B4:AX4,">0"),4)) -> 0.09 | BA4: =ROUND(SUM(B4:AX4)/4,2) -> 0.05 | BB4: 1
B5: Experto en modelamiento y calidad de agua | C5: 0 | D5: 0 | E5: 0 | F5: 0 | AY5: 1 | AZ5: =IF(COUNTIF(B5:AX5,">0")=0,0,ROUND(SUM(B5:AX5)/COUNTIF(B5:AX5,">0"),4)) -> 0 | BA5: =ROUND(SUM(B5:AX5)/4,2) -> 0 | BB5: =ROUND(1/(COUNT(B5:AX5)/4),2) -> 1
B6: Experto en Hidrología | C6: 0 | D6: 0.2 | E6: 0.2 | F6: 0 | AY6: 1 | AZ6: =IF(COUNTIF(B6:AX6,">0")=0,0,ROUND(SUM(B6:AX6)/COUNTIF(B6:AX6,">0"),4)) -> 0.2 | BA6: =ROUND(SUM(B6:AX6)/4,2) -> 0.1 | BB6: =ROUND(1/(COUNT(B6:AX6)/4),2) -> 1
B7: Profesional Social | C7: 0 | D7: 0 | E7: 0 | F7: 0 | AY7: 1 | AZ7: =IF(COUNTIF(B7:AX7,">0")=0,0,ROUND(SUM(B7:AX7)/COUNTIF(B7:AX7,">0"),4)) -> 0 | BA7: =ROUND(SUM(B7:AX7)/4,2) -> 0 | BB7: =ROUND(1/(COUNT(B7:AX7)/4),2) -> 1
B8: Personal de Campo | C8: 0 | D8: 0 | E8: 0 | F8: 0 | AY8: 1 | AZ8: =IF(COUNTIF(B8:AX8,">0")=0,0,ROUND(SUM(B8:AX8)/COUNTIF(B8:AX8,">0"),4)) -> 0 | BA8: =ROUND(SUM(B8:AX8)/4,2) -> 0 | BB8: =ROUND(1/(COUNT(B8:AX8)/4),2) -> 1
B9: Profesional SIG | C9: 0 | D9: 0.1 | E9: 0.1 | F9: 0 | AY9: 1 | AZ9: =IF(COUNTIF(B9:AX9,">0")=0,0,ROUND(SUM(B9:AX9)/COUNTIF(B9:AX9,">0"),4)) -> 0.1 | BA9: =ROUND(SUM(B9:AX9)/4,2) -> 0.05 | BB9: =ROUND(1/(COUNT(B9:AX9)/4),2) -> 1
B10: Auxiliar administrativo | C10: 0 | D10: 0 | E10: 0 | F10: 0 | AY10: 1 | AZ10: =IF(COUNTIF(B10:AX10,">0")=0,0,ROUND(SUM(B10:AX10)/COUNTIF(B10:AX10,">0"),4)) -> 0 | BA10: =ROUND(SUM(B10:AX10)/4,2) -> 0 | BB10: =AVERAGE(AZ4:AZ10) -> 0.055714286
A11: =DISTRIBUCIÓN!A48 -> Alistamiento Institucional | B11: Director | C11: 0.14 | D11: 0.14 | E11: 0.14 | F11: 0.14 | AY11: 1 | AZ11: =IF(COUNTIF(B11:AX11,">0")=0,0,ROUND(SUM(B11:AX11)/COUNTIF(B11:AX11,">0"),4)) -> 0.14 | BA11: =ROUND(SUM(B11:AX11)/4,2) -> 0.14 | BB11: =ROUND(1/(COUNT(B11:AX11)/4),2) -> 1
B12: Experto en modelamiento y calidad de agua | C12: 0.09 | D12: 0.09 | E12: 0.09 | F12: 0.09 | AY12: 1 | AZ12: =IF(COUNTIF(B12:AX12,">0")=0,0,ROUND(SUM(B12:AX12)/COUNTIF(B12:AX12,">0"),4)) -> 0.09 | BA12: =ROUND(SUM(B12:AX12)/4,2) -> 0.09 | BB12: =ROUND(1/(COUNT(B12:AX12)/4),2) -> 1
B13: Experto en Hidrología | C13: 0.05 | D13: 0.05 | E13: 0.05 | F13: 0.05 | AY13: 1 | AZ13: =IF(COUNTIF(B13:AX13,">0")=0,0,ROUND(SUM(B13:AX13)/COUNTIF(B13:AX13,">0"),4)) -> 0.05 | BA13: =ROUND(SUM(B13:AX13)/4,2) -> 0.05 | BB13: =ROUND(1/(COUNT(B13:AX13)/4),2) -> 1
B14: Profesional Social | C14: 0.18 | D14: 0.18 | E14: 0.18 | F14: 0.18 | AY14: 1 | AZ14: =IF(COUNTIF(B14:AX14,">0")=0,0,ROUND(SUM(B14:AX14)/COUNTIF(B14:AX14,">0"),4)) -> 0.18 | BA14: =ROUND(SUM(B14:AX14)/4,2) -> 0.18 | BB14: =ROUND(1/(COUNT(B14:AX14)/4),2) -> 1
B15: Personal de Campo | C15: 0 | D15: 0 | E15: 0 | F15: 0 | AY15: 1 | AZ15: =IF(COUNTIF(B15:AX15,">0")=0,0,ROUND(SUM(B15:AX15)/COUNTIF(B15:AX15,">0"),4)) -> 0 | BA15: =ROUND(SUM(B15:AX15)/4,2) -> 0 | BB15: =ROUND(1/(COUNT(B15:AX15)/4),2) -> 1
B16: Profesional SIG | C16: 0 | D16: 0 | E16: 0 | F16: 0 | AY16: 1 | AZ16: =IF(COUNTIF(B16:AX16,">0")=0,0,ROUND(SUM(B16:AX16)/COUNTIF(B16:AX16,">0"),4)) -> 0 | BA16: =ROUND(SUM(B16:AX16)/4,2) -> 0 | BB16: =ROUND(1/(COUNT(B16:AX16)/4),2) -> 1
B17: Auxiliar administrativo | C17: 0.15 | D17: 0.15 | E17: 0.15 | F17: 0.15 | AY17: 1 | AZ17: =IF(COUNTIF(B17:AX17,">0")=0,0,ROUND(SUM(B17:AX17)/COUNTIF(B17:AX17,">0"),4)) -> 0.15 | BA17: =ROUND(SUM(B17:AX17)/4,2) -> 0.15 | BB17: =ROUND(1/(COUNT(B17:AX17)/4),2) -> 1
A18: =DISTRIBUCIÓN!A49 -> Identificación de actores relevantes para el ordenamiento | B18: Director | C18: 0 | D18: 0.09 | E18: 0.09 | F18: 0.09 | AY18: 1 | AZ18: =IF(COUNTIF(B18:AX18,">0")=0,0,ROUND(SUM(B18:AX18)/COUNTIF(B18:AX18,">0"),4)) -> 0.09 | BA18: =ROUND(SUM(B18:AX18)/4,2) -> 0.07 | BB18: =ROUND(1/(COUNT(B18:AX18)/4),2) -> 1
B19: Experto en modelamiento y calidad de agua | C19: 0 | D19: 0 | E19: 0 | F19: 0 | AY19: 1 | AZ19: =IF(COUNTIF(B19:AX19,">0")=0,0,ROUND(SUM(B19:AX19)/COUNTIF(B19:AX19,">0"),4)) -> 0 | BA19: =ROUND(SUM(B19:AX19)/4,2) -> 0 | BB19: =ROUND(1/(COUNT(B19:AX19)/4),2) -> 1
B20: Experto en Hidrología | C20: 0 | D20: 0 | E20: 0 | F20: 0 | AY20: 1 | AZ20: =IF(COUNTIF(B20:AX20,">0")=0,0,ROUND(SUM(B20:AX20)/COUNTIF(B20:AX20,">0"),4)) -> 0 | BA20: =ROUND(SUM(B20:AX20)/4,2) -> 0 | BB20: =ROUND(1/(COUNT(B20:AX20)/4),2) -> 1
B21: Profesional Social | C21: 0 | D21: 0.09 | E21: 0.09 | F21: 0.09 | AY21: 1 | AZ21: =IF(COUNTIF(B21:AX21,">0")=0,0,ROUND(SUM(B21:AX21)/COUNTIF(B21:AX21,">0"),4)) -> 0.09 | BA21: =ROUND(SUM(B21:AX21)/4,2) -> 0.07 | BB21: =ROUND(1/(COUNT(B21:AX21)/4),2) -> 1
B22: Personal de Campo | C22: 0 | D22: 0 | E22: 0 | F22: 0 | AY22: 1 | AZ22: =IF(COUNTIF(B22:AX22,">0")=0,0,ROUND(SUM(B22:AX22)/COUNTIF(B22:AX22,">0"),4)) -> 0 | BA22: =ROUND(SUM(B22:AX22)/4,2) -> 0 | BB22: =ROUND(1/(COUNT(B22:AX22)/4),2) -> 1
B23: Profesional SIG | C23: 0 | D23: 0 | E23: 0 | F23: 0 | AY23: 1 | AZ23: =IF(COUNTIF(B23:AX23,">0")=0,0,ROUND(SUM(B23:AX23)/COUNTIF(B23:AX23,">0"),4)) -> 0 | BA23: =ROUND(SUM(B23:AX23)/4,2) -> 0 | BB23: =ROUND(1/(COUNT(B23:AX23)/4),2) -> 1
B24: Auxiliar administrativo | C24: 0 | D24: 0.13 | E24: 0.13 | F24: 0.13 | AY24: 1 | AZ24: =IF(COUNTIF(B24:AX24,">0")=0,0,ROUND(SUM(B24:AX24)/COUNTIF(B24:AX24,">0"),4)) -> 0.13 | BA24: =ROUND(SUM(B24:AX24)/4,2) -> 0.1 | BB24: =ROUND(1/(COUNT(B24:AX24)/4),2) -> 1
A25: =DISTRIBUCIÓN!A50 -> Recopilación de información de instrumentos existentes | B25: Director | C25: 0 | D25: 0 | E25: 0 | F25: 0 | AY25: 1 | AZ25: =IF(COUNTIF(B25:AX25,">0")=0,0,ROUND(SUM(B25:AX25)/COUNTIF(B25:AX25,">0"),4)) -> 0 | BA25: =ROUND(SUM(B25:AX25)/4,2) -> 0 | BB25: =ROUND(1/(COUNT(B25:AX25)/4),2) -> 1
B26: Experto en modelamiento y calidad de agua | C26: 0 | D26: 0 | E26: 0 | F26: 0 | AY26: 1 | AZ26: =IF(COUNTIF(B26:AX26,">0")=0,0,ROUND(SUM(B26:AX26)/COUNTIF(B26:AX26,">0"),4)) -> 0 | BA26: =ROUND(SUM(B26:AX26)/4,2) -> 0 | BB26: =ROUND(1/(COUNT(B26:AX26)/4),2) -> 1
B27: Experto en Hidrología | C27: 0.05 | D27: 0.05 | E27: 0.05 | F27: 0.05 | AY27: 1 | AZ27: =IF(COUNTIF(B27:AX27,">0")=0,0,ROUND(SUM(B27:AX27)/COUNTIF(B27:AX27,">0"),4)) -> 0.05 | BA27: =ROUND(SUM(B27:AX27)/4,2) -> 0.05 | BB27: =ROUND(1/(COUNT(B27:AX27)/4),2) -> 1
B28: Profesional Social | C28: 0.33 | D28: 0.33 | E28: 0.33 | F28: 0.33 | AY28: 1 | AZ28: =IF(COUNTIF(B28:AX28,">0")=0,0,ROUND(SUM(B28:AX28)/COUNTIF(B28:AX28,">0"),4)) -> 0.33 | BA28: =ROUND(SUM(B28:AX28)/4,2) -> 0.33 | BB28: =ROUND(1/(COUNT(B28:AX28)/4),2) -> 1
B29: Personal de Campo | C29: 0 | D29: 0 | E29: 0 | F29: 0 | AY29: 1 | AZ29: =IF(COUNTIF(B29:AX29,">0")=0,0,ROUND(SUM(B29:AX29)/COUNTIF(B29:AX29,">0"),4)) -> 0 | BA29: =ROUND(SUM(B29:AX29)/4,2) -> 0 | BB29: =ROUND(1/(COUNT(B29:AX29)/4),2) -> 1
B30: Profesional SIG | C30: 0.19 | D30: 0.19 | E30: 0.19 | F30: 0.19 | AY30: 1 | AZ30: =IF(COUNTIF(B30:AX30,">0")=0,0,ROUND(SUM(B30:AX30)/COUNTIF(B30:AX30,">0"),4)) -> 0.19 | BA30: =ROUND(SUM(B30:AX30)/4,2) -> 0.19 | BB30: =ROUND(1/(COUNT(B30:AX30)/4),2) -> 1
B31: Auxiliar administrativo | C31: 0.15 | D31: 0.15 | E31: 0.15 | F31: 0.15 | AY31: 1 | AZ31: =IF(COUNTIF(B31:AX31,">0")=0,0,ROUND(SUM(B31:AX31)/COUNTIF(B31:AX31,">0"),4)) -> 0.15 | BA31: =ROUND(SUM(B31:AX31)/4,2) -> 0.15 | BB31: =ROUND(1/(COUNT(B31:AX31)/4),2) -> 1
A32: =DISTRIBUCIÓN!A51 -> Recopilación de información de redes hidrometeorológicas hidrobiológicas y de calidad | B32: Director | C32: 0 | D32: 0 | E32: 0.05 | F32: 0.05 | AY32: 1 | AZ32: =IF(COUNTIF(B32:AX32,">0")=0,0,ROUND(SUM(B32:AX32)/COUNTIF(B32:AX32,">0"),4)) -> 0.05 | BA32: =ROUND(SUM(B32:AX32)/4,2) -> 0.03 | BB32: =ROUND(1/(COUNT(B32:AX32)/4),2) -> 1
B33: Experto en modelamiento y calidad de agua | C33: 0 | D33: 0 | E33: 0.09 | F33: 0.09 | AY33: 1 | AZ33: =IF(COUNTIF(B33:AX33,">0")=0,0,ROUND(SUM(B33:AX33)/COUNTIF(B33:AX33,">0"),4)) -> 0.09 | BA33: =ROUND(SUM(B33:AX33)/4,2) -> 0.05 | BB33: =ROUND(1/(COUNT(B33:AX33)/4),2) -> 1
B34: Experto en Hidrología | C34: 0 | D34: 0 | E34: 0.25 | F34: 0.25 | AY34: 1 | AZ34: =IF(COUNTIF(B34:AX34,">0")=0,0,ROUND(SUM(B34:AX34)/COUNTIF(B34:AX34,">0"),4)) -> 0.25 | BA34: =ROUND(SUM(B34:AX34)/4,2) -> 0.13 | BB34: =ROUND(1/(COUNT(B34:AX34)/4),2) -> 1
B35: Profesional Social | C35: 0 | D35: 0 | E35: 0 | F35: 0 | AY35: 1 | AZ35: =IF(COUNTIF(B35:AX35,">0")=0,0,ROUND(SUM(B35:AX35)/COUNTIF(B35:AX35,">0"),4)) -> 0 | BA35: =ROUND(SUM(B35:AX35)/4,2) -> 0 | BB35: =ROUND(1/(COUNT(B35:AX35)/4),2) -> 1
B36: Personal de Campo | C36: 0 | D36: 0 | E36: 0 | F36: 0 | AY36: 1 | AZ36: =IF(COUNTIF(B36:AX36,">0")=0,0,ROUND(SUM(B36:AX36)/COUNTIF(B36:AX36,">0"),4)) -> 0 | BA36: =ROUND(SUM(B36:AX36)/4,2) -> 0 | BB36: =ROUND(1/(COUNT(B36:AX36)/4),2) -> 1
B37: Profesional SIG | C37: 0 | D37: 0 | E37: 0.05 | F37: 0.05 | AY37: 1 | AZ37: =IF(COUNTIF(B37:AX37,">0")=0,0,ROUND(SUM(B37:AX37)/COUNTIF(B37:AX37,">0"),4)) -> 0.05 | BA37: =ROUND(SUM(B37:AX37)/4,2) -> 0.03 | BB37: =ROUND(1/(COUNT(B37:AX37)/4),2) -> 1
B38: Auxiliar administrativo | C38: 0 | D38: 0 | E38: 0 | F38: 0 | AY38: 1 | AZ38: =IF(COUNTIF(B38:AX38,">0")=0,0,ROUND(SUM(B38:AX38)/COUNTIF(B38:AX38,">0"),4)) -> 0 | BA38: =ROUND(SUM(B38:AX38)/4,2) -> 0 | BB38: =ROUND(1/(COUNT(B38:AX38)/4),2) -> 1
A39: =DISTRIBUCIÓN!A52 -> Identificación preliminar de usuarios y clasificación de los usos actuales | B39: Director | C39: 0 | D39: 0.05 | E39: 0.05 | F39: 0.05 | AY39: 1 | AZ39: =IF(COUNTIF(B39:AX39,">0")=0,0,ROUND(SUM(B39:AX39)/COUNTIF(B39:AX39,">0"),4)) -> 0.05 | BA39: =ROUND(SUM(B39:AX39)/4,2) -> 0.04 | BB39: =ROUND(1/(COUNT(B39:AX39)/4),2) -> 1
B40: Experto en modelamiento y calidad de agua | C40: 0 | D40: 0.09 | E40: 0.09 | F40: 0.09 | AY40: 1 | AZ40: =IF(COUNTIF(B40:AX40,">0")=0,0,ROUND(SUM(B40:AX40)/COUNTIF(B40:AX40,">0"),4)) -> 0.09 | BA40: =ROUND(SUM(B40:AX40)/4,2) -> 0.07 | BB40: =ROUND(1/(COUNT(B40:AX40)/4),2) -> 1
B41: Experto en Hidrología | C41: 0 | D41: 0 | E41: 0 | F41: 0 | AY41: 1 | AZ41: =IF(COUNTIF(B41:AX41,">0")=0,0,ROUND(SUM(B41:AX41)/COUNTIF(B41:AX41,">0"),4)) -> 0 | BA41: =ROUND(SUM(B41:AX41)/4,2) -> 0 | BB41: =ROUND(1/(COUNT(B41:AX41)/4),2) -> 1
B42: Profesional Social | C42: 0 | D42: 0.16 | E42: 0.16 | F42: 0.16 | AY42: 1 | AZ42: =IF(COUNTIF(B42:AX42,">0")=0,0,ROUND(SUM(B42:AX42)/COUNTIF(B42:AX42,">0"),4)) -> 0.16 | BA42: =ROUND(SUM(B42:AX42)/4,2) -> 0.12 | BB42: =ROUND(1/(COUNT(B42:AX42)/4),2) -> 1
B43: Personal de Campo | C43: 0 | D43: 0 | E43: 0 | F43: 0 | AY43: 1 | AZ43: =IF(COUNTIF(B43:AX43,">0")=0,0,ROUND(SUM(B43:AX43)/COUNTIF(B43:AX43,">0"),4)) -> 0 | BA43: =ROUND(SUM(B43:AX43)/4,2) -> 0 | BB43: =ROUND(1/(COUNT(B43:AX43)/4),2) -> 1
B44: Profesional SIG | C44: 0 | D44: 0.05 | E44: 0.05 | F44: 0.05 | AY44: 1 | AZ44: =IF(COUNTIF(B44:AX44,">0")=0,0,ROUND(SUM(B44:AX44)/COUNTIF(B44:AX44,">0"),4)) -> 0.05 | BA44: =ROUND(SUM(B44:AX44)/4,2) -> 0.04 | BB44: =ROUND(1/(COUNT(B44:AX44)/4),2) -> 1
B45: Auxiliar administrativo | C45: 0 | D45: 0.1 | E45: 0.1 | F45: 0.1 | AY45: 1 | AZ45: =IF(COUNTIF(B45:AX45,">0")=0,0,ROUND(SUM(B45:AX45)/COUNTIF(B45:AX45,">0"),4)) -> 0.1 | BA45: =ROUND(SUM(B45:AX45)/4,2) -> 0.08 | BB45: =ROUND(1/(COUNT(B45:AX45)/4),2) -> 1
A46: =DISTRIBUCIÓN!A53 -> Revisión de información asociada a los conflictos por uso del recurso hídrico | B46: Director | C46: 0 | D46: 0.05 | E46: 0.05 | F46: 0.05 | AY46: 1 | AZ46: =IF(COUNTIF(B46:AX46,">0")=0,0,ROUND(SUM(B46:AX46)/COUNTIF(B46:AX46,">0"),4)) -> 0.05 | BA46: =ROUND(SUM(B46:AX46)/4,2) -> 0.04 | BB46: =ROUND(1/(COUNT(B46:AX46)/4),2) -> 1
B47: Experto en modelamiento y calidad de agua | C47: 0 | D47: 0.09 | E47: 0.09 | F47: 0.09 | AY47: 1 | AZ47: =IF(COUNTIF(B47:AX47,">0")=0,0,ROUND(SUM(B47:AX47)/COUNTIF(B47:AX47,">0"),4)) -> 0.09 | BA47: =ROUND(SUM(B47:AX47)/4,2) -> 0.07 | BB47: =ROUND(1/(COUNT(B47:AX47)/4),2) -> 1
B48: Experto en Hidrología | C48: 0 | D48: 0.05 | E48: 0.05 | F48: 0.05 | AY48: 1 | AZ48: =IF(COUNTIF(B48:AX48,">0")=0,0,ROUND(SUM(B48:AX48)/COUNTIF(B48:AX48,">0"),4)) -> 0.05 | BA48: =ROUND(SUM(B48:AX48)/4,2) -> 0.04 | BB48: =ROUND(1/(COUNT(B48:AX48)/4),2) -> 1
B49: Profesional Social | C49: 0 | D49: 0.09 | E49: 0.09 | F49: 0.09 | AY49: 1 | AZ49: =IF(COUNTIF(B49:AX49,">0")=0,0,ROUND(SUM(B49:AX49)/COUNTIF(B49:AX49,">0"),4)) -> 0.09 | BA49: =ROUND(SUM(B49:AX49)/4,2) -> 0.07 | BB49: =ROUND(1/(COUNT(B49:AX49)/4),2) -> 1
B50: Personal de Campo | C50: 0 | D50: 0 | E50: 0 | F50: 0 | AY50: 1 | AZ50: =IF(COUNTIF(B50:AX50,">0")=0,0,ROUND(SUM(B50:AX50)/COUNTIF(B50:AX50,">0"),4)) -> 0 | BA50: =ROUND(SUM(B50:AX50)/4,2) -> 0 | BB50: =ROUND(1/(COUNT(B50:AX50)/4),2) -> 1
B51: Profesional SIG | C51: 0 | D51: 0.15 | E51: 0.15 | F51: 0.15 | AY51: 1 | AZ51: =IF(COUNTIF(B51:AX51,">0")=0,0,ROUND(SUM(B51:AX51)/COUNTIF(B51:AX51,">0"),4)) -> 0.15 | BA51: =ROUND(SUM(B51:AX51)/4,2) -> 0.11 | BB51: =ROUND(1/(COUNT(B51:AX51)/4),2) -> 1
B52: Auxiliar administrativo | C52: 0 | D52: 0 | E52: 0 | F52: 0 | AY52: 1 | AZ52: =IF(COUNTIF(B52:AX52,">0")=0,0,ROUND(SUM(B52:AX52)/COUNTIF(B52:AX52,">0"),4)) -> 0 | BA52: =ROUND(SUM(B52:AX52)/4,2) -> 0 | BB52: =ROUND(1/(COUNT(B52:AX52)/4),2) -> 1
A53: =DISTRIBUCIÓN!A54 -> Prediseño del plan de monitoreo de calidad y cantidad del recurso hídrico | B53: Director | C53: 0 | D53: 0.05 | E53: 0.05 | F53: 0.05 | AY53: 1 | AZ53: =IF(COUNTIF(B53:AX53,">0")=0,0,ROUND(SUM(B53:AX53)/COUNTIF(B53:AX53,">0"),4)) -> 0.05 | BA53: =ROUND(SUM(B53:AX53)/4,2) -> 0.04 | BB53: =ROUND(1/(COUNT(B53:AX53)/4),2) -> 1
B54: Experto en modelamiento y calidad de agua | C54: 0 | D54: 0.28 | E54: 0.28 | F54: 0.28 | AY54: 1 | AZ54: =IF(COUNTIF(B54:AX54,">0")=0,0,ROUND(SUM(B54:AX54)/COUNTIF(B54:AX54,">0"),4)) -> 0.28 | BA54: =ROUND(SUM(B54:AX54)/4,2) -> 0.21 | BB54: =ROUND(1/(COUNT(B54:AX54)/4),2) -> 1
B55: Experto en Hidrología | C55: 0 | D55: 0.09 | E55: 0.09 | F55: 0.09 | AY55: 1 | AZ55: =IF(COUNTIF(B55:AX55,">0")=0,0,ROUND(SUM(B55:AX55)/COUNTIF(B55:AX55,">0"),4)) -> 0.09 | BA55: =ROUND(SUM(B55:AX55)/4,2) -> 0.07 | BB55: =ROUND(1/(COUNT(B55:AX55)/4),2) -> 1
B56: Personal de Campo | C56: 0 | D56: 0 | E56: 0 | F56: 0 | AY56: 1 | AZ56: =IF(COUNTIF(B56:AX56,">0")=0,0,ROUND(SUM(B56:AX56)/COUNTIF(B56:AX56,">0"),4)) -> 0 | BA56: =ROUND(SUM(B56:AX56)/4,2) -> 0 | BB56: =ROUND(1/(COUNT(B56:AX56)/4),2) -> 1
B57: Profesional Social | C57: 0 | D57: 0.06 | E57: 0.06 | F57: 0.06 | AY57: 1 | AZ57: =IF(COUNTIF(B57:AX57,">0")=0,0,ROUND(SUM(B57:AX57)/COUNTIF(B57:AX57,">0"),4)) -> 0.06 | BA57: =ROUND(SUM(B57:AX57)/4,2) -> 0.05 | BB57: =ROUND(1/(COUNT(B57:AX57)/4),2) -> 1
B58: Profesional SIG | C58: 0 | D58: 0.1 | E58: 0.1 | F58: 0.1 | AY58: 1 | AZ58: =IF(COUNTIF(B58:AX58,">0")=0,0,ROUND(SUM(B58:AX58)/COUNTIF(B58:AX58,">0"),4)) -> 0.1 | BA58: =ROUND(SUM(B58:AX58)/4,2) -> 0.08 | BB58: =ROUND(1/(COUNT(B58:AX58)/4),2) -> 1
B59: Auxiliar administrativo | C59: 0 | D59: 0.09 | E59: 0.09 | F59: 0.09 | AY59: 1 | AZ59: =IF(COUNTIF(B59:AX59,">0")=0,0,ROUND(SUM(B59:AX59)/COUNTIF(B59:AX59,">0"),4)) -> 0.09 | BA59: =ROUND(SUM(B59:AX59)/4,2) -> 0.07 | BB59: =ROUND(1/(COUNT(B59:AX59)/4),2) -> 1
A60: =DISTRIBUCIÓN!A55 -> Elaboración del plan de trabajo detallado | B60: Director | C60: 0.32 | D60: 0.32 | E60: 0.32 | F60: 0.32 | AY60: 1 | AZ60: =IF(COUNTIF(B60:AX60,">0")=0,0,ROUND(SUM(B60:AX60)/COUNTIF(B60:AX60,">0"),4)) -> 0.32 | BA60: =ROUND(SUM(B60:AX60)/4,2) -> 0.32 | BB60: =ROUND(1/(COUNT(B60:AX60)/4),2) -> 1
B61: Experto en modelamiento y calidad de agua | C61: 0.22 | D61: 0.22 | E61: 0.22 | F61: 0.22 | AY61: 1 | AZ61: =IF(COUNTIF(B61:AX61,">0")=0,0,ROUND(SUM(B61:AX61)/COUNTIF(B61:AX61,">0"),4)) -> 0.22 | BA61: =ROUND(SUM(B61:AX61)/4,2) -> 0.22 | BB61: =ROUND(1/(COUNT(B61:AX61)/4),2) -> 1
B62: Experto en Hidrología | C62: 0.16 | D62: 0.16 | E62: 0.16 | F62: 0.16 | AY62: 1 | AZ62: =IF(COUNTIF(B62:AX62,">0")=0,0,ROUND(SUM(B62:AX62)/COUNTIF(B62:AX62,">0"),4)) -> 0.16 | BA62: =ROUND(SUM(B62:AX62)/4,2) -> 0.16 | BB62: =ROUND(1/(COUNT(B62:AX62)/4),2) -> 1
B63: Profesional Social | C63: 0.09 | D63: 0.09 | E63: 0.09 | F63: 0.09 | AY63: 1 | AZ63: =IF(COUNTIF(B63:AX63,">0")=0,0,ROUND(SUM(B63:AX63)/COUNTIF(B63:AX63,">0"),4)) -> 0.09 | BA63: =ROUND(SUM(B63:AX63)/4,2) -> 0.09 | BB63: =ROUND(1/(COUNT(B63:AX63)/4),2) -> 1
B64: Personal de Campo | C64: 0 | D64: 0 | E64: 0 | F64: 0 | AY64: 1 | AZ64: =IF(COUNTIF(B64:AX64,">0")=0,0,ROUND(SUM(B64:AX64)/COUNTIF(B64:AX64,">0"),4)) -> 0 | BA64: =ROUND(SUM(B64:AX64)/4,2) -> 0 | BB64: =ROUND(1/(COUNT(B64:AX64)/4),2) -> 1
B65: Profesional SIG | C65: 0.11 | D65: 0.11 | E65: 0.11 | F65: 0.11 | AY65: 1 | AZ65: =IF(COUNTIF(B65:AX65,">0")=0,0,ROUND(SUM(B65:AX65)/COUNTIF(B65:AX65,">0"),4)) -> 0.11 | BA65: =ROUND(SUM(B65:AX65)/4,2) -> 0.11 | BB65: =ROUND(1/(COUNT(B65:AX65)/4),2) -> 1
B66: Auxiliar administrativo | C66: 0.15 | D66: 0.15 | E66: 0.15 | F66: 0.15 | AY66: 1 | AZ66: =IF(COUNTIF(B66:AX66,">0")=0,0,ROUND(SUM(B66:AX66)/COUNTIF(B66:AX66,">0"),4)) -> 0.15 | BA66: =ROUND(SUM(B66:AX66)/4,2) -> 0.15 | BB66: =ROUND(1/(COUNT(B66:AX66)/4),2) -> 1
A67: =DISTRIBUCIÓN!A61 -> Paso 1. Diseño e implementación del proceso de participación | B67: Director | G67: 0.25 | H67: 0.25 | I67: 0.25 | J67: 0.25 | AY67: 1 | AZ67: =IF(COUNTIF(B67:AX67,">0")=0,0,ROUND(SUM(B67:AX67)/COUNTIF(B67:AX67,">0"),4)) -> 0.25 | BA67: =ROUND(SUM(B67:AX67)/4,2) -> 0.25 | BB67: =ROUND(1/(COUNT(B67:AX67)/4),2) -> 1
B68: Experto en modelamiento y calidad de agua | G68: 0 | H68: 0 | I68: 0 | J68: 0 | AY68: 1 | AZ68: =IF(COUNTIF(B68:AX68,">0")=0,0,ROUND(SUM(B68:AX68)/COUNTIF(B68:AX68,">0"),4)) -> 0 | BA68: =ROUND(SUM(B68:AX68)/4,2) -> 0 | BB68: =ROUND(1/(COUNT(B68:AX68)/4),2) -> 1
B69: Experto en Hidrología | G69: 0 | H69: 0 | I69: 0 | J69: 0 | AY69: 1 | AZ69: =IF(COUNTIF(B69:AX69,">0")=0,0,ROUND(SUM(B69:AX69)/COUNTIF(B69:AX69,">0"),4)) -> 0 | BA69: =ROUND(SUM(B69:AX69)/4,2) -> 0 | BB69: =ROUND(1/(COUNT(B69:AX69)/4),2) -> 1
B70: Profesional Social | G70: 0.28 | H70: 0.28 | I70: 0.28 | J70: 0.28 | AY70: 1 | AZ70: =IF(COUNTIF(B70:AX70,">0")=0,0,ROUND(SUM(B70:AX70)/COUNTIF(B70:AX70,">0"),4)) -> 0.28 | BA70: =ROUND(SUM(B70:AX70)/4,2) -> 0.28 | BB70: =ROUND(1/(COUNT(B70:AX70)/4),2) -> 1
B71: Personal de Campo | G71: 0 | H71: 0 | I71: 0 | J71: 0 | AY71: 1 | AZ71: =IF(COUNTIF(B71:AX71,">0")=0,0,ROUND(SUM(B71:AX71)/COUNTIF(B71:AX71,">0"),4)) -> 0 | BA71: =ROUND(SUM(B71:AX71)/4,2) -> 0 | BB71: =ROUND(1/(COUNT(B71:AX71)/4),2) -> 1
B72: Profesional SIG | G72: 0.3 | H72: 0.3 | I72: 0.3 | J72: 0.3 | AY72: 1 | AZ72: =IF(COUNTIF(B72:AX72,">0")=0,0,ROUND(SUM(B72:AX72)/COUNTIF(B72:AX72,">0"),4)) -> 0.3 | BA72: =ROUND(SUM(B72:AX72)/4,2) -> 0.3 | BB72: =ROUND(1/(COUNT(B72:AX72)/4),2) -> 1
B73: Auxiliar administrativo | G73: 0.19 | H73: 0.19 | I73: 0.19 | J73: 0.19 | AY73: 1 | AZ73: =IF(COUNTIF(B73:AX73,">0")=0,0,ROUND(SUM(B73:AX73)/COUNTIF(B73:AX73,">0"),4)) -> 0.19 | BA73: =ROUND(SUM(B73:AX73)/4,2) -> 0.19 | BB73: =ROUND(1/(COUNT(B73:AX73)/4),2) -> 1
A74: =DISTRIBUCIÓN!A62 -> Paso 2. Definición de los tramos o sectores de análisis | B74: Director | G74: 0.2 | H74: 0.2 | I74: 0 | J74: 0 | AY74: 1 | AZ74: =IF(COUNTIF(B74:AX74,">0")=0,0,ROUND(SUM(B74:AX74)/COUNTIF(B74:AX74,">0"),4)) -> 0.2 | BA74: =ROUND(SUM(B74:AX74)/4,2) -> 0.1 | BB74: =ROUND(1/(COUNT(B74:AX74)/4),2) -> 1
B75: Experto en modelamiento y calidad de agua | G75: 0.64 | H75: 0.64 | I75: 0 | J75: 0 | AY75: 1 | AZ75: =IF(COUNTIF(B75:AX75,">0")=0,0,ROUND(SUM(B75:AX75)/COUNTIF(B75:AX75,">0"),4)) -> 0.64 | BA75: =ROUND(SUM(B75:AX75)/4,2) -> 0.32 | BB75: =ROUND(1/(COUNT(B75:AX75)/4),2) -> 1
B76: Experto en Hidrología | G76: 0.42 | H76: 0.42 | I76: 0 | J76: 0 | AY76: 1 | AZ76: =IF(COUNTIF(B76:AX76,">0")=0,0,ROUND(SUM(B76:AX76)/COUNTIF(B76:AX76,">0"),4)) -> 0.42 | BA76: =ROUND(SUM(B76:AX76)/4,2) -> 0.21 | BB76: =ROUND(1/(COUNT(B76:AX76)/4),2) -> 1
B77: Profesional Social | G77: 0 | H77: 0 | I77: 0 | J77: 0 | AY77: 1 | AZ77: =IF(COUNTIF(B77:AX77,">0")=0,0,ROUND(SUM(B77:AX77)/COUNTIF(B77:AX77,">0"),4)) -> 0 | BA77: =ROUND(SUM(B77:AX77)/4,2) -> 0 | BB77: =ROUND(1/(COUNT(B77:AX77)/4),2) -> 1
B78: Personal de Campo | G78: 0 | H78: 0 | I78: 0 | J78: 0 | AY78: 1 | AZ78: =IF(COUNTIF(B78:AX78,">0")=0,0,ROUND(SUM(B78:AX78)/COUNTIF(B78:AX78,">0"),4)) -> 0 | BA78: =ROUND(SUM(B78:AX78)/4,2) -> 0 | BB78: =ROUND(1/(COUNT(B78:AX78)/4),2) -> 1
B79: Profesional SIG | G79: 0.13 | H79: 0.13 | I79: 0 | J79: 0 | AY79: 1 | AZ79: =IF(COUNTIF(B79:AX79,">0")=0,0,ROUND(SUM(B79:AX79)/COUNTIF(B79:AX79,">0"),4)) -> 0.13 | BA79: =ROUND(SUM(B79:AX79)/4,2) -> 0.07 | BB79: =ROUND(1/(COUNT(B79:AX79)/4),2) -> 1
B80: Auxiliar administrativo | G80: 0.1 | H80: 0.1 | I80: 0 | J80: 0 | AY80: 1 | AZ80: =IF(COUNTIF(B80:AX80,">0")=0,0,ROUND(SUM(B80:AX80)/COUNTIF(B80:AX80,">0"),4)) -> 0.1 | BA80: =ROUND(SUM(B80:AX80)/4,2) -> 0.05 | BB80: =ROUND(1/(COUNT(B80:AX80)/4),2) -> 1
A81: =DISTRIBUCIÓN!A63 -> Paso 3. Definición para la estructura conceptual para la modelación de calidad del agua | B81: Director | G81: 0 | H81: 0 | I81: 0.16 | J81: 0.16 | AY81: 1 | AZ81: =IF(COUNTIF(B81:AX81,">0")=0,0,ROUND(SUM(B81:AX81)/COUNTIF(B81:AX81,">0"),4)) -> 0.16 | BA81: =ROUND(SUM(B81:AX81)/4,2) -> 0.08 | BB81: =ROUND(1/(COUNT(B81:AX81)/4),2) -> 1
B82: Experto en modelamiento y calidad de agua | G82: 0 | H82: 0 | I82: 0.64 | J82: 0.64 | AY82: 1 | AZ82: =IF(COUNTIF(B82:AX82,">0")=0,0,ROUND(SUM(B82:AX82)/COUNTIF(B82:AX82,">0"),4)) -> 0.64 | BA82: =ROUND(SUM(B82:AX82)/4,2) -> 0.32 | BB82: =ROUND(1/(COUNT(B82:AX82)/4),2) -> 1
B83: Experto en Hidrología | G83: 0 | H83: 0 | I83: 0.42 | J83: 0.42 | AY83: 1 | AZ83: =IF(COUNTIF(B83:AX83,">0")=0,0,ROUND(SUM(B83:AX83)/COUNTIF(B83:AX83,">0"),4)) -> 0.42 | BA83: =ROUND(SUM(B83:AX83)/4,2) -> 0.21 | BB83: =ROUND(1/(COUNT(B83:AX83)/4),2) -> 1
B84: Profesional Social | G84: 0 | H84: 0 | I84: 0 | J84: 0 | AY84: 1 | AZ84: =IF(COUNTIF(B84:AX84,">0")=0,0,ROUND(SUM(B84:AX84)/COUNTIF(B84:AX84,">0"),4)) -> 0 | BA84: =ROUND(SUM(B84:AX84)/4,2) -> 0 | BB84: =ROUND(1/(COUNT(B84:AX84)/4),2) -> 1
B85: Personal de Campo | G85: 0 | H85: 0 | I85: 0 | J85: 0 | AY85: 1 | AZ85: =IF(COUNTIF(B85:AX85,">0")=0,0,ROUND(SUM(B85:AX85)/COUNTIF(B85:AX85,">0"),4)) -> 0 | BA85: =ROUND(SUM(B85:AX85)/4,2) -> 0 | BB85: =ROUND(1/(COUNT(B85:AX85)/4),2) -> 1
B86: Profesional SIG | G86: 0 | H86: 0 | I86: 0.13 | J86: 0.13 | AY86: 1 | AZ86: =IF(COUNTIF(B86:AX86,">0")=0,0,ROUND(SUM(B86:AX86)/COUNTIF(B86:AX86,">0"),4)) -> 0.13 | BA86: =ROUND(SUM(B86:AX86)/4,2) -> 0.07 | BB86: =ROUND(1/(COUNT(B86:AX86)/4),2) -> 1
B87: Auxiliar administrativo | G87: 0 | H87: 0 | I87: 0.1 | J87: 0.1 | AY87: 1 | AZ87: =IF(COUNTIF(B87:AX87,">0")=0,0,ROUND(SUM(B87:AX87)/COUNTIF(B87:AX87,">0"),4)) -> 0.1 | BA87: =ROUND(SUM(B87:AX87)/4,2) -> 0.05 | BB87: =ROUND(1/(COUNT(B87:AX87)/4),2) -> 1
A88: =DISTRIBUCIÓN!A65 -> Paso 1. Censo de usuarios y consolidación de información | B88: Director | G88: 0.13 | H88: 0.13 | I88: 0.13 | J88: 0.13 | K88: 0.13 | L88: 0.13 | M88: 0.13 | N88: 0.13 | O88: 0.13 | P88: 0.13 | Q88: 0.13 | R88: 0.13 | S88: 0.13 | T88: 0.13 | U88: 0.13 | V88: 0.13 | AY88: 0.25 | AZ88: =IF(COUNTIF(B88:AX88,">0")=0,0,ROUND(SUM(B88:AX88)/COUNTIF(B88:AX88,">0"),4)) -> 0.13 | BA88: =ROUND(SUM(B88:AX88)/4,2) -> 0.52 | BB88: =ROUND(1/(COUNT(B88:AX88)/4),2) -> 0.25
B89: Experto en modelamiento y calidad de agua | G89: 0 | H89: 0 | I89: 0 | J89: 0 | K89: 0 | L89: 0 | M89: 0 | N89: 0 | O89: 0 | P89: 0 | Q89: 0 | R89: 0 | S89: 0 | T89: 0 | U89: 0 | V89: 0 | AY89: 0.25 | AZ89: =IF(COUNTIF(B89:AX89,">0")=0,0,ROUND(SUM(B89:AX89)/COUNTIF(B89:AX89,">0"),4)) -> 0 | BA89: =ROUND(SUM(B89:AX89)/4,2) -> 0 | BB89: =ROUND(1/(COUNT(B89:AX89)/4),2) -> 0.25
B90: Experto en Hidrología | G90: 0 | H90: 0 | I90: 0 | J90: 0 | K90: 0 | L90: 0 | M90: 0 | N90: 0 | O90: 0 | P90: 0 | Q90: 0 | R90: 0 | S90: 0 | T90: 0 | U90: 0 | V90: 0 | AY90: 0.25 | AZ90: =IF(COUNTIF(B90:AX90,">0")=0,0,ROUND(SUM(B90:AX90)/COUNTIF(B90:AX90,">0"),4)) -> 0 | BA90: =ROUND(SUM(B90:AX90)/4,2) -> 0 | BB90: =ROUND(1/(COUNT(B90:AX90)/4),2) -> 0.25
B91: Profesional Social | G91: 0.43 | H91: 0.43 | I91: 0.43 | J91: 0.43 | K91: 0.43 | L91: 0.43 | M91: 0.43 | N91: 0.43 | O91: 0.43 | P91: 0.43 | Q91: 0.43 | R91: 0.43 | S91: 0.43 | T91: 0.43 | U91: 0.43 | V91: 0.43 | AY91: 0.25 | AZ91: =IF(COUNTIF(B91:AX91,">0")=0,0,ROUND(SUM(B91:AX91)/COUNTIF(B91:AX91,">0"),4)) -> 0.43 | BA91: =ROUND(SUM(B91:AX91)/4,2) -> 1.72 | BB91: =ROUND(1/(COUNT(B91:AX91)/4),2) -> 0.25
B92: Personal de Campo | G92: 1 | H92: 1 | I92: 1 | J92: 1 | K92: 1 | L92: 1 | M92: 1 | N92: 1 | O92: 1 | P92: 1 | Q92: 1 | R92: 1 | S92: 1 | T92: 1 | U92: 1 | V92: 1 | AY92: 0.25 | AZ92: =IF(COUNTIF(B92:AX92,">0")=0,0,ROUND(SUM(B92:AX92)/COUNTIF(B92:AX92,">0"),4)) -> 1 | BA92: =ROUND(SUM(B92:AX92)/4,2) -> 4 | BB92: =ROUND(1/(COUNT(B92:AX92)/4),2) -> 0.25
B93: Profesional SIG | G93: 0 | H93: 0 | I93: 0 | J93: 0 | K93: 0 | L93: 0 | M93: 0 | N93: 0 | O93: 0 | P93: 0 | Q93: 0 | R93: 0 | S93: 0 | T93: 0 | U93: 0 | V93: 0 | AY93: 0.25 | AZ93: =IF(COUNTIF(B93:AX93,">0")=0,0,ROUND(SUM(B93:AX93)/COUNTIF(B93:AX93,">0"),4)) -> 0 | BA93: =ROUND(SUM(B93:AX93)/4,2) -> 0 | BB93: =ROUND(1/(COUNT(B93:AX93)/4),2) -> 0.25
B94: Auxiliar administrativo | G94: 0.19 | H94: 0.19 | I94: 0.19 | J94: 0.19 | K94: 0.19 | L94: 0.19 | M94: 0.19 | N94: 0.19 | O94: 0.19 | P94: 0.19 | Q94: 0.19 | R94: 0.19 | S94: 0.19 | T94: 0.19 | U94: 0.19 | V94: 0.19 | AY94: 0.25 | AZ94: =IF(COUNTIF(B94:AX94,">0")=0,0,ROUND(SUM(B94:AX94)/COUNTIF(B94:AX94,">0"),4)) -> 0.19 | BA94: =ROUND(SUM(B94:AX94)/4,2) -> 0.76 | BB94: =ROUND(1/(COUNT(B94:AX94)/4),2) -> 0.25
A95: =DISTRIBUCIÓN!A66 -> Paso 2. Diseño y ejecución del plan de monitoreo | B95: Director | K95: 0.15 | L95: 0.15 | M95: 0.15 | N95: 0.15 | O95: 0.15 | P95: 0.15 | Q95: 0.15 | R95: 0.15 | W95: 0.15 | X95: 0.15 | Y95: 0.15 | Z95: 0.15 | AY95: 0.33 | AZ95: =IF(COUNTIF(B95:AX95,">0")=0,0,ROUND(SUM(B95:AX95)/COUNTIF(B95:AX95,">0"),4)) -> 0.15 | BA95: =ROUND(SUM(B95:AX95)/4,2) -> 0.45 | BB95: =ROUND(1/(COUNT(B95:AX95)/4),2) -> 0.33
B96: Experto en modelamiento y calidad de agua | K96: 0.55 | L96: 0.55 | M96: 0.55 | N96: 0.55 | O96: 0.55 | P96: 0.55 | Q96: 0.55 | R96: 0.55 | W96: 0.55 | X96: 0.55 | Y96: 0.55 | Z96: 0.55 | AY96: 0.33 | AZ96: =IF(COUNTIF(B96:AX96,">0")=0,0,ROUND(SUM(B96:AX96)/COUNTIF(B96:AX96,">0"),4)) -> 0.55 | BA96: =ROUND(SUM(B96:AX96)/4,2) -> 1.65 | BB96: =ROUND(1/(COUNT(B96:AX96)/4),2) -> 0.33
B97: Experto en Hidrología | K97: 0.06 | L97: 0.06 | M97: 0.06 | N97: 0.06 | O97: 0.06 | P97: 0.06 | Q97: 0.06 | R97: 0.06 | W97: 0.06 | X97: 0.06 | Y97: 0.06 | Z97: 0.06 | AY97: 0.33 | AZ97: =IF(COUNTIF(B97:AX97,">0")=0,0,ROUND(SUM(B97:AX97)/COUNTIF(B97:AX97,">0"),4)) -> 0.06 | BA97: =ROUND(SUM(B97:AX97)/4,2) -> 0.18 | BB97: =ROUND(1/(COUNT(B97:AX97)/4),2) -> 0.33
B98: Profesional Social | K98: 0 | L98: 0 | M98: 0 | N98: 0 | O98: 0 | P98: 0 | Q98: 0 | R98: 0 | W98: 0 | X98: 0 | Y98: 0 | Z98: 0 | AY98: 0.33 | AZ98: =IF(COUNTIF(B98:AX98,">0")=0,0,ROUND(SUM(B98:AX98)/COUNTIF(B98:AX98,">0"),4)) -> 0 | BA98: =ROUND(SUM(B98:AX98)/4,2) -> 0 | BB98: =ROUND(1/(COUNT(B98:AX98)/4),2) -> 0.33
B99: Personal de Campo | K99: 0 | L99: 0 | M99: 0 | N99: 0 | O99: 0 | P99: 0 | Q99: 0 | R99: 0 | W99: 0 | X99: 0 | Y99: 0 | Z99: 0 | AY99: 0.33 | AZ99: =IF(COUNTIF(B99:AX99,">0")=0,0,ROUND(SUM(B99:AX99)/COUNTIF(B99:AX99,">0"),4)) -> 0 | BA99: =ROUND(SUM(B99:AX99)/4,2) -> 0 | BB99: =ROUND(1/(COUNT(B99:AX99)/4),2) -> 0.33
B100: Profesional SIG | K100: 0 | L100: 0 | M100: 0 | N100: 0 | O100: 0 | P100: 0 | Q100: 0 | R100: 0 | W100: 0.12 | X100: 0.12 | Y100: 0.12 | Z100: 0.12 | AY100: 0.33 | AZ100: =IF(COUNTIF(B100:AX100,">0")=0,0,ROUND(SUM(B100:AX100)/COUNTIF(B100:AX100,">0"),4)) -> 0.12 | BA100: =ROUND(SUM(B100:AX100)/4,2) -> 0.12 | BB100: =ROUND(1/(COUNT(B100:AX100)/4),2) -> 0.33
...

Sheet RESUMEN PLAN DE CARGAS
A1: RESUMEN DE PLAN DE CARGAS
A2: PROFESIONAL | B2: MES 1 | F2: MES 2 | J2: MES 3 | N2: MES 4 | R2: MES 5 | V2: MES 6 | Z2: MES 7 | AD2: MES 8 | AH2: MES 9 | AL2: MES 10 | AP2: MES 11 | AT2: MES 12 | AX2: Mes desarrollo | AY2: % Ocupación | AZ2: Meses de ocupación
B3: S1 | C3: S2 | D3: S3 | E3: S4 | F3: S1 | G3: S2 | H3: S3 | I3: S4 | J3: S1 | K3: S2 | L3: S3 | M3: S4 | N3: S1 | O3: S2 | P3: S3 | Q3: S4 | R3: S1 | S3: S2 | T3: S3 | U3: S4 | V3: S1 | W3: S2 | X3: S3 | Y3: S4 | Z3: S1 | AA3: S2 | AB3: S3 | AC3: S4 | AD3: S1 | AE3: S2 | AF3: S3 | AG3: S4 | AH3: S1 | AI3: S2 | AJ3: S3 | AK3: S4 | AL3: S1 | AM3: S2 | AN3: S3 | AO3: S4 | AP3: S1 | AQ3: S2 | AR3: S3 | AS3: S4 | AT3: S1 | AU3: S2 | AV3: S3 | AW3: S4
A4: =DISTRIBUCIÓN!A4 -> Director | B4: =SUMIF('PLAN DE CARGAS'!$B$4:$B$377,"Director",'PLAN DE CARGAS'!C4:C327) -> 0.46 | C4: =SUMIF('PLAN DE CARGAS'!$B$4:$B$377,"Director",'PLAN DE CARGAS'!D4:D327) -> 0.79 | D4: =SUMIF('PLAN DE CARGAS'!$B$4:$B$377,"Director",'PLAN DE CARGAS'!E4:E327) -> 0.84 | E4: =SUMIF('PLAN DE CARGAS'!$B$4:$B$377,"Director",'PLAN DE CARGAS'!F4:F327) -> 0.75 | F4: =SUMIF('PLAN DE CARGAS'!$B$4:$B$377,"Director",'PLAN DE CARGAS'!G4:G327) -> 0.72 | G4: =SUMIF('PLAN DE CARGAS'!$B$4:$B$377,"Director",'PLAN DE CARGAS'!H4:H327) -> 0.72 | H4: =SUMIF('PLAN DE CARGAS'!$B$4:$B$377,"Director",'PLAN DE CARGAS'!I4:I327) -> 0.68 | I4: =SUMIF('PLAN DE CARGAS'!$B$4:$B$377,"Director",'PLAN DE CARGAS'!J4:J327) -> 0.68 | ... AW4: =SUMIF('PLAN DE CARGAS'!$B$4:$B$377,"Director",'PLAN DE CARGAS'!AX4:AX327) -> 0.7 | AX4: =ROUND(COUNTIF(B4:AW4,">0")/4,2) -> 12 | AY4: =IF(COUNTIF(B4:AW4,">0")=0,0,ROUND(SUM(B4:AW4)/COUNTIF(B4:AW4,">0"),4)) -> 0.7 | AZ4: =ROUND(SUM(B4:AW4)/4,2) -> 8.4
A5: =DISTRIBUCIÓN!A5 -> Experto en modelamiento y calidad de agua | B5: =SUMIF('PLAN DE CARGAS'!$B$4:$B$377,"Experto en modelamiento y calidad de agua",'PLAN DE CARGAS'!C4:C327) -> 0.31 | C5: =SUMIF('PLAN DE CARGAS'!$B$4:$B$377,"Experto en modelamiento y calidad de agua",'PLAN DE CARGAS'!D4:D327) -> 0.77 | D5: =SUMIF('PLAN DE CARGAS'!$B$4:$B$377,"Experto en modelamiento y calidad de agua",'PLAN DE CARGAS'!E4:E327) -> 0.86 | E5: =SUMIF('PLAN DE CARGAS'!$B$4:$B$377,"Experto en modelamiento y calidad de agua",'PLAN DE CARGAS'!F4:F327) -> 0.86 | F5: =SUMIF('PLAN DE CARGAS'!$B$4:$B$377,"Experto en modelamiento y calidad de agua",'PLAN DE CARGAS'!G4:G327) -> 0.7 | G5: =SUMIF('PLAN DE CARGAS'!$B$4:$B$377,"Experto en modelamiento y calidad de agua",'PLAN DE CARGAS'!H4:H327) -> 0.7 | H5: =SUMIF('PLAN DE CARGAS'!$B$4:$B$377,"Experto en modelamiento y calidad de agua",'PLAN DE CARGAS'!I4:I327) -> 0.7 | I5: =SUMIF('PLAN DE CARGAS'!$B$4:$B$377,"Experto en modelamiento y calidad de agua",'PLAN DE CARGAS'!J4:J327) -> 0.7 | ... AW5: =SUMIF('PLAN DE CARGAS'!$B$4:$B$377,"Experto en modelamiento y calidad de agua",'PLAN DE CARGAS'!AX4:AX327) -> 0 | AX5: =ROUND(COUNTIF(B5:AW5,">0")/4,2) -> 11 | AY5: =IF(COUNTIF(B5:AW5,">0")=0,0,ROUND(SUM(B5:AW5)/COUNTIF(B5:AW5,">0"),4)) -> 0.7 | AZ5: =ROUND(SUM(B5:AW5)/4,2) -> 7.7
A6: =DISTRIBUCIÓN!A6 -> Experto en Hidrología | B6: =SUMIF('PLAN DE CARGAS'!$B$4:$B$377,"Experto en Hidrología",'PLAN DE CARGAS'!C4:C327) -> 0.26 | C6: =SUMIF('PLAN DE CARGAS'!$B$4:$B$377,"Experto en Hidrología",'PLAN DE CARGAS'!D4:D327) -> 0.6 | D6: =SUMIF('PLAN DE CARGAS'!$B$4:$B$377,"Experto en Hidrología",'PLAN DE CARGAS'!E4:E327) -> 0.85 | E6: =SUMIF('PLAN DE CARGAS'!$B$4:$B$377,"Experto en Hidrología",'PLAN DE CARGAS'!F4:F327) -> 0.65 | F6: =SUMIF('PLAN DE CARGAS'!$B$4:$B$377,"Experto en Hidrología",'PLAN DE CARGAS'!G4:G327) -> 0.6 | G6: =SUMIF('PLAN DE CARGAS'!$B$4:$B$377,"Experto en Hidrología",'PLAN DE CARGAS'!H4:H327) -> 0.6 | H6: =SUMIF('PLAN DE CARGAS'!$B$4:$B$377,"Experto en Hidrología",'PLAN DE CARGAS'!I4:I327) -> 0.6 | I6: =SUMIF('PLAN DE CARGAS'!$B$4:$B$377,"Experto en Hidrología",'PLAN DE CARGAS'!J4:J327) -> 0.6 | ... AW6: =SUMIF('PLAN DE CARGAS'!$B$4:$B$377,"Experto en Hidrología",'PLAN DE CARGAS'!AX4:AX327) -> 0 | AX6: =ROUND(COUNTIF(B6:AW6,">0")/4,2) -> 9 | AY6: =IF(COUNTIF(B6:AW6,">0")=0,0,ROUND(SUM(B6:AW6)/COUNTIF(B6:AW6,">0"),4)) -> 0.6 | AZ6: =ROUND(SUM(B6:AW6)/4,2) -> 5.4
A7: =DISTRIBUCIÓN!A7 -> Profesional Social | B7: =SUMIF('PLAN DE CARGAS'!$B$4:$B$377,"Profesional Social",'PLAN DE CARGAS'!C4:C327) -> 0.6 | C7: =SUMIF('PLAN DE CARGAS'!$B$4:$B$377,"Profesional Social",'PLAN DE CARGAS'!D4:D327) -> 1 | D7: =SUMIF('PLAN DE CARGAS'!$B$4:$B$377,"Profesional Social",'PLAN DE CARGAS'!E4:E327) -> 1 | E7: =SUMIF('PLAN DE CARGAS'!$B$4:$B$377,"Profesional Social",'PLAN DE CARGAS'!F4:F327) -> 1 | F7: =SUMIF('PLAN DE CARGAS'!$B$4:$B$377,"Profesional Social",'PLAN DE CARGAS'!G4:G327) -> 0.9 | G7: =SUMIF('PLAN DE CARGAS'!$B$4:$B$377,"Profesional Social",'PLAN DE CARGAS'!H4:H327) -> 0.9 | H7: =SUMIF('PLAN DE CARGAS'!$B$4:$B$377,"Profesional Social",'PLAN DE CARGAS'!I4:I327) -> 0.9 | I7: =SUMIF('PLAN DE CARGAS'!$B$4:$B$377,"Profesional Social",'PLAN DE CARGAS'!J4:J327) -> 0.9 | ... AW7: =SUMIF('PLAN DE CARGAS'!$B$4:$B$377,"Profesional Social",'PLAN DE CARGAS'!AX4:AX327) -> 0 | AX7: =ROUND(COUNTIF(B7:AW7,">0")/4,2) -> 5 | AY7: =IF(COUNTIF(B7:AW7,">0")=0,0,ROUND(SUM(B7:AW7)/COUNTIF(B7:AW7,">0"),4)) -> 0.9 | AZ7: =ROUND(SUM(B7:AW7)/4,2) -> 4.5
A8: =DISTRIBUCIÓN!A8 -> Personal de Campo | B8: =SUMIF('PLAN DE CARGAS'!$B$4:$B$377,"Personal de Campo",'PLAN DE CARGAS'!C4:C4327) -> 0 | C8: =SUMIF('PLAN DE CARGAS'!$B$4:$B$377,"Personal de Campo",'PLAN DE CARGAS'!D4:D4327) -> 0 | D8: =SUMIF('PLAN DE CARGAS'!$B$4:$B$377,"Personal de Campo",'PLAN DE CARGAS'!E4:E4327) -> 0 | E8: =SUMIF('PLAN DE CARGAS'!$B$4:$B$377,"Personal de Campo",'PLAN DE CARGAS'!F4:F4327) -> 0 | F8: =SUMIF('PLAN DE CARGAS'!$B$4:$B$377,"Personal de Campo",'PLAN DE CARGAS'!G4:G4327) -> 1 | G8: =SUMIF('PLAN DE CARGAS'!$B$4:$B$377,"Personal de Campo",'PLAN DE CARGAS'!H4:H4327) -> 1 | H8: =SUMIF('PLAN DE CARGAS'!$B$4:$B$377,"Personal de Campo",'PLAN DE CARGAS'!I4:I4327) -> 1 | I8: =SUMIF('PLAN DE CARGAS'!$B$4:$B$377,"Personal de Campo",'PLAN DE CARGAS'!J4:J4327) -> 1 | ... AW8: =SUMIF('PLAN DE CARGAS'!$B$4:$B$377,"Personal de Campo",'PLAN DE CARGAS'!AX4:AX4327) -> 0 | AX8: =ROUND(COUNTIF(B8:AW8,">0")/4,2) -> 4 | AY8: =IF(COUNTIF(B8:AW8,">0")=0,0,ROUND(SUM(B8:AW8)/COUNTIF(B8:AW8,">0"),4)) -> 1 | AZ8: =ROUND(SUM(B8:AW8)/4,2) -> 4
A9: =DISTRIBUCIÓN!A9 -> Profesional SIG | B9: =SUMIF('PLAN DE CARGAS'!$B$4:$B$377,"Profesional SIG",'PLAN DE CARGAS'!C4:C327) -> 0.3 | C9: =SUMIF('PLAN DE CARGAS'!$B$4:$B$377,"Profesional SIG",'PLAN DE CARGAS'!D4:D327) -> 0.7 | D9: =SUMIF('PLAN DE CARGAS'!$B$4:$B$377,"Profesional SIG",'PLAN DE CARGAS'!E4:E327) -> 0.75 | E9: =SUMIF('PLAN DE CARGAS'!$B$4:$B$377,"Profesional SIG",'PLAN DE CARGAS'!F4:F327) -> 0.65 | F9: =SUMIF('PLAN DE CARGAS'!$B$4:$B$377,"Profesional SIG",'PLAN DE CARGAS'!G4:G327) -> 0.6 | G9: =SUMIF('PLAN DE CARGAS'!$B$4:$B$377,"Profesional SIG",'PLAN DE CARGAS'!H4:H327) -> 0.6 | H9: =SUMIF('PLAN DE CARGAS'!$B$4:$B$377,"Profesional SIG",'PLAN DE CARGAS'!I4:I327) -> 0.6 | I9: =SUMIF('PLAN DE CARGAS'!$B$4:$B$377,"Profesional SIG",'PLAN DE CARGAS'!J4:J327) -> 0.6 | ... AW9: =SUMIF('PLAN DE CARGAS'!$B$4:$B$377,"Profesional SIG",'PLAN DE CARGAS'!AX4:AX327) -> 0 | AX9: =ROUND(COUNTIF(B9:AW9,">0")/4,2) -> 6 | AY9: =IF(COUNTIF(B9:AW9,">0")=0,0,ROUND(SUM(B9:AW9)/COUNTIF(B9:AW9,">0"),4)) -> 0.6 | AZ9: =ROUND(SUM(B9:AW9)/4,2) -> 3.6
A10: =DISTRIBUCIÓN!A10 -> Auxiliar administrativo | B10: =SUMIF('PLAN DE CARGAS'!$B$4:$B$377,"Auxiliar administrativo",'PLAN DE CARGAS'!C4:C327) -> 0.45 | C10: =SUMIF('PLAN DE CARGAS'!$B$4:$B$377,"Auxiliar administrativo",'PLAN DE CARGAS'!D4:D327) -> 0.77 | D10: =SUMIF('PLAN DE CARGAS'!$B$4:$B$377,"Auxiliar administrativo",'PLAN DE CARGAS'!E4:E327) -> 0.77 | E10: =SUMIF('PLAN DE CARGAS'!$B$4:$B$377,"Auxiliar administrativo",'PLAN DE CARGAS'!F4:F327) -> 0.77 | F10: =SUMIF('PLAN DE CARGAS'!$B$4:$B$377,"Auxiliar administrativo",'PLAN DE CARGAS'!G4:G327) -> 0.7 | G10: =SUMIF('PLAN DE CARGAS'!$B$4:$B$377,"Auxiliar administrativo",'PLAN DE CARGAS'!H4:H327) -> 0.7 | H10: =SUMIF('PLAN DE CARGAS'!$B$4:$B$377,"Auxiliar administrativo",'PLAN DE CARGAS'!I4:I327) -> 0.7 | I10: =SUMIF('PLAN DE CARGAS'!$B$4:$B$377,"Auxiliar administrativo",'PLAN DE CARGAS'!J4:J327) -> 0.7 | ... AW10: =SUMIF('PLAN DE CARGAS'!$B$4:$B$377,"Auxiliar administrativo",'PLAN DE CARGAS'!AX4:AX327) -> 0.7 | AX10: =ROUND(COUNTIF(B10:AW10,">0")/4,2) -> 12 | AY10: =IF(COUNTIF(B10:AW10,">0")=0,0,ROUND(SUM(B10:AW10)/COUNTIF(B10:AW10,">0"),4)) -> 0.7 | AZ10: =ROUND(SUM(B10:AW10)/4,2) -> 8.4
A12: TOTALIZACIÓN DE MESES
A13: PROFESIONAL | B13: TOTAL MESES | C13: Dedicación Mensual | O13: Dedicación Proyecto
C14: Mes 1 | D14: Mes 2 | E14: Mes 3 | F14: Mes 4 | G14: Mes 5 | H14: Mes 6 | I14: Mes 7 | J14: Mes 8 | K14: Mes 9 | L14: Mes 10 | M14: Mes 11 | N14: Mes 12
A15: =A4 -> Director | B15: =ROUND(AZ4,2) -> 8.4 | C15: =AVERAGE(B4:E4) -> 0.71 | D15: =AVERAGE(F4:I4) -> 0.7 | E15: =AVERAGE(J4:M4) -> 0.7 | F15: =AVERAGE(N4:Q4) -> 0.7 | G15: =AVERAGE(R4:U4) -> 0.7 | H15: =AVERAGE(V4:Y4) -> 0.7 | I15: =AVERAGE(Z4:AC4) -> 0.7 | J15: =AVERAGE(AD4:AG4) -> 0.69 | K15: =AVERAGE(AH4:AK4) -> 0.7 | L15: =AVERAGE(AL4:AO4) -> 0.7 | M15: =AVERAGE(AP4:AS4) -> 0.7 | N15: =AVERAGE(AT4:AW4) -> 0.7 | O15: =AVERAGEIF(C15:N15,">0") -> 0.7 | Q15: 70
A16: =A5 -> Experto en modelamiento y calidad de agua | B16: =ROUND(AZ5,2) -> 7.7 | C16: =AVERAGE(B5:E5) -> 0.7 | D16: =AVERAGE(F5:I5) -> 0.7 | E16: =AVERAGE(J5:M5) -> 0.7 | F16: =AVERAGE(N5:Q5) -> 0.7 | G16: =AVERAGE(R5:U5) -> 0.7 | H16: =AVERAGE(V5:Y5) -> 0.7 | I16: =AVERAGE(Z5:AC5) -> 0.71 | J16: =AVERAGE(AD5:AG5) -> 0.69 | K16: =AVERAGE(AH5:AK5) -> 0.7 | L16: =AVERAGE(AL5:AO5) -> 0.7 | M16: =AVERAGE(AP5:AS5) -> 0.7 | N16: =AVERAGE(AT5:AW5) -> 0 | O16: =AVERAGEIF(C16:N16,">0") -> 0.7 | Q16: 70
A17: =A6 -> Experto en Hidrología | B17: =ROUND(AZ6,2) -> 5.4 | C17: =AVERAGE(B6:E6) -> 0.59 | D17: =AVERAGE(F6:I6) -> 0.6 | E17: =AVERAGE(J6:M6) -> 0.6 | F17: =AVERAGE(N6:Q6) -> 0.6 | G17: =AVERAGE(R6:U6) -> 0.6 | H17: =AVERAGE(V6:Y6) -> 0.6 | I17: =AVERAGE(Z6:AC6) -> 0.6 | J17: =AVERAGE(AD6:AG6) -> 0.6 | K17: =AVERAGE(AH6:AK6) -> 0.61 | L17: =AVERAGE(AL6:AO6) -> 0 | M17: =AVERAGE(AP6:AS6) -> 0 | N17: =AVERAGE(AT6:AW6) -> 0 | O17: =AVERAGEIF(C17:N17,">0") -> 0.6 | Q17: 60
A18: =A7 -> Profesional Social | B18: =ROUND(AZ7,2) -> 4.5 | C18: =AVERAGE(B7:E7) -> 0.9 | D18: =AVERAGE(F7:I7) -> 0.9 | E18: =AVERAGE(J7:M7) -> 0.9 | F18: =AVERAGE(N7:Q7) -> 0.9 | G18: =AVERAGE(R7:U7) -> 0.9 | H18: =AVERAGE(V7:Y7) -> 0 | I18: =AVERAGE(Z7:AC7) -> 0 | J18: =AVERAGE(AD7:AG7) -> 0 | K18: =AVERAGE(AH7:AK7) -> 0 | L18: =AVERAGE(AL7:AO7) -> 0 | M18: =AVERAGE(AP7:AS7) -> 0 | N18: =AVERAGE(AT7:AW7) -> 0 | O18: =AVERAGEIF(C18:N18,">0") -> 0.9 | Q18: 90
A19: =A8 -> Personal de Campo | B19: =ROUND(AZ8,2) -> 4 | C19: =AVERAGE(B8:E8) -> 0 | D19: =AVERAGE(F8:I8) -> 1 | E19: =AVERAGE(J8:M8) -> 1 | F19: =AVERAGE(N8:Q8) -> 1 | G19: =AVERAGE(R8:U8) -> 1 | H19: =AVERAGE(V8:Y8) -> 0 | I19: =AVERAGE(Z8:AC8) -> 0 | J19: =AVERAGE(AD8:AG8) -> 0 | K19: =AVERAGE(AH8:AK8) -> 0 | L19: =AVERAGE(AL8:AO8) -> 0 | M19: =AVERAGE(AP8:AS8) -> 0 | N19: =AVERAGE(AT8:AW8) -> 0 | O19: =AVERAGEIF(C19:N19,">0") -> 1 | Q19: 100
A20: =A9 -> Profesional SIG | B20: =ROUND(AZ9,2) -> 3.6 | C20: =AVERAGE(B9:E9) -> 0.6 | D20: =AVERAGE(F9:I9) -> 0.6 | E20: =AVERAGE(J9:M9) -> 0 | F20: =AVERAGE(N9:Q9) -> 0 | G20: =AVERAGE(R9:U9) -> 0 | H20: =AVERAGE(V9:Y9) -> 0.6 | I20: =AVERAGE(Z9:AC9) -> 0.6 | J20: =AVERAGE(AD9:AG9) -> 0 | K20: =AVERAGE(AH9:AK9) -> 0.6 | L20: =AVERAGE(AL9:AO9) -> 0 | M20: =AVERAGE(AP9:AS9) -> 0.6 | N20: =AVERAGE(AT9:AW9) -> 0 | O20: =AVERAGEIF(C20:N20,">0") -> 0.6 | Q20: 60
A21: =A10 -> Auxiliar administrativo | B21: =ROUND(AZ10,2) -> 8.4 | C21: =AVERAGE(B10:E10) -> 0.69 | D21: =AVERAGE(F10:I10) -> 0.7 | E21: =AVERAGE(J10:M10) -> 0.7 | F21: =AVERAGE(N10:Q10) -> 0.7 | G21: =AVERAGE(R10:U10) -> 0.7 | H21: =AVERAGE(V10:Y10) -> 0.7 | I21: =AVERAGE(Z10:AC10) -> 0.7 | J21: =AVERAGE(AD10:AG10) -> 0.7 | K21: =AVERAGE(AH10:AK10) -> 0.71 | L21: =AVERAGE(AL10:AO10) -> 0.7 | M21: =AVERAGE(AP10:AS10) -> 0.7 | N21: =AVERAGE(AT10:AW10) -> 0.7 | O21: =AVERAGEIF(C21:N21,">0") -> 0.7 | Q21: 70

Sheet VIÁTICOS-TRANSP
H1: MES 1
H2: 1 | I2: 2 | J2: 3 | K2: 4 | L2: 5 | M2: 6 | N2: 7 | O2: 8 | P2: 9 | Q2: 10 | R2: 11 | S2: 12 | T2: 13 | U2: 14 | V2: 15 | W2: 16 | X2: 17 | Y2: 18 | Z2: 19 | AA2: 20 | AB2: 21 | AC2: 22 | AD2: 23 | AE2: 24 | AF2: 25 | AG2: 26 | AH2: 27 | AI2: 28 | AJ2: 29 | AK2: 30
A3: FASE UNO (1)
A4: =DISTRIBUCIÓN!A46 -> FASE 1. Declaratoria y Acciones Previas | B4: No. Profesionales | C4: No. Días | D4: No. de vehículos | E4: TOTAL/DÍAS/VEHÍCULO | F4: TOTAL/VIÁTICOS
A5: Identificación preliminar de usuarios y clasificación de los usos actuales (SOCIALIZACIÓN CON ENTIDADES GUBERNAMENTALES) | B5: 2 | C5: =SUM(H5:AK5) -> 6 | D5: 1 | E5: =D5*C5 -> 6 | F5: =B5*C5 -> 12 | I5: 1 | J5: 1 | K5: 1 | L5: 1 | M5: 1 | N5: 1
A6: Prediseño del plan de monitoreo de calidad y cantidad del recurso hídrico (MACROLOCALIZACIÓN PUNTOS DE MONITOREO) | B6: 2 | C6: =SUM(H6:AK6) -> 8 | D6: 1 | E6: =D6*C6 -> 8 | F6: =B6*C6 -> 16 | W6: 1 | X6: 1 | Y6: 1 | Z6: 1 | AA6: 1 | AB6: 1 | AC6: 1 | AD6: 1
A8: SUBTOTAL | C8: =SUM(C5:C7) -> 14 | E8: =SUM(E5:E7) -> 14 | F8: =SUM(F5:F7) -> 28
A9: TOTAL | C9: =C8 -> 14 | E9: =E8 -> 14 | F9: =F8 -> 28
H10: Mes 1 Transporte = | N10: =SUM(H5:AK5)+SUM(H6:AK6)*D6+SUM(H7:AK7)*D7 -> 14 | R10: Viáticos mes 1 | W10: =SUM(H5:AK5)*B5+SUM(H6:AK6)*B6+SUM(H7:AK7)*B7 -> 28
B11: Valor Unitario | C11: Cantidad Total | D11: Mes 1 | F11: Total Fase (I)
A12: Valor día/vehículo | B12: ='2.1 - Transporte'!I20 -> 568888.96 | C12: =N10+AR10 -> 14 | D12: =N10*B12 -> 7964445.4 | F12: =SUM(D12:E12) -> 7964445.4
A13: Valor Viático día | B13: 160000 | C13: =W10 -> 28 | D13: =W10*B13 -> 4480000 | F13: =SUM(D13:E13) -> 4480000
H14: MES 2 | AL14: MES 3 | BP14: MES 4 | CT14: MES 5 | DX14: MES 6 | FB14: MES 7
H15: 31 | I15: 32 | J15: 33 | K15: 34 | L15: 35 | M15: 36 | N15: 37 | O15: 38 | P15: 39 | Q15: 40 | R15: 41 | S15: 42 | T15: 43 | U15: 44 | V15: 45 | W15: 46 | X15: 47 | Y15: 48 | Z15: 49 | AA15: 50 | AB15: 51 | AC15: 52 | AD15: 53 | AE15: 54 | AF15: 55 | AG15: 56 | AH15: 57 | AI15: 58 | AJ15: 59 | AK15: 60 | AL15: 61 | AM15: 62 | AN15: 63 | AO15: 64 | AP15: 65 | AQ15: 66 | AR15: 67 | AS15: 68 | AT15: 69 | AU15: 70 | AV15: 71 | AW15: 72 | AX15: 73 | AY15: 74 | AZ15: 75 | BA15: 76 | BB15: 77 | BC15: 78 | BD15: 79 | BE15: 80 | BF15: 81 | BG15: 82 | BH15: 83 | BI15: 84 | BJ15: 85 | BK15: 86 | BL15: 87 | BM15: 88 | BN15: 89 | BO15: 90 | BP15: 91 | BQ15: 92 | BR15: 93 | BS15: 94 | BT15: 95 | BU15: 96 | BV15: 97 | BW15: 98 | BX15: 99 | BY15: 100 | BZ15: 101 | CA15: 102 | CB15: 103 | CC15: 104 | CD15: 105 | CE15: 106 | CF15: 107 | CG15: 108 | CH15: 109 | CI15: 110 | CJ15: 111 | CK15: 112 | CL15: 113 | CM15: 114 | CN15: 115 | CO15: 116 | CP15: 117 | CQ15: 118 | CR15: 119 | CS15: 120 | CT15: 121 | CU15: 122 | CV15: 123 | CW15: 124 | CX15: 125 | CY15: 126 | CZ15: 127 | DA15: 128 | DB15: 129 | DC15: 130 | DD15: 131 | DE15: 132 | DF15: 133 | DG15: 134 | DH15: 135 | DI15: 136 | DJ15: 137 | DK15: 138 | DL15: 139 | DM15: 140 | DN15: 141 | DO15: 142 | DP15: 143 | DQ15: 144 | DR15: 145 | DS15: 146 | DT15: 147 | DU15: 148 | DV15: 149 | DW15: 150 | DX15: 151 | DY15: 152 | DZ15: 153 | EA15: 154 | EB15: 155 | EC15: 156 | ED15: 157 | EE15: 158 | EF15: 159 | EG15: 160 | EH15: 161 | EI15: 162 | EJ15: 163 | EK15: 164 | EL15: 165 | EM15: 166 | EN15: 167 | EO15: 168 | EP15: 169 | EQ15: 170 | ER15: 171 | ES15: 172 | ET15: 173 | EU15: 174 | EV15: 175 | EW15: 176 | EX15: 177 | EY15: 178 | EZ15: 179 | FA15: 180 | FB15: 181 | FC15: 182 | FD15: 183 | FE15: 184 | FF15: 185 | FG15: 186 | FH15: 187 | FI15: 188 | FJ15: 189 | FK15: 190 | FL15: 191 | FM15: 192 | FN15: 193 | FO15: 194 | FP15: 195 | FQ15: 196 | FR15: 197 | FS15: 198 | FT15: 199 | FU15: 200 | FV15: 201 | FW15: 202 | FX15: 203 | FY15: 204 | FZ15: 205 | GA15: 206 | GB15: 207 | GC15: 208 | GD15: 209 | GE15: 210
A16: FASE DOS (2)
A17: =DISTRIBUCIÓN!A59 -> FASE 2. Diagnóstico | B17: No. Profesionales | C17: No. Días | D17: No. de vehículos | E17: TOTAL/DÍAS/VEHÍCULO | F17: TOTAL/VIÁTICOS
A18: Caracterización Inicial
A19: Paso 1. Diseño e implementación del proceso de participación. IDENTIFICACIÓN DE ACTORES CLAVE - SOCIAL | B19: 1 | C19: =SUM(H19:GE19) -> 18 | D19: 1 | E19: =D19*C19 -> 18 | F19: =C19*B19 -> 18 | O19: 1 | P19: 1 | Q19: 1 | R19: 1 | S19: 1 | T19: 1 | V19: 1 | W19: 1 | X19: 1 | Y19: 1 | Z19: 1 | AA19: 1 | AC19: 1 | AD19: 1 | AE19: 1 | AF19: 1 | AG19: 1 | AH19: 1
A20: Paso 3. Definición para la estructura conceptual para la modelación de calidad del agua (DETERMINACIÓN DE TIEMPOS DE VIAJE) Experto en modelamiento y calidad de agua - Experto en hidrología | B20: 2 | C20: =SUM(H20:GE20) -> 6 | D20: 1 | E20: =D20*C20 -> 6 | F20: =C20*B20 -> 12 | H20: 1 | I20: 1 | J20: 1 | K20: 1 | L20: 1 | M20: 1
A21: Trabajo de Campo
A22: Paso 1. Censo de usuarios y consolidación de información (REVISIÓN INFORMACIÓN AUTORIDAD AMBIENTAL) - Profesionales de campo | B22: 6 | C22: =SUM(H22:GE22) -> 10 | D22: 0 | E22: =D22*C22 -> 0 | F22: =C22*B22 -> 60 | H22: 1 | I22: 1 | J22: 1 | K22: 1 | L22: 1 | O22: 1 | P22: 1 | Q22: 1 | R22: 1 | S22: 1
A23: Paso 1. Censo de usuarios y consolidación de información (RECOLECCIÓN DE INFORMACIÓN EN CAMPO CENSO DE USUARIOS) - Profesionales de campo | B23: 6 | C23: =SUM(H23:GE23) -> 44 | D23: 3 | E23: =D23*C23 -> 132 | F23: =C23*B23 -> 264 | AL23: 1 | AM23: 1 | AN23: 1 | AO23: 1 | AP23: 1 | AS23: 1 | AT23: 1 | AU23: 1 | AV23: 1 | AW23: 1 | AZ23: 1 | BA23: 1 | BB23: 1 | BC23: 1 | BD23: 1 | BG23: 1 | BH23: 1 | BI23: 1 | BJ23: 1 | BK23: 1 | BN23: 1 | BO23: 1 | BP23: 1 | BQ23: 1 | BR23: 1 | BU23: 1 | BV23: 1 | BW23: 1 | BX23: 1 | BY23: 1 | CB23: 1 | CC23: 1 | CD23: 1 | CE23: 1 | CF23: 1 | CI23: 1 | CJ23: 1 | CK23: 1 | CL23: 1 | CM23: 1 | CO23: 1 | CP23: 1 | CQ23: 1 | CR23: 1
A24: Paso 2. Diseño y ejecución del plan de monitoreo Director - Experto en Calidad | B24: 2 | C24: =SUM(H24:GE24) -> 16 | D24: 1 | E24: =D24*C24 -> 16 | F24: =C24*B24 -> 32 | P24: 1 | Q24: 1 | R24: 1 | S24: 1 | T24: 1 | U24: 1 | V24: 1 | W24: 1 | CB24: 1 | CC24: 1 | CD24: 1 | CE24: 1 | CF24: 1 | CG24: 1 | CH24: 1 | CI24: 1
A25: Construcción de Línea Base
A26: Paso 3. Identificación de zonas de recarga del acuífero o interacciones con las aguas superficiales | B26: 2 | C26: =SUM(H26:GE26) -> 5 | D26: 1 | E26: =D26*C26 -> 5 | F26: =C26*B26 -> 10 | CT26: 1 | CU26: 1 | CV26: 1 | CW26: 1 | CX26: 1
A27: Paso 12. Socialización de los resultados de la fase de diagnóstico | B27: 4 | C27: =SUM(H27:GE27) -> 4 | D27: 1 | E27: =D27*C27 -> 4 | F27: =C27*B27 -> 16 | GB27: 1 | GC27: 1 | GD27: 1 | GE27: 1
A29: SUBTOTAL | C29: =SUM(C19:C28) -> 103 | E29: =SUM(E19:E28) -> 181 | F29: =SUM(F19:F28) -> 412
A30: TOTAL | C30: =C29 -> 103 | E30: =E29 -> 181 | F30: =F29 -> 412
H31: Mes 2 Transporte = | N31: =SUM(H19:AK19)*$D$19+SUM(H20:AK20)*D20+SUM(H22:AK22)*$D$22+SUM(H23:AK23)*$D$23+SUM(H24:AK24)*$D$24+SUM(H27:AK27)*$D$27+SUM(H28:AK28)*$D$28 -> 32 | R31: Viáticos mes 2 | W31: =SUM(H19:AK19)*$B$19+SUM(H20:AK20)*$B$20+SUM(H22:AK22)*$B$22+SUM(H23:AK23)*$B$23+SUM(H24:AK24)*$B$24+SUM(H27:AK27)*$B$27+SUM(H28:AK28)*$B$28 -> 106 | AL31: Mes 3 Transporte = | AR31: =SUM(AL19:BO19)*$D$19+SUM(AL20:BO20)*$D$20+SUM(AL22:BO22)*$D$22+SUM(AL23:BO23)*$D$23+SUM(AL24:BO24)*$D$24+SUM(AL27:BO27)*$D$27+SUM(AL28:BO28)*$D$28 -> 66 | AV31: Viáticos mes 3 | BA31: =SUM(AL19:BO19)*$B$19+SUM(AL20:BO20)*$B$20+SUM(AL22:BO22)*$B$22+SUM(AL23:BO23)*$B$23+SUM(AL24:BO24)*$B$24+SUM(AL27:BO27)*$B$27+SUM(AL28:BO28)*$B$28 -> 132 | BP31: Mes 4 Transporte = | BV31: =SUM(BP19:CS19)*$D$19+SUM(BP20:CS20)*$D$20+SUM(BP22:CS22)*$D$22+SUM(BP23:CR23)*$D$23+SUM(BP24:CS24)*$D$24+SUM(BP27:CS27)*$D$27+SUM(BP28:CS28)*$D$28 -> 74 | BZ31: Viáticos mes 4 | CE31: =SUM(BP19:CS19)*$B$19+SUM(BP20:CS20)*$B$20+SUM(BP22:CS22)*$B$22+SUM(BP23:CR23)*$B$23+SUM(BP24:CS24)*$B$24+SUM(BP27:CS27)*$B$27+SUM(BP28:CS28)*$B$28 -> 148 | CT31: Mes 5 Transporte = | CZ31: =SUM(CT19:DW19)*$D$19+SUM(CT20:DW20)*$D$20+SUM(CT22:DW22)*$D$22+SUM(CT23:DW23)*$D$23+SUM(CT24:DW24)*$D$24+SUM(CT26:DW26)*$D$26+SUM(CT27:DW27)*$D$27 -> 5 | DD31: Viáticos mes 5 | DI31: =SUM(CT19:DW19)*$B$19+SUM(CT20:DW20)*$B$20+SUM(CT22:DW22)*$B$22+SUM(CT23:DW23)*$B$23+SUM(CT24:DW24)*$B$24+SUM(CT26:DW26)*$B$26+SUM(CT27:DW27)*$B$27 -> 10 | DX31: Mes 6 Transporte = | ED31: =SUM(DX19:FA19)*$D$19+SUM(DX20:FA20)*$D$20+SUM(DX22:FA22)*$D$22+SUM(DX23:FA23)*$D$23+SUM(DX24:FA24)*$D$24+SUM(DX27:FA27)*$D$27+SUM(DX28:FA28)*$D$28 -> 0 | EH31: Viáticos mes 6 | EM31: =SUM(DX19:FA19)*$B$19+SUM(DX20:FA20)*$B$20+SUM(DX22:FA22)*$B$22+SUM(DX23:FA23)*$B$23+SUM(DX24:FA24)*$B$24+SUM(DX27:FA27)*$B$27+SUM(DX28:FA28)*$B$28 -> 0 | FB31: Mes 7 Transporte = | FH31: =SUM(FB19:GE19)*$D$19+SUM(FB20:GE20)*$D$20+SUM(FB22:GE22)*$D$22+SUM(FB23:GE23)*$D$23+SUM(FB24:GE24)*$D$24+SUM(FB27:GE27)*$D$27+SUM(FB28:GE28)*$D$28 -> 4 | FL31: Viáticos mes 7 | FQ31: =SUM(FB19:GE19)*$B$19+SUM(FB20:GE20)*$B$20+SUM(FB22:GE22)*$B$22+SUM(FB23:GE23)*$B$23+SUM(FB24:GE24)*$B$24+SUM(FB27:GE27)*$B$27+SUM(FB28:GE28)*$B$28 -> 16
B32: Valor Unitrio | C32: Cantidad Total | D32: Mes 2 | E32: Mes 3 | F32: Mes 4
A33: Valor día/vehículo | B33: =B12 -> 568888.96 | C33: =N31+AR31+BV31+CZ31+ED31+FH31 -> 181 | D33: =N31*B33 -> 18204447 | E33: =AR31*B33 -> 37546671 | F33: =BV31*B33 -> 42097783
A34: Valor Viático día | B34: =B13 -> 160000 | C34: =W31+BA31+CE31+DI31+EM31+FQ31 -> 412 | D34: =W31*B34 -> 16960000 | E34: =BA31*B34 -> 21120000 | F34: =B34*CE31 -> 23680000
D35: Mes 5 | E35: Mes 6 | F35: Mes 7 | G35: Total Fase (II)
D36: =B33*CZ31 -> 2844444.8 | E36: =B33*ED31 -> 0 | F36: =B33*FH31 -> 2275555.8 | G36: =SUM(D33:F33)+SUM(D36:F36) -> 1.029689e+08
D37: =B34*DI31 -> 1600000 | E37: =B34*EM31 -> 0 | F37: =B34*FQ31 -> 2560000 | G37: =SUM(D34:F34)+SUM(D37:F37) -> 65920000
H39: MES 8 | AL39: MES 9
H40: 211 | I40: 212 | J40: 213 | K40: 214 | L40: 215 | M40: 216 | N40: 217 | O40: 218 | P40: 219 | Q40: 220 | R40: 221 | S40: 222 | T40: 223 | U40: 224 | V40: 225 | W40: 226 | X40: 227 | Y40: 228 | Z40: 229 | AA40: 230 | AB40: 231 | AC40: 232 | AD40: 233 | AE40: 234 | AF40: 235 | AG40: 236 | AH40: 237 | AI40: 238 | AJ40: 239 | AK40: 240 | AL40: 241 | AM40: 242 | AN40: 243 | AO40: 244 | AP40: 245 | AQ40: 246 | AR40: 247 | AS40: 248 | AT40: 249 | AU40: 250 | AV40: 251 | AW40: 252 | AX40: 253 | AY40: 254 | AZ40: 255 | BA40: 256 | BB40: 257 | BC40: 258 | BD40: 259 | BE40: 260 | BF40: 261 | BG40: 262 | BH40: 263 | BI40: 264 | BJ40: 265 | BK40: 266 | BL40: 267 | BM40: 268 | BN40: 269 | BO40: 270
A41: FASE TRES (3)
A42: FASE III. Proyecto de Distribución de Agua | B42: No. Profesionales | C42: No. Días | D42: No. de vehículos | E42: TOTAL/DÍAS/VEHÍCULO | F42: TOTAL/VIÁTICOS
A43: Paso 5. Socialización de los resultados de la fase de Usos Potenciales (CUATRO TALLERES Equipo Técnico) | B43: 4 | C43: =SUM(H43:CS43) -> 4 | D43: 1 | E43: =D43*C43 -> 4 | F43: =C43*B43 -> 16 | BL43: 1 | BM43: 1 | BN43: 1 | BO43: 1
C44: =SUM(H44:CS44) -> 0 | E44: =D44*C44 -> 0 | F44: =C44*B44 -> 0
C45: =SUM(H45:CS45) -> 0 | E45: =D45*C45 -> 0 | F45: =C45*B45 -> 0
C46: =SUM(H46:CS46) -> 0 | E46: =D46*C46 -> 0 | F46: =C46*B46 -> 0
A47: SUBTOTAL | C47: =SUM(C43:C46) -> 4 | E47: =SUM(E43:E46) -> 4 | F47: =SUM(F43:F46) -> 16
A48: TOTAL | C48: =C47 -> 4 | E48: =E47 -> 4 | F48: =F47 -> 16
H49: Mes 8 Transporte = | N49: =SUM(H43:AK43)*$D$43+SUM(H44:AK44)*D44+SUM(H45:AK45)*D45+SUM(H46:AK46)*D46 -> 0 | R49: Viáticos mes 8 | W49: =SUM(H43:AK43)*B43+SUM(H44:AK44)*B44+SUM(H45:AK45)*B45 -> 0 | AL49: Mes 9 Transporte = | AR49: =SUM(AL43:BO43)*$D$43+SUM(AL44:BO44)*D44+SUM(AL45:BO45)*D45+SUM(AL46:BO46)*D46 -> 4 | AV49: Viáticos mes 9 | BA49: =SUM(AL43:BO43)*B43+SUM(AL44:BO44)*B44+SUM(AL45:BO45)*B45 -> 16
B50: Valor Unitrio | C50: Cantidad Total | D50: Mes 8 | E50: Mes 9 | F50: Total Fase (III)
A51: Valor día/vehículo | B51: =B12 -> 568888.96 | C51: =N49+AR49 -> 4 | D51: =N49*B51 -> 0 | E51: =B51*AR49 -> 2275555.8 | F51: =SUM(D51:E51) -> 2275555.8
A52: Valor Viático día | B52: =B13 -> 160000 | C52: =W49+BA49 -> 16 | D52: =W49*B52 -> 0 | E52: =B52*BA49 -> 2560000 | F52: =SUM(D52:E52) -> 2560000
H53: MES 10 | AL53: MES 11 | BP53: MES 112
H54: 31 | I54: 32 | J54: 33 | K54: 34 | L54: 35 | M54: 36 | N54: 37 | O54: 38 | P54: 39 | Q54: 40 | R54: 41 | S54: 42 | T54: 43 | U54: 44 | V54: 45 | W54: 46 | X54: 47 | Y54: 48 | Z54: 49 | AA54: 50 | AB54: 51 | AC54: 52 | AD54: 53 | AE54: 54 | AF54: 55 | AG54: 56 | AH54: 57 | AI54: 58 | AJ54: 59 | AK54: 60 | AL54: 61 | AM54: 62 | AN54: 63 | AO54: 64 | AP54: 65 | AQ54: 66 | AR54: 67 | AS54: 68 | AT54: 69 | AU54: 70 | AV54: 71 | AW54: 72 | AX54: 73 | AY54: 74 | AZ54: 75 | BA54: 76 | BB54: 77 | BC54: 78 | BD54: 79 | BE54: 80 | BF54: 81 | BG54: 82 | BH54: 83 | BI54: 84 | BJ54: 85 | BK54: 86 | BL54: 87 | BM54: 88 | BN54: 89 | BO54: 90 | BP54: 61 | BQ54: 62 | BR54: 63 | BS54: 64 | BT54: 65 | BU54: 66 | BV54: 67 | BW54: 68 | BX54: 69 | BY54: 70 | BZ54: 71 | CA54: 72 | CB54: 73 | CC54: 74 | CD54: 75 | CE54: 76 | CF54: 77 | CG54: 78 | CH54: 79 | CI54: 80 | CJ54: 81 | CK54: 82 | CL54: 83 | CM54: 84 | CN54: 85 | CO54: 86 | CP54: 87 | CQ54: 88 | CR54: 89 | CS54: 90
A55: FASE CUATRO (4)
A56: =DISTRIBUCIÓN!A95 -> FASE 4. Elaboración del plan | B56: No. Profesionales | C56: No. Días | D56: No. de vehículos | E56: TOTAL/DÍAS/VEHÍCULO | F56: TOTAL/VIÁTICOS
A57: Paso 9. Socialización de los resultados de la fase de Formulación del PORH (CUATRO TALLERES) Equipo Técnico) | B57: 3 | C57: =SUM(H57:CS57) -> 4 | D57: 1 | E57: =D57*C57 -> 4 | F57: =C57*B57 -> 12 | BL57: 1 | BM57: 1 | BN57: 1 | BO57: 1
C58: =SUM(H58:CS58) -> 0 | E58: =D58*C58 -> 0 | F58: =C58*B58 -> 0
C59: =SUM(H59:CS59) -> 0 | E59: =D59*C59 -> 0 | F59: =C59*B59 -> 0
A60: SUBTOTAL | C60: =SUM(C54:C59) -> 4 | E60: =SUM(E54:E59) -> 4 | F60: =SUM(F54:F59) -> 12
A61: TOTAL | C61: =C60 -> 4 | E61: =E60 -> 4 | F61: =F60 -> 12
H62: Mes 10 Transporte = | N62: =SUM(H57:AK57)*$D$57+SUM(H58:AK58)*$D$58+SUM(H59:AK59)*$D$59 -> 0 | R62: Viáticos mes 10 | W62: =SUM(H57:AK57)*$B$57+SUM(H58:AK58)*$B$58+SUM(H59:AK59)*$B$59 -> 0 | AL62: Mes 11 Transporte = | AR62: =SUM(AL57:BO57)*$D$57+SUM(AL58:BO58)*$D$58+SUM(AL59:BO59)*$D$59 -> 4 | AV62: Viáticos mes 11 | BA62: =SUM(AL57:BO57)*$B$57+SUM(AL58:BO58)*$B$58+SUM(AL59:BO59)*$B$59 -> 12 | BP62: Mes 12 Transporte = | BV62: =SUM(BP57:CS57)*$D$57+SUM(BP58:CS58)*$D$58+SUM(BP59:CS59)*$D$59 -> 0 | BZ62: Viáticos mes 12 | CE62: =SUM(BP57:CS57)*$B$57+SUM(BP58:CS58)*$B$58+SUM(BP59:CS59)*$B$59 -> 0
B63: Valor Unitrio | C63: Cantidad Total | D63: Mes 10 | E63: Mes 11 | F63: Mes 12 | G63: Total Fase (IV)
A64: Valor día/vehículo | B64: =B51 -> 568888.96 | C64: =N62+AR62+BV62 -> 4 | D64: =N62*B64 -> 0 | E64: =AR62*B64 -> 2275555.8 | F64: =B64*BV62 -> 0 | G64: =SUM(D64:F64) -> 2275555.8
A65: Valor Viático día | B65: =B52 -> 160000 | C65: =W62+BA62+CE62 -> 12 | D65: =W62*B65 -> 0 | E65: =BA62*B65 -> 1920000 | F65: =B65*CE62 -> 0 | G65: =SUM(D65:F65) -> 1920000
A67: SUBTOTAL
E68: TOTAL/DÍAS/VEHÍCULO | F68: TOTAL/VIÁTICOS
A69: TOTAL CAMPO PROYECTO | C69: =C30+C9+C48+C61 -> 125 | E69: =E61+E48+E30+E9 -> 203 | F69: =F9+F30+F48+F61 -> 468
C71: Valor Unitrio | D71: Valor Total
A72: TOTAL DÍA VEHÍCULO | B72: =E69 -> 203 | C72: =B51 -> 568888.96 | D72: =B72*C72 -> 1.1548446e+08 | E72: =D72*FM!D48 -> 1.2030016e+08
A73: TOTAL VIATICO | B73: =F69 -> 468 | C73: =B52 -> 160000 | D73: =B73*C73 -> 74880000 | E73: =D73*FM!D48 -> 78002496
D74: =SUM(D72:D73) -> 1.9036446e+08

Sheet ECONÓMICA
B2: “FORMULACIÓN DEL PLAN DE ORDENAMIENTO DEL RECURSO HÍDRICO (PORH) DE LA CORRIENTE PRINCIPAL DE LA CUENCA DEL RÍO MEDIO Y BAJO SUÁREZ - NSS Y SUS PRINCIPALES TRIBUTARIOS EN LA JURISDICCIÓN DE LA CORPORACIÓN AUTÓNOMA REGIONAL DE SANTANDER (CAS)”
B3: CONCEPTO | C3: A | D3: B | E3: C | F3: D | G3: E | H3: F
B4: Personal PROFESIONAL | C4: CANTIDAD | D4: SUELDO MES BASICO | E4: DEDICACION | F4: % FM | G4: VALOR MES (AXBXCXD) | H4: No. de meses | I4: TOTAL PARCIAL (EXF)
B6: Director | C6: 1 | D6: 6977992 | E6: =ROUND('RESUMEN PLAN DE CARGAS'!AY4,1) -> 0.7 | F6: =FM!D37 -> 2.04 | G6: =+C6*D6*E6*F6 -> 9964572.6 | H6: ='RESUMEN PLAN DE CARGAS'!AX4 -> 12 | I6: =+G6*H6 -> 1.1957487e+08 | K6: ASESOR GRADO 9 | L6: 26
B7: Experto en modelamiento y calidad de agua | C7: 1 | D7: 5925555 | E7: =ROUND('RESUMEN PLAN DE CARGAS'!AY5,1) -> 0.7 | F7: =F6 -> 2.04 | G7: =+C7*D7*E7*F7 -> 8461692.5 | H7: ='RESUMEN PLAN DE CARGAS'!AX5 -> 11 | I7: =+G7*H7 -> 93078618 | K7: ASESOR GRADO 5 | L7: 26
B8: Experto en Hidrología | C8: 1 | D8: 5925555 | E8: =ROUND('RESUMEN PLAN DE CARGAS'!AY6,1) -> 0.6 | F8: =F7 -> 2.04 | G8: =+C8*D8*E8*F8 -> 7252879.3 | H8: ='RESUMEN PLAN DE CARGAS'!AX6 -> 9 | I8: =+G8*H8 -> 65275914 | K8: ASESOR GRADO 5 | L8: 26
B9: Profesional Social | C9: 1 | D9: 3639162 | E9: =ROUND('RESUMEN PLAN DE CARGAS'!AY7,1) -> 0.9 | F9: =F8 -> 2.04 | G9: =+C9*D9*E9*F9 -> 6681501.4 | H9: ='RESUMEN PLAN DE CARGAS'!AX7 -> 5 | I9: =+G9*H9 -> 33407507 | K9: Profesional GRADO 9 | L9: 26
B10: Personal de Campo | C10: 6 | D10: 2416246 | E10: =ROUND('RESUMEN PLAN DE CARGAS'!AY8,1) -> 1 | F10: =F9 -> 2.04 | G10: =+C10*D10*E10*F10 -> 29574851 | H10: ='RESUMEN PLAN DE CARGAS'!AX8 -> 4 | I10: =+G10*H10 -> 1.182994e+08 | K10: Profesional GRADO 9 | L10: 26
B11: Profesional SIG | C11: 1 | D11: 3639162 | E11: =ROUND('RESUMEN PLAN DE CARGAS'!AY9,1) -> 0.6 | F11: =F10 -> 2.04 | G11: =+C11*D11*E11*F11 -> 4454334.3 | H11: ='RESUMEN PLAN DE CARGAS'!AX9 -> 6 | I11: =+G11*H11 -> 26726006
B12: Auxiliar administrativo | C12: 1 | D12: 2247340 | E12: =ROUND('RESUMEN PLAN DE CARGAS'!AY10,1) -> 0.7 | F12: =F10 -> 2.04 | G12: =+C12*D12*E12*F12 -> 3209201.5 | H12: ='RESUMEN PLAN DE CARGAS'!AX10 -> 12 | I12: =+G12*H12 -> 38510418 | K12: Bachiller GRADO 17 | L12: 26
B13: SUB TOTAL COSTO PERSONAL PROFESIONAL | I13: =SUM(I6:I12) -> 4.9487274e+08
B14: OTROS COSTOS DIRECTOS
B16: ESTUDIOS SOPORTE | D16: UNIDAD | E16: CANTIDAD | F16: % FM | G16: VALOR UNITARIO | I16: VALOR TOTAL
B17: 2.1. Transporte | D17: DÍAS | E17: ='2.1 - Transporte'!K20 -> 203 | F17: =FM!$D$48 -> 1.0417 | G17: ='2.1 - Transporte'!I20 -> 568888.96 | I17: =E17*F17*G17 -> 1.2030016e+08
B18: 2.2. Gastos de Alojamiento, Alimentación e Hidratación | D18: DÍAS | E18: ='2.2 - Viáticos'!G21 -> 468 | F18: =FM!$D$48 -> 1.0417 | G18: ='2.2 - Viáticos'!E21 -> 160000 | I18: =E18*F18*G18 -> 78002496
B19: 2.3. Logística de espacios de socialización PORH - 3 fases | D19: UND | E19: ='2.3 - Socialización'!E5 -> 12 | F19: =FM!$D$48 -> 1.0417 | G19: ='2.3 - Socialización'!J5 -> 1075000 | I19: =E19*F19*G19 -> 13437930
B20: ="2.4. (A) Monitoreo puntual " &'2.4 - (A,B,C y D) LABORATORIO'!A3 -> 2.4. (A) Monitoreo puntual Tiempos de Viaje | D20: UND | E20: ='2.4 - (A,B,C y D) LABORATORIO'!E3 -> 18 | F20: =FM!$D$48 -> 1.0417 | G20: ='2.4 - (A,B,C y D) LABORATORIO'!C3 -> 2580000 | I20: =E20*F20*G20 -> 48376548
B21: ="2.4. (B) Monitoreo puntual " &'2.4 - (A,B,C y D) LABORATORIO'!A4 -> 2.4. (B) Monitoreo puntual Matriz de agua + Aforo Molinete | D21: UND | E21: ='2.4 - (A,B,C y D) LABORATORIO'!E4 -> 8 | F21: =FM!$D$48 -> 1.0417 | G21: ='2.4 - (A,B,C y D) LABORATORIO'!C4 -> 2629542 | I21: =E21*F21*G21 -> 21913551
B22: ="2.4. (C) Monitoreo puntual " &'2.4 - (A,B,C y D) LABORATORIO'!A5 -> 2.4. (C) Monitoreo puntual Matriz de agua + Flujo Magnético | D22: UND | E22: ='2.4 - (A,B,C y D) LABORATORIO'!E5 -> 20 | F22: =FM!$D$48 -> 1.0417 | G22: ='2.4 - (A,B,C y D) LABORATORIO'!C5 -> 3811542 | I22: =E22*F22*G22 -> 79409666
B23: ="2.4. (D) Monitoreo puntual " &'2.4 - (A,B,C y D) LABORATORIO'!A6 -> 2.4. (D) Monitoreo puntual Matriz de agua + ADCP | D23: UND | E23: ='2.4 - (A,B,C y D) LABORATORIO'!E6 -> 40 | F23: =FM!$D$48 -> 1.0417 | G23: ='2.4 - (A,B,C y D) LABORATORIO'!C6 -> 4933542 | I23: =E23*F23*G23 -> 2.0557083e+08
B24: ="2.5. (A) " &'2.5 (A,B y C) - HIDROBIOLOGÍA'!A3 -> 2.5. (A) Matriz Biota | D24: UND | E24: ='2.5 (A,B y C) - HIDROBIOLOGÍA'!E3 -> 68 | F24: =FM!$D$48 -> 1.0417 | G24: ='2.5 (A,B y C) - HIDROBIOLOGÍA'!C3 -> 4307150 | I24: =E24*F24*G24 -> 3.0509955e+08
B25: ="2.5. (B) " &'2.5 (A,B y C) - HIDROBIOLOGÍA'!A4 -> 2.5. (B) Índices Hidrobiología | D25: UND | E25: ='2.5 (A,B y C) - HIDROBIOLOGÍA'!E4 -> 68 | F25: =FM!$D$48 -> 1.0417 | G25: ='2.5 (A,B y C) - HIDROBIOLOGÍA'!C4 -> 639322 | I25: =E25*F25*G25 -> 45286757
B26: ="2.5. (C) " &'2.5 (A,B y C) - HIDROBIOLOGÍA'!A5 -> 2.5. (C) Informe | D26: UND | E26: ='2.5 (A,B y C) - HIDROBIOLOGÍA'!E5 -> 2 | F26: =FM!$D$48 -> 1.0417 | G26: ='2.5 (A,B y C) - HIDROBIOLOGÍA'!C5 -> 10000000 | I26: =E26*F26*G26 -> 20834000
B27: ="2.6. " &'2.6 - LABORATORIO - VTOs'!A4 -> 2.6. Monitoreo de Vertimiento | D27: UND | E27: 9 | F27: =FM!$D$48 -> 1.0417 | G27: ='2.6 - LABORATORIO - VTOs'!C5 -> 4631596 | I27: =E27*F27*G27 -> 43422602
B28: ="2.7. (A) " &'2.7 - (A,B y C) logis_Monitoreo'!A3 -> 2.7. (A) Logística Monitoreo Agua Residual | D28: UND | E28: ='2.7 - (A,B y C) logis_Monitoreo'!D3 -> 9 | F28: =FM!$D$48 -> 1.0417 | G28: ='2.7 - (A,B y C) logis_Monitoreo'!C3 -> 3800333 | I28: =E28*F28*G28 -> 35629262
B29: ="2.7. (B) " &'2.7 - (A,B y C) logis_Monitoreo'!A4 -> 2.7. (B) Logística Monitoreo Biota | D29: UND | E29: =SUM('2.7 - (A,B y C) logis_Monitoreo'!D4:D5) -> 68 | F29: =FM!$D$48 -> 1.0417 | G29: =('2.7 - (A,B y C) logis_Monitoreo'!C4*'2.7 - (A,B y C) logis_Monitoreo'!D4+'2.7 - (A,B y C) logis_Monitoreo'!C5*'2.7 - (A,B y C) logis_Monitoreo'!D5)/68 -> 1959529.4 | I29: =E29*F29*G29 -> 1.3880444e+08
B30: ="2.7. (C) " &'2.7 - (A,B y C) logis_Monitoreo'!A6 -> 2.7. (C) Logística Monitoreo Agua Superficial | D30: UND | E30: =SUM('2.7 - (A,B y C) logis_Monitoreo'!D6:D7) -> 68 | F30: =FM!$D$48 -> 1.0417 | G30: =('2.7 - (A,B y C) logis_Monitoreo'!C6*'2.7 - (A,B y C) logis_Monitoreo'!D6+'2.7 - (A,B y C) logis_Monitoreo'!C7*'2.7 - (A,B y C) logis_Monitoreo'!D7)/68 -> 2904235.1 | I30: =E30*F30*G30 -> 2.0572323e+08
B31: 2.8. Hidrología (Oferta, Demanda e Indicadores) | D31: UND | E31: ='2.8 - Ofer-Deman-Ind'!E13 -> 1 | F31: =FM!$D$48 -> 1.0417 | G31: ='2.8 - Ofer-Deman-Ind'!I13 -> 67000000 | I31: =E31*F31*G31 -> 69793900
B32: 2.9. Determinación de zonas de recarga hídrica | D32: UND | E32: ='2.9 - Zonas de Recarga'!E4 -> 1 | F32: =FM!$D$48 -> 1.0417 | G32: ='2.9 - Zonas de Recarga'!I4 -> 15000000 | I32: =E32*F32*G32 -> 15625500
B33: 2.10. Impresión y publicaciones medios | D33: UND | E33: ='2.10 - Impresiones'!G8 -> 1 | F33: =FM!$D$48 -> 1.0417 | G33: ='2.10 - Impresiones'!I8 -> 6409115.3 | I33: =E33*F33*G33 -> 6676375.4
B34: SUB TOTAL OTROS COSTOS DIRECTOS (2) | I34: =SUM(I17:I33) -> 1.4539068e+09
B36: COSTO TOTAL (1+2) | H36: =ROUND((I34+I13),0) -> 1948779543
B37: CONSULTORÍA IVA (19%) | H37: =ROUND((H36*1.19),0) -> 2319047656
B38: INTERVENTORÍA | H38: =INTERVENTORÍA!G20 -> 259500835
B39: INTERVENTORÍA IVA (19%) | H39: =ROUND((H38*1.19),0) -> 308805994
B40: VALOR TOTAL DE LA OFERTA CON IVA | H40: =ROUND((H37+H39),0) -> 2627853650
E42: % INTERVENTORÍA | F42: =H46*100/H47 -> 11.751263
F44: Valor | G44: Iva | H44: TOTAL
E45: CONSULTORÍA | F45: =H36 -> 1948779543 | G45: =ROUND((F45*0.19),0) -> 370268113 | H45: =ROUND(SUM(F45:G45),0) -> 2319047656
E46: INTERVENTORÍA | F46: =H38 -> 259500835 | G46: =ROUND((F46*0.19),0) -> 49305159 | H46: =SUM(F46:G46) -> 308805994
E47: TOTAL | F47: =SUM(F45:F46) -> 2208280378 | G47: =SUM(G45:G46) -> 419573272 | H47: =ROUND((SUM(H45:I46)),0) -> 2627853650

Sheet ENTREGABLES
A1: ACTIVIDADES | B1: % | C1: UND | D1: CANTIDAD | E1: VALOR TOTAL | F1: MES 1 | G1: MES 2 | H1: MES 3 | I1: MES 4 | J1: MES 5 | K1: MES 6 | L1: MES 7 | M1: MES 8 | N1: MES 9 | O1: MES 10 | P1: MES 11 | Q1: MES 12 | R1: VALOR TOTAL
A2: =DISTRIBUCIÓN!A46 -> FASE 1. Declaratoria y Acciones Previas | B2: =DISTRIBUCIÓN!BD56 -> 0.027190126 | E2: =DISTRIBUCIÓN!D37 -> 52987560 | R2: =SUM(R3:R11) -> 52987560 | S2: =IF(ABS(R2-E2)<0.001,"OK"," ERROR") -> OK
A3: =DISTRIBUCIÓN!A47 -> Localización del cuerpo de agua | B3: =DISTRIBUCIÓN!BD47 -> 0.0009558293 | C3: GLB | D3: 1 | E3: =B3*$E$2/$B$2 -> 1862700.6 | F3: =E3 -> 1862700.6 | R3: =SUM(F3:Q3) -> 1862700.6 | S3: Control
A4: =DISTRIBUCIÓN!A48 -> Alistamiento Institucional | B4: =DISTRIBUCIÓN!BD48 -> 0.0029900301 | C4: GLB | D4: 1 | E4: =B4*$E$2/$B$2 -> 5826909.5 | F4: =E4 -> 5826909.5 | R4: =SUM(F4:Q4) -> 5826909.5
A5: =DISTRIBUCIÓN!A49 -> Identificación de actores relevantes para el ordenamiento | B5: =DISTRIBUCIÓN!BD49 -> 0.0044656676 | C5: GLB | D5: 1 | E5: =B5*$E$2/$B$2 -> 8702601.6 | F5: =E5 -> 8702601.6 | R5: =SUM(F5:Q5) -> 8702601.6
A6: =DISTRIBUCIÓN!A50 -> Recopilación de información de instrumentos existentes | B6: =DISTRIBUCIÓN!BD50 -> 0.0035292159 | C6: GLB | D6: 1 | E6: =B6*$E$2/$B$2 -> 6877663.7 | F6: =E6 -> 6877663.7 | R6: =SUM(F6:Q6) -> 6877663.7
A7: =DISTRIBUCIÓN!A51 -> Recopilación de información de redes hidrometeorológicas hidrobiológicas y de calidad | B7: =DISTRIBUCIÓN!BD51 -> 0.0010783715 | C7: GLB | D7: 1 | E7: =B7*$E$2/$B$2 -> 2101508.3 | F7: =E7 -> 2101508.3 | R7: =SUM(F7:Q7) -> 2101508.3
A8: =DISTRIBUCIÓN!A52 -> Identificación preliminar de usuarios y clasificación de los usos actuales | B8: =DISTRIBUCIÓN!BD52 -> 0.0016543199 | C8: GLB | D8: 1 | E8: =B8*$E$2/$B$2 -> 3223904.8 | F8: =E8 -> 3223904.8 | R8: =SUM(F8:Q8) -> 3223904.8
A9: =DISTRIBUCIÓN!A53 -> Revisión de información asociada a los conflictos por uso del recurso hídrico | B9: =DISTRIBUCIÓN!BD53 -> 0.0015807946 | C9: GLB | D9: 1 | E9: =B9*$E$2/$B$2 -> 3080620.2 | F9: =E9 -> 3080620.2 | R9: =SUM(F9:Q9) -> 3080620.2
A10: =DISTRIBUCIÓN!A54 -> Prediseño del plan de monitoreo de calidad y cantidad del recurso hídrico | B10: =DISTRIBUCIÓN!BD54 -> 0.0057891235 | C10: GLB | D10: 1 | E10: =B10*$E$2/$B$2 -> 11281725 | F10: =E10 -> 11281725 | R10: =SUM(F10:Q10) -> 11281725
A11: =DISTRIBUCIÓN!A55 -> Elaboración del plan de trabajo detallado | B11: =DISTRIBUCIÓN!BD55 -> 0.0051467731 | C11: GLB | D11: =DISTRIBUCIÓN!E56 -> 1 | E11: =B11*$E$2/$B$2 -> 10029926 | F11: =E11 -> 10029926 | R11: =SUM(F11:Q11) -> 10029926
A12: =DISTRIBUCIÓN!A59 -> FASE 2. Diagnóstico | B12: =DISTRIBUCIÓN!E38 -> 0.89410355 | E12: =DISTRIBUCIÓN!D38 -> 1.7424107e+09 | R12: =SUM(R13:R32) -> 1.7424107e+09 | S12: =IF(ABS(R12-E12)<0.0001,"OK"," ERROR") -> OK
A13: =DISTRIBUCIÓN!A60 -> Caracterización Inicial | S13: Control
A14: =DISTRIBUCIÓN!A61 -> Paso 1. Diseño e implementación del proceso de participación | B14: =DISTRIBUCIÓN!BD61 -> 0.01379266 | C14: GLB | D14: 1 | E14: =B14*$E$2/$B$2 -> 26878853 | G14: =$E$14 -> 26878853 | R14: =SUM(F14:Q14) -> 26878853
A15: =DISTRIBUCIÓN!A62 -> Paso 2. Definición de los tramos o sectores de análisis | B15: =DISTRIBUCIÓN!BD62 -> 0.0049516924 | C15: GLB | D15: 1 | E15: =B15*$E$12/$B$12 -> 9649756.9 | G15: =$E$15 -> 9649756.9 | R15: =SUM(F15:Q15) -> 9649756.9
A16: =DISTRIBUCIÓN!A63 -> Paso 3. Definición para la estructura conceptual para la modelación de calidad del agua | B16: =DISTRIBUCIÓN!BD63 -> 0.032493663 | C16: GLB | D16: 1 | E16: =B16*$E$12/$B$12 -> 63322985 | G16: =$E$16 -> 63322985 | R16: =SUM(F16:Q16) -> 63322985
A17: =DISTRIBUCIÓN!A64 -> Trabajo de campo
A18: =DISTRIBUCIÓN!A65 -> Paso 1. Censo de usuarios y consolidación de información | B18: =DISTRIBUCIÓN!BD65 -> 0.11437688 | C18: GLB | D18: 1 | E18: =B18*$E$12/$B$12 -> 2.2289532e+08 | G18: =$E$18/4 -> 55723830 | H18: =$E$18/4 -> 55723830 | I18: =$E$18/4 -> 55723830 | J18: =$E$18/4 -> 55723830 | R18: =SUM(F18:Q18) -> 2.2289532e+08
A19: =DISTRIBUCIÓN!A66 -> Paso 2. Diseño y ejecución del plan de monitoreo | B19: =DISTRIBUCIÓN!BD66 -> 0.59127192 | C19: GLB | D19: 1 | E19: =B19*$E$12/$B$12 -> 1.1522586e+09 | H19: =$E$19/3 -> 3.8408621e+08 | I19: =$E$19/3 -> 3.8408621e+08 | K19: =$E$19/3 -> 3.8408621e+08 | R19: =SUM(F19:Q19) -> 1.1522586e+09
A20: =DISTRIBUCIÓN!A67 -> Construcción de línea base
A21: =DISTRIBUCIÓN!A68 -> Paso 1. Consolidación de usos existentes del recurso hídrico | B21: =DISTRIBUCIÓN!BD68 -> 0.0028580238 | C21: GLB | D21: 1 | E21: =B21*$E$12/$B$12 -> 5569658.3 | K21: =$E$21/2 -> 2784829.2 | L21: =$E$21/2 -> 2784829.2 | R21: =SUM(F21:Q21) -> 5569658.3
A22: =DISTRIBUCIÓN!A69 -> Paso 2. Estimación de la oferta hídrica total y oferta hídrica total disponible e indicadores de estado | B22: =DISTRIBUCIÓN!BD69 -> 0.021585535 | C22: GLB | D22: 1 | E22: =B22*$E$12/$B$12 -> 42065449 | H22: =$E$22/3 -> 14021816 | I22: =$E$22/3 -> 14021816 | J22: =$E$22/3 -> 14021816 | R22: =SUM(F22:Q22) -> 42065449
A23: =DISTRIBUCIÓN!A70 -> Paso 3. Identificación de zonas de recarga del acuífero o interacciones con las aguas superficiales | B23: =DISTRIBUCIÓN!BD70 -> 0.01265366 | C23: GLB | D23: 1 | E23: =B23*$E$12/$B$12 -> 24659194 | I23: =$E$23/2 -> 12329597 | J23: =$E$23/2 -> 12329597 | R23: =SUM(F23:Q23) -> 24659194
A24: =DISTRIBUCIÓN!A71 -> Paso 4. Elaboración de perfiles de calidad actual de cada cuerpo de agua | B24: =DISTRIBUCIÓN!BD71 -> 0.0050513909 | C24: GLB | D24: 1 | E24: =B24*$E$12/$B$12 -> 9844047.3 | J24: =$E$24/2 -> 4922023.6 | L24: =$E$24/2 -> 4922023.6 | R24: =SUM(F24:Q24) -> 9844047.3
A25: =DISTRIBUCIÓN!A72 -> Paso 5. Estimación de indicadores de calidad de agua | B25: =DISTRIBUCIÓN!BD72 -> 0.0048519939 | C25: GLB | D25: 1 | E25: =B25*$E$12/$B$12 -> 9455466.5 | J25: =$E$25/2 -> 4727733.2 | L25: =$E$25/2 -> 4727733.2 | R25: =SUM(F25:Q25) -> 9455466.5
A26: =DISTRIBUCIÓN!A73 -> Paso 6. Clasificación de los usos actuales | B26: =DISTRIBUCIÓN!BD73 -> 0.0039879402 | C26: GLB | D26: 1 | E26: =B26*$E$12/$B$12 -> 7771616.3 | K26: =$E$26/2 -> 3885808.1 | L26: =$E$26/2 -> 3885808.1 | R26: =SUM(F26:Q26) -> 7771616.3
A27: =DISTRIBUCIÓN!A74 -> Paso 7. Estudio de demanda de agua | B27: =DISTRIBUCIÓN!BD74 -> 0.0144185 | C27: GLB | D27: 1 | E27: =B27*$E$12/$B$12 -> 28098478 | K27: =E27 -> 28098478 | R27: =SUM(F27:Q27) -> 28098478
A28: =DISTRIBUCIÓN!A75 -> Paso 8. Indicadores de presión sobre el recurso hídrico superficial | B28: =DISTRIBUCIÓN!BD75 -> 0.0060044249 | C28: GLB | D28: 1 | E28: =B28*$E$12/$B$12 -> 11701300 | L28: =E28 -> 11701300 | R28: =SUM(F28:Q28) -> 11701300
A29: =DISTRIBUCIÓN!A76 -> Paso 9. Estimación cualitativa del riesgo | B29: =DISTRIBUCIÓN!BD76 -> 0.0095439913 | C29: GLB | D29: 1 | E29: =B29*$E$12/$B$12 -> 18599135 | L29: =E29 -> 18599135 | R29: =SUM(F29:Q29) -> 18599135
A30: =DISTRIBUCIÓN!A77 -> Paso 10. Análisis de problemáticas y conflictos derivados del recurso hídrico | B30: =DISTRIBUCIÓN!BD77 -> 0.016749349 | C30: GLB | D30: 1 | E30: =B30*$E$12/$B$12 -> 32640788 | H30: =$E$30/5 -> 6528157.7 | I30: =$E$30/5 -> 6528157.7 | J30: =$E$30/5 -> 6528157.7 | K30: =$E$30/5 -> 6528157.7 | L30: =$E$30/5 -> 6528157.7 | R30: =SUM(F30:Q30) -> 32640788
A31: =DISTRIBUCIÓN!A78 -> Paso 11. Sistematización de la información resultado de la fase de diagnóstico | B31: =DISTRIBUCIÓN!BD78 -> 0.032368781 | C31: GLB | D31: 1 | E31: =B31*$E$12/$B$12 -> 63079619 | G31: =$E$31/6 -> 10513270 | H31: =$E$31/6 -> 10513270 | I31: =$E$31/6 -> 10513270 | J31: =$E$31/6 -> 10513270 | K31: =$E$31/6 -> 10513270 | L31: =$E$31/6 -> 10513270 | R31: =SUM(F31:Q31) -> 63079619
A32: =DISTRIBUCIÓN!A79 -> Paso 12. Socialización de los resultados de la fase de diagnóstico | B32: =DISTRIBUCIÓN!BD79 -> 0.0071431499 | C32: GLB | D32: 1 | E32: =B32*$E$12/$B$12 -> 13920424 | L32: =E32 -> 13920424 | R32: =SUM(F32:Q32) -> 13920424
A33: =DISTRIBUCIÓN!A85 -> FASE 3. Identificación de usos potenciales | B33: =DISTRIBUCIÓN!E39 -> 0.0395 | E33: =DISTRIBUCIÓN!D39 -> 76956035 | R33: =ROUND(SUM(R34:R38),4) -> 76956035 | S33: =IF(ABS(R33-E33)<0.0001,"OK"," ERROR") -> OK
A34: =DISTRIBUCIÓN!A86 -> Paso 1: Proyección de la demanda de agua | B34: =DISTRIBUCIÓN!BD86 -> 0.011114759 | C34: GLB | D34: 1 | E34: =B34*$E$33/$B$33 -> 21654373 | M34: =E34/2 -> 10827187 | N34: =E34/2 -> 10827187 | R34: =SUM(F34:Q34) -> 21654373 | S34: Control
A35: =DISTRIBUCIÓN!A87 -> Paso 2: Modelación de la calidad del agua y simulación de escenarios | B35: =DISTRIBUCIÓN!BD87 -> 0.0058718512 | D35: 1 | E35: =B35*$E$33/$B$33 -> 11439858 | M35: =E35/2 -> 5719928.9 | N35: =E35/2 -> 5719928.9 | R35: =SUM(F35:Q35) -> 11439858
A36: =DISTRIBUCIÓN!A88 -> Paso 3: Clasificación del cuerpo de agua e identificación de usos potenciales | B36: =DISTRIBUCIÓN!BD88 -> 0.009288201 | C36: GLB | D36: 1 | E36: =B36*$E$33/$B$33 -> 18095775 | M36: =E36/2 -> 9047887.6 | N36: =E36/2 -> 9047887.6 | R36: =SUM(F36:Q36) -> 18095775
A37: =DISTRIBUCIÓN!A89 -> Paso 4. Estimación cualitativa de riesgos asociados a reducción de la oferta y disponibilidad del recurso hídrico | B37: =DISTRIBUCIÓN!BD89 -> 0.0074732652 | C37: GLB | D37: 1 | E37: =B37*$E$33/$B$33 -> 14559819 | M37: =E37/2 -> 7279909.6 | N37: =E37/2 -> 7279909.6 | R37: =SUM(F37:Q37) -> 14559819
A38: =DISTRIBUCIÓN!A90 -> Paso 5. Socialización de los resultados de la fase de Usos Potenciales | B38: =DISTRIBUCIÓN!BD90 -> 0.005751924 | C38: GLB | D38: 1 | E38: =B38*$E$33/$B$33 -> 11206209 | N38: =E38 -> 11206209 | R38: =SUM(F38:Q38) -> 11206209
A39: =DISTRIBUCIÓN!A95 -> FASE 4. Elaboración del plan | B39: =DISTRIBUCIÓN!E40 -> 0.0392 | C39: GLB | E39: =DISTRIBUCIÓN!D40 -> 76425238 | R39: =ROUND(SUM(R40:R49),4) -> 76425238 | S39: =IF(ABS(R39-E39)<0.0001,"OK"," ERROR") -> OK
A40: =DISTRIBUCIÓN!A97 -> Paso 1: Definición o ajuste de objetivos y criterios de calidad por uso | B40: =DISTRIBUCIÓN!BD97 -> 0.0021160081 | C40: GLB | D40: 1 | E40: =B40*$E$39/$B$39 -> 4125419 | O40: =E40 -> 4125419 | R40: =SUM(F40:Q40) -> 4125419 | S40: Control
A41: =DISTRIBUCIÓN!A98 -> Paso 2: Definición de prohibiciones y condicionamientos | B41: =DISTRIBUCIÓN!BD98 -> 0.0021160081 | C41: GLB | D41: 1 | E41: =B41*$E$39/$B$39 -> 4125419 | O41: =E41 -> 4125419 | R41: =SUM(F41:Q41) -> 4125419
A42: =DISTRIBUCIÓN!A99 -> Paso 3: Definición o ajuste de metas quinquenales de reducción de cargas contaminantes | B42: =DISTRIBUCIÓN!BD99 -> 0.0021160081 | C42: GLB | D42: 1 | E42: =B42*$E$39/$B$39 -> 4125419 | O42: =E42 -> 4125419 | R42: =SUM(F42:Q42) -> 4125419
A43: =DISTRIBUCIÓN!A100 -> Paso 4. Articulación con el POMCA | B43: =DISTRIBUCIÓN!BD100 -> 0.0021160081 | C43: GLB | D43: 1 | E43: =B43*$E$39/$B$39 -> 4125419 | O43: =E43 -> 4125419 | R43: =SUM(F43:Q43) -> 4125419
A44: =DISTRIBUCIÓN!A101 -> Paso 5: Articulación con otros instrumentos | B44: =DISTRIBUCIÓN!BD101 -> 0.0021160081 | C44: GLB | D44: 1 | E44: =B44*$E$39/$B$39 -> 4125419 | O44: =E44 -> 4125419 | R44: =SUM(F44:Q44) -> 4125419
A45: =DISTRIBUCIÓN!A102 -> Paso 6: Elaboración del programa de seguimiento y monitoreo al recurso hídrico | B45: =DISTRIBUCIÓN!BD102 -> 0.0033755368 | C45: GLB | D45: 1 | E45: =B45*$E$39/$B$39 -> 6581025.5 | P45: =E45 -> 6581025.5 | R45: =SUM(F45:Q45) -> 6581025.5
A46: =DISTRIBUCIÓN!A103 -> Paso 7: Estructuración de proyectos y actividades | B46: =DISTRIBUCIÓN!BD103 -> 0.0033251556 | C46: GLB | D46: 1 | E46: =B46*$E$39/$B$39 -> 6482801.2 | P46: =E46 -> 6482801.2 | R46: =SUM(F46:Q46) -> 6482801.2
A47: =DISTRIBUCIÓN!A104 -> Paso 8: Elaboración de informes | B47: =DISTRIBUCIÓN!BD104 -> 0.003476299 | C47: GLB | D47: 1 | E47: =B47*$E$39/$B$39 -> 6777474 | P47: =E47 -> 6777474 | R47: =SUM(F47:Q47) -> 6777474
A48: =DISTRIBUCIÓN!A105 -> Paso 9: Socialización del PORH | B48: =DISTRIBUCIÓN!BD105 -> 0.0057234437 | C48: GLB | D48: 1 | E48: =B48*$E$39/$B$39 -> 11158560 | P48: =E48 -> 11158560 | R48: =SUM(F48:Q48) -> 11158560
A49: =DISTRIBUCIÓN!A106 -> Impresiones y publicaciones | B49: =DISTRIBUCIÓN!BD106 -> 0.012719524 | C49: GLB | D49: 1 | E49: =B49*$E$39/$B$39 -> 24798282 | Q49: =E49 -> 24798282 | R49: =SUM(F49:Q49) -> 24798282
A50: SUBTOTAL | E50: =ROUND((E2+E12+E33+E39),0) -> 1948779543 | F50: =SUM(F2:F49) -> 52987560 | G50: =SUM(G2:G49) -> 1.6608869e+08 | H50: =SUM(H2:H49) -> 4.7087328e+08 | I50: =SUM(I2:I49) -> 4.8320288e+08 | J50: =SUM(J2:J49) -> 1.0876643e+08 | K50: =SUM(K2:K49) -> 4.3589675e+08 | L50: =SUM(L2:L49) -> 77582682 | M50: =SUM(M2:M49) -> 32874913 | ... Q50: =SUM(Q2:Q49) -> 24798282 | R50: =ROUND((SUM(R2+R12+R33+R39)),0) -> 1948779543 | S50: =IF(ABS(R50-ECONÓMICA!H36)<0.0001,"OK"," ERROR") -> OK
A51: IVA 19% | E51: =ROUND((E50*0.19),0) -> 370268113 | F51: =F50*0.19 -> 10067636 | G51: =G50*0.19 -> 31556852 | H51: =H50*0.19 -> 89465923 | I51: =I50*0.19 -> 91808547 | J51: =J50*0.19 -> 20665621 | K51: =K50*0.19 -> 82820382 | L51: =L50*0.19 -> 14740709 | M51: =M50*0.19 -> 6246233.4 | ... Q51: =Q50*0.19 -> 4711673.7 | S51: Control
A52: VALOR TOTAL | E52: =ROUND((SUM(E50:E51)),0) -> 2319047656 | F52: =SUM(F50:F51) -> 63055197 | G52: =SUM(G50:G51) -> 1.9764555e+08 | H52: =SUM(H50:H51) -> 5.603392e+08 | I52: =SUM(I50:I51) -> 5.7501142e+08 | J52: =SUM(J50:J51) -> 1.2943205e+08 | K52: =SUM(K50:K51) -> 5.1871713e+08 | L52: =SUM(L50:L51) -> 92323391 | M52: =SUM(M50:M51) -> 39121146 | ... Q52: =SUM(Q50:Q51) -> 29509956 | R52: =ROUND(SUM(F52:Q52),0) -> 2319047656
E53: =IF(ABS(E52-ECONÓMICA!H37)<0.001,"OK"," ERROR") -> OK | R53: =IF(ABS(E52-ECONÓMICA!H37)<0.001,"OK"," ERROR") -> OK
E54: Control | R54: Control

Sheet (%) DE AVANCE CONSULTORÍA
A1: ACTIVIDADES | B1: % | C1: UND | D1: CANTIDAD | E1: VALOR TOTAL | F1: MES 1 | G1: MES 2 | H1: MES 3 | I1: MES 4 | J1: MES 5 | K1: MES 6 | L1: MES 7 | M1: MES 8 | N1: MES 9 | O1: MES 10 | P1: MES 11 | Q1: MES 12 | R1: TOTAL (%)
A2: =DISTRIBUCIÓN!A46 -> FASE 1. Declaratoria y Acciones Previas | B2: =DISTRIBUCIÓN!BD56 -> 0.027190126 | E2: =DISTRIBUCIÓN!D37 -> 52987560 | R2: =SUM(R3:R11) -> 0.027190126 | S2: =IF(ABS(R2-B2)<0.001,"OK"," ERROR") -> OK
A3: =DISTRIBUCIÓN!A47 -> Localización del cuerpo de agua | B3: =DISTRIBUCIÓN!BD47 -> 0.0009558293 | C3: GLB | D3: 1 | E3: =B3*$E$2/$B$2 -> 1862700.6 | F3: =B3 -> 0.0009558293 | R3: =SUM(F3:Q3) -> 0.0009558293 | S3: Control
A4: =DISTRIBUCIÓN!A48 -> Alistamiento Institucional | B4: =DISTRIBUCIÓN!BD48 -> 0.0029900301 | C4: GLB | D4: 1 | E4: =B4*$E$2/$B$2 -> 5826909.5 | F4: =B4 -> 0.0029900301 | R4: =SUM(F4:Q4) -> 0.0029900301
A5: =DISTRIBUCIÓN!A49 -> Identificación de actores relevantes para el ordenamiento | B5: =DISTRIBUCIÓN!BD49 -> 0.0044656676 | C5: GLB | D5: 1 | E5: =B5*$E$2/$B$2 -> 8702601.6 | F5: =B5 -> 0.0044656676 | R5: =SUM(F5:Q5) -> 0.0044656676
A6: =DISTRIBUCIÓN!A50 -> Recopilación de información de instrumentos existentes | B6: =DISTRIBUCIÓN!BD50 -> 0.0035292159 | C6: GLB | D6: 1 | E6: =B6*$E$2/$B$2 -> 6877663.7 | F6: =B6 -> 0.0035292159 | R6: =SUM(F6:Q6) -> 0.0035292159
A7: =DISTRIBUCIÓN!A51 -> Recopilación de información de redes hidrometeorológicas hidrobiológicas y de calidad | B7: =DISTRIBUCIÓN!BD51 -> 0.0010783715 | C7: GLB | D7: 1 | E7: =B7*$E$2/$B$2 -> 2101508.3 | F7: =B7 -> 0.0010783715 | R7: =SUM(F7:Q7) -> 0.0010783715
A8: =DISTRIBUCIÓN!A52 -> Identificación preliminar de usuarios y clasificación de los usos actuales | B8: =DISTRIBUCIÓN!BD52 -> 0.0016543199 | C8: GLB | D8: 1 | E8: =B8*$E$2/$B$2 -> 3223904.8 | F8: =B8 -> 0.0016543199 | R8: =SUM(F8:Q8) -> 0.0016543199
A9: =DISTRIBUCIÓN!A53 -> Revisión de información asociada a los conflictos por uso del recurso hídrico | B9: =DISTRIBUCIÓN!BD53 -> 0.0015807946 | C9: GLB | D9: 1 | E9: =B9*$E$2/$B$2 -> 3080620.2 | F9: =B9 -> 0.0015807946 | R9: =SUM(F9:Q9) -> 0.0015807946
A10: =DISTRIBUCIÓN!A54 -> Prediseño del plan de monitoreo de calidad y cantidad del recurso hídrico | B10: =DISTRIBUCIÓN!BD54 -> 0.0057891235 | C10: GLB | D10: 1 | E10: =B10*$E$2/$B$2 -> 11281725 | F10: =B10 -> 0.0057891235 | R10: =SUM(F10:Q10) -> 0.0057891235
A11: =DISTRIBUCIÓN!A55 -> Elaboración del plan de trabajo detallado | B11: =DISTRIBUCIÓN!BD55 -> 0.0051467731 | C11: GLB | D11: =DISTRIBUCIÓN!E56 -> 1 | E11: =B11*$E$2/$B$2 -> 10029926 | F11: =B11 -> 0.0051467731 | R11: =SUM(F11:Q11) -> 0.0051467731
A12: =DISTRIBUCIÓN!A59 -> FASE 2. Diagnóstico | B12: =DISTRIBUCIÓN!E38 -> 0.89410355 | E12: =DISTRIBUCIÓN!D38 -> 1.7424107e+09 | R12: =SUM(R13:R32) -> 0.89410355 | S12: =IF(ABS(R12-B12)<0.001,"OK"," ERROR") -> OK
A13: =DISTRIBUCIÓN!A60 -> Caracterización Inicial | S13: Control
A14: =DISTRIBUCIÓN!A61 -> Paso 1. Diseño e implementación del proceso de participación | B14: =DISTRIBUCIÓN!BD61 -> 0.01379266 | C14: GLB | D14: 1 | E14: =B14*$E$12/$B$12 -> 26878853 | G14: =$B$14 -> 0.01379266 | R14: =SUM(F14:Q14) -> 0.01379266
A15: =DISTRIBUCIÓN!A62 -> Paso 2. Definición de los tramos o sectores de análisis | B15: =DISTRIBUCIÓN!BD62 -> 0.0049516924 | C15: GLB | D15: 1 | E15: =B15*$E$12/$B$12 -> 9649756.9 | G15: =$B$15 -> 0.0049516924 | R15: =SUM(F15:Q15) -> 0.0049516924
A16: =DISTRIBUCIÓN!A63 -> Paso 3. Definición para la estructura conceptual para la modelación de calidad del agua | B16: =DISTRIBUCIÓN!BD63 -> 0.032493663 | C16: GLB | D16: 1 | E16: =B16*$E$12/$B$12 -> 63322985 | G16: =$B$16 -> 0.032493663 | R16: =SUM(F16:Q16) -> 0.032493663
A17: =DISTRIBUCIÓN!A64 -> Trabajo de campo
A18: =DISTRIBUCIÓN!A65 -> Paso 1. Censo de usuarios y consolidación de información | B18: =DISTRIBUCIÓN!BD65 -> 0.11437688 | C18: GLB | D18: 1 | E18: =B18*$E$12/$B$12 -> 2.2289532e+08 | G18: =$B$18/4 -> 0.028594219 | H18: =$B$18/4 -> 0.028594219 | I18: =$B$18/4 -> 0.028594219 | J18: =$B$18/4 -> 0.028594219 | R18: =SUM(F18:Q18) -> 0.11437688
A19: =DISTRIBUCIÓN!A66 -> Paso 2. Diseño y ejecución del plan de monitoreo | B19: =DISTRIBUCIÓN!BD66 -> 0.59127192 | C19: GLB | D19: 1 | E19: =B19*$E$12/$B$12 -> 1.1522586e+09 | H19: =$B$19/3 -> 0.19709064 | I19: =$B$19/3 -> 0.19709064 | K19: =$B$19/3 -> 0.19709064 | R19: =SUM(F19:Q19) -> 0.59127192
A20: =DISTRIBUCIÓN!A67 -> Construcción de línea base
A21: =DISTRIBUCIÓN!A68 -> Paso 1. Consolidación de usos existentes del recurso hídrico | B21: =DISTRIBUCIÓN!BD68 -> 0.0028580238 | C21: GLB | D21: 1 | E21: =B21*$E$12/$B$12 -> 5569658.3 | K21: =$B$21/2 -> 0.0014290119 | L21: =$B$21/2 -> 0.0014290119 | R21: =SUM(F21:Q21) -> 0.0028580238
A22: =DISTRIBUCIÓN!A69 -> Paso 2. Estimación de la oferta hídrica total y oferta hídrica total disponible e indicadores de estado | B22: =DISTRIBUCIÓN!BD69 -> 0.021585535 | C22: GLB | D22: 1 | E22: =B22*$E$12/$B$12 -> 42065449 | H22: =$B$22/3 -> 0.0071951783 | I22: =$B$22/3 -> 0.0071951783 | J22: =$B$22/3 -> 0.0071951783 | R22: =SUM(F22:Q22) -> 0.021585535
A23: =DISTRIBUCIÓN!A70 -> Paso 3. Identificación de zonas de recarga del acuífero o interacciones con las aguas superficiales | B23: =DISTRIBUCIÓN!BD70 -> 0.01265366 | C23: GLB | D23: 1 | E23: =B23*$E$12/$B$12 -> 24659194 | I23: =$B$23/2 -> 0.0063268301 | J23: =$B$23/2 -> 0.0063268301 | R23: =SUM(F23:Q23) -> 0.01265366
A24: =DISTRIBUCIÓN!A71 -> Paso 4. Elaboración de perfiles de calidad actual de cada cuerpo de agua | B24: =DISTRIBUCIÓN!BD71 -> 0.0050513909 | C24: GLB | D24: 1 | E24: =B24*$E$12/$B$12 -> 9844047.3 | J24: =$B$24/2 -> 0.0025256955 | L24: =$B$24/2 -> 0.0025256955 | R24: =SUM(F24:Q24) -> 0.0050513909
A25: =DISTRIBUCIÓN!A72 -> Paso 5. Estimación de indicadores de calidad de agua | B25: =DISTRIBUCIÓN!BD72 -> 0.0048519939 | C25: GLB | D25: 1 | E25: =B25*$E$12/$B$12 -> 9455466.5 | J25: =$B$25/2 -> 0.002425997 | L25: =$B$25/2 -> 0.002425997 | R25: =SUM(F25:Q25) -> 0.0048519939
A26: =DISTRIBUCIÓN!A73 -> Paso 6. Clasificación de los usos actuales | B26: =DISTRIBUCIÓN!BD73 -> 0.0039879402 | C26: GLB | D26: 1 | E26: =B26*$E$12/$B$12 -> 7771616.3 | K26: =$B$26/2 -> 0.0019939701 | L26: =$B$26/2 -> 0.0019939701 | R26: =SUM(F26:Q26) -> 0.0039879402
A27: =DISTRIBUCIÓN!A74 -> Paso 7. Estudio de demanda de agua | B27: =DISTRIBUCIÓN!BD74 -> 0.0144185 | C27: GLB | D27: 1 | E27: =B27*$E$12/$B$12 -> 28098478 | K27: =B27 -> 0.0144185 | R27: =SUM(F27:Q27) -> 0.0144185
A28: =DISTRIBUCIÓN!A75 -> Paso 8. Indicadores de presión sobre el recurso hídrico superficial | B28: =DISTRIBUCIÓN!BD75 -> 0.0060044249 | C28: GLB | D28: 1 | E28: =B28*$E$12/$B$12 -> 11701300 | L28: =B28 -> 0.0060044249 | R28: =SUM(F28:Q28) -> 0.0060044249
A29: =DISTRIBUCIÓN!A76 -> Paso 9. Estimación cualitativa del riesgo | B29: =DISTRIBUCIÓN!BD76 -> 0.0095439913 | C29: GLB | D29: 1 | E29: =B29*$E$12/$B$12 -> 18599135 | L29: =B29 -> 0.0095439913 | R29: =SUM(F29:Q29) -> 0.0095439913
A30: =DISTRIBUCIÓN!A77 -> Paso 10. Análisis de problemáticas y conflictos derivados del recurso hídrico | B30: =DISTRIBUCIÓN!BD77 -> 0.016749349 | C30: GLB | D30: 1 | E30: =B30*$E$12/$B$12 -> 32640788 | H30: =$B$30/5 -> 0.0033498698 | I30: =$B$30/5 -> 0.0033498698 | J30: =$B$30/5 -> 0.0033498698 | K30: =$B$30/5 -> 0.0033498698 | L30: =$B$30/5 -> 0.0033498698 | R30: =SUM(F30:Q30) -> 0.016749349
A31: =DISTRIBUCIÓN!A78 -> Paso 11. Sistematización de la información resultado de la fase de diagnóstico | B31: =DISTRIBUCIÓN!BD78 -> 0.032368781 | C31: GLB | D31: 1 | E31: =B31*$E$12/$B$12 -> 63079619 | G31: =$B$31/6 -> 0.0053947969 | H31: =$B$31/6 -> 0.0053947969 | I31: =$B$31/6 -> 0.0053947969 | J31: =$B$31/6 -> 0.0053947969 | K31: =$B$31/6 -> 0.0053947969 | L31: =$B$31/6 -> 0.0053947969 | R31: =SUM(F31:Q31) -> 0.032368781
A32: =DISTRIBUCIÓN!A79 -> Paso 12. Socialización de los resultados de la fase de diagnóstico | B32: =DISTRIBUCIÓN!BD79 -> 0.0071431499 | C32: GLB | D32: 1 | E32: =B32*$E$12/$B$12 -> 13920424 | L32: =B32 -> 0.0071431499 | R32: =SUM(F32:Q32) -> 0.0071431499
A33: =DISTRIBUCIÓN!A85 -> FASE 3. Identificación de usos potenciales | B33: =DISTRIBUCIÓN!E39 -> 0.0395 | E33: =DISTRIBUCIÓN!D39 -> 76956035 | R33: =ROUND(SUM(R34:R38),4) -> 0.0395 | S33: =IF(ABS(R33-B33)<0.001,"OK"," ERROR") -> OK
A34: =DISTRIBUCIÓN!A86 -> Paso 1: Proyección de la demanda de agua | B34: =DISTRIBUCIÓN!BD86 -> 0.011114759 | C34: GLB | D34: 1 | E34: =B34*$E$33/$B$33 -> 21654373 | M34: =B34/2 -> 0.0055573793 | N34: =B34/2 -> 0.0055573793 | R34: =SUM(F34:Q34) -> 0.011114759 | S34: Control
A35: =DISTRIBUCIÓN!A87 -> Paso 2: Modelación de la calidad del agua y simulación de escenarios | B35: =DISTRIBUCIÓN!BD87 -> 0.0058718512 | D35: 1 | E35: =B35*$E$33/$B$33 -> 11439858 | M35: =B35/2 -> 0.0029359256 | N35: =B35/2 -> 0.0029359256 | R35: =SUM(F35:Q35) -> 0.0058718512
A36: =DISTRIBUCIÓN!A88 -> Paso 3: Clasificación del cuerpo de agua e identificación de usos potenciales | B36: =DISTRIBUCIÓN!BD88 -> 0.009288201 | C36: GLB | D36: 1 | E36: =B36*$E$33/$B$33 -> 18095775 | M36: =B36/2 -> 0.0046441005 | N36: =B36/2 -> 0.0046441005 | R36: =SUM(F36:Q36) -> 0.009288201
A37: =DISTRIBUCIÓN!A89 -> Paso 4. Estimación cualitativa de riesgos asociados a reducción de la oferta y disponibilidad del recurso hídrico | B37: =DISTRIBUCIÓN!BD89 -> 0.0074732652 | C37: GLB | D37: 1 | E37: =B37*$E$33/$B$33 -> 14559819 | M37: =B37/2 -> 0.0037366326 | N37: =B37/2 -> 0.0037366326 | R37: =SUM(F37:Q37) -> 0.0074732652
A38: =DISTRIBUCIÓN!A90 -> Paso 5. Socialización de los resultados de la fase de Usos Potenciales | B38: =DISTRIBUCIÓN!BD90 -> 0.005751924 | C38: GLB | D38: 1 | E38: =B38*$E$33/$B$33 -> 11206209 | N38: =B38 -> 0.005751924 | R38: =SUM(F38:Q38) -> 0.005751924
A39: =DISTRIBUCIÓN!A95 -> FASE 4. Elaboración del plan | B39: =DISTRIBUCIÓN!E40 -> 0.0392 | C39: GLB | E39: =DISTRIBUCIÓN!D40 -> 76425238 | R39: =ROUND(SUM(R40:R49),4) -> 0.0392 | S39: =IF(ABS(R39-B39)<0.001,"OK"," ERROR") -> OK
A40: =DISTRIBUCIÓN!A97 -> Paso 1: Definición o ajuste de objetivos y criterios de calidad por uso | B40: =DISTRIBUCIÓN!BD97 -> 0.0021160081 | C40: GLB | D40: 1 | E40: =B40*$E$39/$B$39 -> 4125419 | O40: =B40 -> 0.0021160081 | R40: =SUM(F40:Q40) -> 0.0021160081 | S40: Control
A41: =DISTRIBUCIÓN!A98 -> Paso 2: Definición de prohibiciones y condicionamientos | B41: =DISTRIBUCIÓN!BD98 -> 0.0021160081 | C41: GLB | D41: 1 | E41: =B41*$E$39/$B$39 -> 4125419 | O41: =B41 -> 0.0021160081 | R41: =SUM(F41:Q41) -> 0.0021160081
A42: =DISTRIBUCIÓN!A99 -> Paso 3: Definición o ajuste de metas quinquenales de reducción de cargas contaminantes | B42: =DISTRIBUCIÓN!BD99 -> 0.0021160081 | C42: GLB | D42: 1 | E42: =B42*$E$39/$B$39 -> 4125419 | O42: =B42 -> 0.0021160081 | R42: =SUM(F42:Q42) -> 0.0021160081
A43: =DISTRIBUCIÓN!A100 -> Paso 4. Articulación con el POMCA | B43: =DISTRIBUCIÓN!BD100 -> 0.0021160081 | C43: GLB | D43: 1 | E43: =B43*$E$39/$B$39 -> 4125419 | O43: =B43 -> 0.0021160081 | R43: =SUM(F43:Q43) -> 0.0021160081
A44: =DISTRIBUCIÓN!A101 -> Paso 5: Articulación con otros instrumentos | B44: =DISTRIBUCIÓN!BD101 -> 0.0021160081 | C44: GLB | D44: 1 | E44: =B44*$E$39/$B$39 -> 4125419 | O44: =B44 -> 0.0021160081 | R44: =SUM(F44:Q44) -> 0.0021160081
A45: =DISTRIBUCIÓN!A102 -> Paso 6: Elaboración del programa de seguimiento y monitoreo al recurso hídrico | B45: =DISTRIBUCIÓN!BD102 -> 0.0033755368 | C45: GLB | D45: 1 | E45: =B45*$E$39/$B$39 -> 6581025.5 | P45: =B45 -> 0.0033755368 | R45: =SUM(F45:Q45) -> 0.0033755368
A46: =DISTRIBUCIÓN!A103 -> Paso 7: Estructuración de proyectos y actividades | B46: =DISTRIBUCIÓN!BD103 -> 0.0033251556 | C46: GLB | D46: 1 | E46: =B46*$E$39/$B$39 -> 6482801.2 | P46: =B46 -> 0.0033251556 | R46: =SUM(F46:Q46) -> 0.0033251556
A47: =DISTRIBUCIÓN!A104 -> Paso 8: Elaboración de informes | B47: =DISTRIBUCIÓN!BD104 -> 0.003476299 | C47: GLB | D47: 1 | E47: =B47*$E$39/$B$39 -> 6777474 | P47: =B47 -> 0.003476299 | R47: =SUM(F47:Q47) -> 0.003476299
A48: =DISTRIBUCIÓN!A105 -> Paso 9: Socialización del PORH | B48: =DISTRIBUCIÓN!BD105 -> 0.0057234437 | C48: GLB | D48: 1 | E48: =B48*$E$39/$B$39 -> 11158560 | P48: =B48 -> 0.0057234437 | R48: =SUM(F48:Q48) -> 0.0057234437
A49: =DISTRIBUCIÓN!A106 -> Impresiones y publicaciones | B49: =DISTRIBUCIÓN!BD106 -> 0.012719524 | C49: GLB | D49: 1 | E49: =B49*$E$39/$B$39 -> 24798282 | Q49: =B49 -> 0.012719524 | R49: =SUM(F49:Q49) -> 0.012719524
A50: AVANCE MENSUAL | E50: =ROUND((E2+E12+E33+E39),0) -> 1948779543 | F50: =SUM(F2:F49) -> 0.027190126 | G50: =SUM(G2:G49) -> 0.085227031 | H50: =SUM(H2:H49) -> 0.2416247 | I50: =SUM(I2:I49) -> 0.24795153 | J50: =SUM(J2:J49) -> 0.055812587 | K50: =SUM(K2:K49) -> 0.22367679 | L50: =SUM(L2:L49) -> 0.039810907 | M50: =SUM(M2:M49) -> 0.016874038 | ... Q50: =SUM(Q2:Q49) -> 0.012719524 | R50: =ROUND((SUM(R2+R12+R33+R39)),0) -> 1
A51: AVANCE ACUMULADO | E51: =ROUND((E50*0.19),0) -> 370268113 | F51: =F50 -> 0.027190126 | G51: =F51+G50 -> 0.11241716 | H51: =G51+H50 -> 0.35404186 | I51: =H51+I50 -> 0.60199339 | J51: =I51+J50 -> 0.65780598 | K51: =J51+K50 -> 0.88148277 | L51: =K51+L50 -> 0.92129368 | M51: =L51+M50 -> 0.93816772 | N51: =M51+N50 -> 0.96079368 | ... Q51: =P51+Q50 -> 0.99999368
A52: MESES | E52: =ROUND((SUM(E50:E51)),0) -> 2319047656 | F52: MES 1 | G52: MES 2 | H52: MES 3 | I52: MES 4 | J52: MES 5 | K52: MES 6 | L52: MES 7 | M52: MES 8 | N52: MES 9 | O52: MES 10 | P52: MES 11 | Q52: MES 12
E53: =IF(ABS(E52-ECONÓMICA!H37)<0.001,"OK"," ERROR") -> OK
E54: Control

Sheet CRONOGRAMA CONSULTORÍA
B1: ACTIVIDADES | C1: Mes 1 | G1: Mes 2 | K1: Mes 3 | O1: Mes 4 | S1: Mes 5 | W1: Mes 6 | AA1: Mes 7 | AE1: Mes 8 | AI1: Mes 9 | AM1: Mes 10 | AQ1: Mes 11 | AU1: Mes 12
C2: 1 | D2: 2 | E2: 3 | F2: 4 | G2: 5 | H2: 6 | I2: 7 | J2: 8 | K2: 9 | L2: 10 | M2: 11 | N2: 12 | O2: 13 | P2: 14 | Q2: 15 | R2: 16 | S2: 17 | T2: 18 | U2: 19 | V2: 20 | W2: 21 | X2: 22 | Y2: 23 | Z2: 24 | AA2: 25 | AB2: 26 | AC2: 27 | AD2: 28 | AE2: 29 | AF2: 30 | AG2: 31 | AH2: 32 | AI2: 33 | AJ2: 34 | AK2: 35 | AL2: 36 | AM2: 37 | AN2: 38 | AO2: 39 | AP2: 40 | AQ2: 41 | AR2: 42 | AS2: 43 | AT2: 44 | AU2: 45 | AV2: 46 | AW2: 47 | AX2: 48
B3: =ENTREGABLES!A2 -> FASE 1. Declaratoria y Acciones Previas
B4: =DISTRIBUCIÓN!A47 -> Localización del cuerpo de agua
B5: =DISTRIBUCIÓN!A48 -> Alistamiento Institucional
B6: =DISTRIBUCIÓN!A49 -> Identificación de actores relevantes para el ordenamiento
B7: =DISTRIBUCIÓN!A50 -> Recopilación de información de instrumentos existentes
B8: =DISTRIBUCIÓN!A51 -> Recopilación de información de redes hidrometeorológicas hidrobiológicas y de calidad
B9: =DISTRIBUCIÓN!A52 -> Identificación preliminar de usuarios y clasificación de los usos actuales
B10: =DISTRIBUCIÓN!A53 -> Revisión de información asociada a los conflictos por uso del recurso hídrico
B11: =DISTRIBUCIÓN!A54 -> Prediseño del plan de monitoreo de calidad y cantidad del recurso hídrico
B12: =DISTRIBUCIÓN!A55 -> Elaboración del plan de trabajo detallado
B13: =ENTREGABLES!A12 -> FASE 2. Diagnóstico
B14: =DISTRIBUCIÓN!A60 -> Caracterización Inicial
B15: =ENTREGABLES!A14 -> Paso 1. Diseño e implementación del proceso de participación
B16: =ENTREGABLES!A15 -> Paso 2. Definición de los tramos o sectores de análisis
B17: =ENTREGABLES!A16 -> Paso 3. Definición para la estructura conceptual para la modelación de calidad del agua
B18: =DISTRIBUCIÓN!A64 -> Trabajo de campo
B19: =DISTRIBUCIÓN!A65 -> Paso 1. Censo de usuarios y consolidación de información
B20: =DISTRIBUCIÓN!A66 -> Paso 2. Diseño y ejecución del plan de monitoreo
B21: =DISTRIBUCIÓN!A67 -> Construcción de línea base
B22: =DISTRIBUCIÓN!A68 -> Paso 1. Consolidación de usos existentes del recurso hídrico
B23: =DISTRIBUCIÓN!A69 -> Paso 2. Estimación de la oferta hídrica total y oferta hídrica total disponible e indicadores de estado
B24: =DISTRIBUCIÓN!A70 -> Paso 3. Identificación de zonas de recarga del acuífero o interacciones con las aguas superficiales
B25: =DISTRIBUCIÓN!A71 -> Paso 4. Elaboración de perfiles de calidad actual de cada cuerpo de agua
B26: =DISTRIBUCIÓN!A72 -> Paso 5. Estimación de indicadores de calidad de agua
B27: =DISTRIBUCIÓN!A73 -> Paso 6. Clasificación de los usos actuales
B28: =DISTRIBUCIÓN!A74 -> Paso 7. Estudio de demanda de agua
B29: =DISTRIBUCIÓN!A75 -> Paso 8. Indicadores de presión sobre el recurso hídrico superficial
... B33: =DISTRIBUCIÓN!A79 -> Paso 12. Socialización de los resultados de la fase de diagnóstico
B34: =DISTRIBUCIÓN!A85 -> FASE 3. Identificación de usos potenciales
B35: =DISTRIBUCIÓN!A86 -> Paso 1: Proyección de la demanda de agua
B36: =DISTRIBUCIÓN!A87 -> Paso 2: Modelación de la calidad del agua y simulación de escenarios
B37: =DISTRIBUCIÓN!A88 -> Paso 3: Clasificación del cuerpo de agua e identificación de usos potenciales
B38: =DISTRIBUCIÓN!A89 -> Paso 4. Estimación cualitativa de riesgos asociados a reducción de la oferta y disponibilidad del recurso hídrico
B39: =DISTRIBUCIÓN!A90 -> Paso 5. Socialización de los resultados de la fase de Usos Potenciales
B40: =DISTRIBUCIÓN!A95 -> FASE 4. Elaboración del plan
B41: =DISTRIBUCIÓN!A97 -> Paso 1: Definición o ajuste de objetivos y criterios de calidad por uso
B42: =DISTRIBUCIÓN!A98 -> Paso 2: Definición de prohibiciones y condicionamientos
B43: =DISTRIBUCIÓN!A99 -> Paso 3: Definición o ajuste de metas quinquenales de reducción de cargas contaminantes
B44: =DISTRIBUCIÓN!A100 -> Paso 4. Articulación con el POMCA
B45: =DISTRIBUCIÓN!A101 -> Paso 5: Articulación con otros instrumentos
B46: =DISTRIBUCIÓN!A102 -> Paso 6: Elaboración del programa de seguimiento y monitoreo al recurso hídrico
B47: =DISTRIBUCIÓN!A103 -> Paso 7: Estructuración de proyectos y actividades
B48: =DISTRIBUCIÓN!A104 -> Paso 8: Elaboración de informes
B49: =DISTRIBUCIÓN!A105 -> Paso 9: Socialización del PORH
B50: =DISTRIBUCIÓN!A106 -> Impresiones y publicaciones

Sheet INTERVENTORÍA
A1: ="INTERVENTORÍA " & ECONÓMICA!B2 -> INTERVENTORÍA “FORMULACIÓN DEL PLAN DE ORDENAMIENTO DEL RECURSO HÍDRICO (PORH) DE LA CORRIENTE PRINCIPAL DE LA CUENCA DEL RÍO MEDIO Y BAJO SUÁREZ - NSS Y SUS PRINCIPALES TRIBUTARIOS EN LA JURISDICCIÓN DE LA CORPORACIÓN AUTÓNOMA REGIONAL DE SANTANDER (CAS)”
A2: CONCEPTO | B2: A | C2: B | D2: C | E2: D | F2: E | G2: F
A3: Personal PROFESIONAL | B3: CANTIDAD | C3: SUELDO MES BÁSICO | D3: DEDICACIÓN | E3: % FM | F3: VALOR MES (AXBXCXD) | G3: No. de meses | H3: TOTAL PARCIAL (EXF)
A5: Director Profesional en Recurso Hídrico | B5: 1 | C5: 6521487 | D5: 0.5 | E5: =FM!$D$37 -> 2.04 | F5: =+B5*C5*D5*E5 -> 6651916.7 | G5: 12 | H5: =+F5*G5 -> 79823001
A6: Profesional experto en modelamiento de calidad de agua | B6: 1 | C6: 5837456 | D6: 0.5 | E6: =FM!$D$37 -> 2.04 | F6: =+B6*C6*D6*E6 -> 5954205.1 | G6: 12 | H6: =+F6*G6 -> 71450461
A7: Profesional en Geología | B7: 1 | C7: 4272096 | D7: 0.5 | E7: =FM!$D$37 -> 2.04 | F7: =+B7*C7*D7*E7 -> 4357537.9 | G7: 2 | H7: =+F7*G7 -> 8715075.8
A8: Profesional Jurídico | B8: 1 | C8: 3401086 | D8: 0.6 | E8: =FM!$D$37 -> 2.04 | F8: =+B8*C8*D8*E8 -> 4162929.3 | G8: 1 | H8: =+F8*G8 -> 4162929.3
A9: Profesional Social | B9: 1 | C9: 3401086 | D9: 0.6 | E9: =FM!$D$37 -> 2.04 | F9: =+B9*C9*D9*E9 -> 4162929.3 | G9: 5 | H9: =+F9*G9 -> 20814646
A10: Profesional SIG | B10: 1 | C10: 3401086 | D10: 0.6 | E10: =FM!$D$37 -> 2.04 | F10: =+B10*C10*D10*E10 -> 4162929.3 | G10: 6 | H10: =+F10*G10 -> 24977576
A11: SUB TOTAL COSTO PERSONAL PROFESIONAL | H11: =SUM(H5:H10) -> 2.0994369e+08
A13: OTROS COSTOS DIRECTOS
A15: CONCEPTO | C15: MESES | D15: Dedicación / mes (%) | E15: % FM | F15: Valor / vehículo (mes) | G15: Valor unitario | H15: VALOR TOTAL
A16: 2.1. Transporte | C16: 8 | D16: 0.25 | E16: =FM!D48 -> 1.0417 | F16: ='VIÁTICOS-TRANSP'!B12*30 -> 17066669 | G16: =F16*D16 -> 4266667.2 | H16: =G16*E16*C16 -> 35556698
A17: 2.2. Gastos de Alojamiento, alimentación e Hidratación | C17: Día/Persona | D17: 84 | E17: =FM!D48 -> 1.0417 | G17: ='VIÁTICOS-TRANSP'!B13 -> 160000 | H17: =G17*D17*E17 -> 14000448
A18: SUB TOTAL OTROS COSTOS DIRECTOS (2) | H18: =SUM(H16:H17) -> 49557146
A20: COSTO TOTAL (1+2) | G20: =ROUND((H18+H11),0) -> 259500835
A21: IVA 19% | G21: =(G20)*0.19 -> 49305159
A22: VALOR TOTAL DE LA OFERTA | G22: =ROUND((SUM(G20:H21)),0) -> 308805994

Sheet ENTREGABLES INTERVENTORÍA
A1: ACTIVIDADES | B1: % | C1: UND | D1: CANTIDAD | E1: VALOR TOTAL | F1: MES 1 | G1: MES 2 | H1: MES 3 | I1: MES 4 | J1: MES 5 | K1: MES 6 | L1: MES 7 | M1: MES 8 | N1: MES 9 | O1: MES 10 | P1: MES 11 | Q1: MES 12 | R1: VALOR TOTAL
A2: =DISTRIBUCIÓN!A46 -> FASE 1. Declaratoria y Acciones Previas | B2: =DISTRIBUCIÓN!E130 -> 0.10453386 | E2: =DISTRIBUCIÓN!D130 -> 27126624 | R2: =SUM(R3:R11) -> 27126624 | S2: =IF(ABS(R2-E2)<0.001,"OK"," ERROR") -> OK
A3: =DISTRIBUCIÓN!A141 -> Revisión y aprobación de la localización del cuerpo de agua | B3: =DISTRIBUCIÓN!V141 -> 0.0089624976 | C3: GLB | D3: 1 | E3: =B3*$E$2/$B$2 -> 2325775.6 | F3: =E3 -> 2325775.6 | R3: =SUM(F3:Q3) -> 2325775.6 | S3: Control
A4: =DISTRIBUCIÓN!A142 -> Revisión y aprobación del Alistamiento Institucional | B4: =DISTRIBUCIÓN!V142 -> 0.0089624976 | C4: GLB | D4: 1 | E4: =B4*$E$2/$B$2 -> 2325775.6 | F4: =E4 -> 2325775.6 | R4: =SUM(F4:Q4) -> 2325775.6
A5: =DISTRIBUCIÓN!A143 -> Revisión y aprobación de la Identificación de actores relevantes para el ordenamiento | B5: =DISTRIBUCIÓN!V143 -> 0.020898188 | C5: GLB | D5: 1 | E5: =B5*$E$2/$B$2 -> 5423097.2 | F5: =E5 -> 5423097.2 | R5: =SUM(F5:Q5) -> 5423097.2
A6: =DISTRIBUCIÓN!A144 -> Revisión y aprobación de la recopilación de información de instrumentos existentes | B6: =DISTRIBUCIÓN!V144 -> 0.0089624976 | C6: GLB | D6: 1 | E6: =B6*$E$2/$B$2 -> 2325775.6 | F6: =E6 -> 2325775.6 | R6: =SUM(F6:Q6) -> 2325775.6
A7: =DISTRIBUCIÓN!A145 -> Revisión y aprobación de la recopilación de información de redes hidrometeorológicas hidrobiológicas y de calidad | B7: =DISTRIBUCIÓN!V145 -> 0.0089624976 | C7: GLB | D7: 1 | E7: =B7*$E$2/$B$2 -> 2325775.6 | F7: =E7 -> 2325775.6 | R7: =SUM(F7:Q7) -> 2325775.6
A8: =DISTRIBUCIÓN!A146 -> Revisión y aprobación de la identificación preliminar de usuarios y clasificación de los usos actuales | B8: =DISTRIBUCIÓN!V146 -> 0.0089624976 | C8: GLB | D8: 1 | E8: =B8*$E$2/$B$2 -> 2325775.6 | F8: =E8 -> 2325775.6 | R8: =SUM(F8:Q8) -> 2325775.6
A9: =DISTRIBUCIÓN!A147 -> Revisión y aprobación de la información asociada a los conflictos por uso del recurso hídrico | B9: =DISTRIBUCIÓN!V147 -> 0.0089624976 | C9: GLB | D9: 1 | E9: =B9*$E$2/$B$2 -> 2325775.6 | F9: =E9 -> 2325775.6 | R9: =SUM(F9:Q9) -> 2325775.6
A10: =DISTRIBUCIÓN!A148 -> Revisión y aprobación del prediseño del plan de monitoreo de calidad y cantidad del recurso hídrico | B10: =DISTRIBUCIÓN!V148 -> 0.020898188 | C10: GLB | D10: 1 | E10: =B10*$E$2/$B$2 -> 5423097.2 | F10: =E10 -> 5423097.2 | R10: =SUM(F10:Q10) -> 5423097.2
A11: =DISTRIBUCIÓN!A149 -> Revisión y aprobación del Plan de Trabajo | B11: =DISTRIBUCIÓN!V149 -> 0.0089624976 | C11: GLB | D11: 1 | E11: =B11*$E$2/$B$2 -> 2325775.6 | F11: =E11 -> 2325775.6 | R11: =SUM(F11:Q11) -> 2325775.6
A12: =DISTRIBUCIÓN!A59 -> FASE 2. Diagnóstico | B12: =DISTRIBUCIÓN!E131 -> 0.55671 | E12: =DISTRIBUCIÓN!D131 -> 1.4446553e+08 | R12: =SUM(R13:R32) -> 1.4446553e+08 | S12: =IF(ABS(R12-E12)<0.001,"OK"," ERROR") -> OK
A13: =DISTRIBUCIÓN!A155 -> Caracterización Inicial | S13: Control
A14: =DISTRIBUCIÓN!A156 -> Revisión y aprobación del Paso 1. Diseño e implementación del proceso de participación | B14: =DISTRIBUCIÓN!V156 -> 0.045619575 | C14: GLB | D14: 1 | E14: =B14*$E$12/$B$12 -> 11838221 | G14: =$E$14 -> 11838221 | R14: =SUM(F14:Q14) -> 11838221
A15: =DISTRIBUCIÓN!A157 -> Revisión y aprobación del Paso 2. Definición de los tramos o sectores de análisis | B15: =DISTRIBUCIÓN!V157 -> 0.025726595 | C15: GLB | D15: 1 | E15: =B15*$E$12/$B$12 -> 6676018.3 | G15: =$E$15 -> 6676018.3 | R15: =SUM(F15:Q15) -> 6676018.3
A16: =DISTRIBUCIÓN!A158 -> Revisión y aprobación del Paso 3. Definición para la estructura conceptual para la modelación de calidad del agua | B16: =DISTRIBUCIÓN!V158 -> 0.045619575 | C16: GLB | D16: 1 | E16: =B16*$E$12/$B$12 -> 11838221 | G16: =$E$16 -> 11838221 | R16: =SUM(F16:Q16) -> 11838221
A17: =DISTRIBUCIÓN!A159 -> Trabajo de campo
A18: =DISTRIBUCIÓN!A160 -> Revisión y aprobación del Paso 1. Censo de usuarios y consolidación de información | B18: =DISTRIBUCIÓN!V160 -> 0.045619575 | C18: GLB | D18: 1 | E18: =B18*$E$12/$B$12 -> 11838221 | G18: =$E$18/4 -> 2959555.3 | H18: =$E$18/4 -> 2959555.3 | I18: =$E$18/4 -> 2959555.3 | J18: =$E$18/4 -> 2959555.3 | R18: =SUM(F18:Q18) -> 11838221
A19: =DISTRIBUCIÓN!A161 -> Revisión y aprobación del Paso 2. Diseño y ejecución del plan de monitoreo | B19: =DISTRIBUCIÓN!V161 -> 0.045619575 | C19: GLB | D19: 1 | E19: =B19*$E$12/$B$12 -> 11838221 | H19: =$E$19/3 -> 3946073.7 | I19: =$E$19/3 -> 3946073.7 | K19: =$E$19/3 -> 3946073.7 | R19: =SUM(F19:Q19) -> 11838221
A20: =DISTRIBUCIÓN!A162 -> Construcción de línea base
A21: =DISTRIBUCIÓN!A163 -> Revisión y aprobación del Paso 1. Consolidación de usos existentes del recurso hídrico | B21: =DISTRIBUCIÓN!V163 -> 0.025726595 | C21: GLB | D21: 1 | E21: =B21*$E$12/$B$12 -> 6676018.3 | K21: =$E$21/2 -> 3338009.2 | L21: =$E$21/2 -> 3338009.2 | R21: =SUM(F21:Q21) -> 6676018.3
A22: =DISTRIBUCIÓN!A164 -> Revisión y aprobación del Paso 2. Estimación de la oferta hídrica total y oferta hídrica total disponible e indicadores de estado | B22: =DISTRIBUCIÓN!V164 -> 0.025726595 | C22: GLB | D22: 1 | E22: =B22*$E$12/$B$12 -> 6676018.3 | H22: =$E$22/3 -> 2225339.4 | I22: =$E$22/3 -> 2225339.4 | J22: =$E$22/3 -> 2225339.4 | R22: =SUM(F22:Q22) -> 6676018.3
A23: =DISTRIBUCIÓN!A165 -> Revisión y aprobación del Paso 3. Identificación de zonas de recarga del acuífero o interacciones con las aguas superficiales | B23: =DISTRIBUCIÓN!V165 -> 0.045619575 | C23: GLB | D23: 1 | E23: =B23*$E$12/$B$12 -> 11838221 | I23: =$E$23/2 -> 5919110.5 | J23: =$E$23/2 -> 5919110.5 | R23: =SUM(F23:Q23) -> 11838221
A24: =DISTRIBUCIÓN!A166 -> Revisión y aprobación del Paso 4. Elaboración de perfiles de calidad actual de cada cuerpo de agua | B24: =DISTRIBUCIÓN!V166 -> 0.025726595 | C24: GLB | D24: 1 | E24: =B24*$E$12/$B$12 -> 6676018.3 | J24: =$E$24/2 -> 3338009.2 | L24: =$E$24/2 -> 3338009.2 | R24: =SUM(F24:Q24) -> 6676018.3
A25: =DISTRIBUCIÓN!A167 -> Revisión y aprobación del Paso 5. Estimación de indicadores de calidad de agua | B25: =DISTRIBUCIÓN!V167 -> 0.025726595 | C25: GLB | D25: 1 | E25: =B25*$E$12/$B$12 -> 6676018.3 | J25: =$E$25/2 -> 3338009.2 | L25: =$E$25/2 -> 3338009.2 | R25: =SUM(F25:Q25) -> 6676018.3
A26: =DISTRIBUCIÓN!A168 -> Revisión y aprobación del Paso 6. Clasificación de los usos actuales | B26: =DISTRIBUCIÓN!V168 -> 0.025726595 | C26: GLB | D26: 1 | E26: =B26*$E$12/$B$12 -> 6676018.3 | K26: =$E$26/2 -> 3338009.2 | L26: =$E$26/2 -> 3338009.2 | R26: =SUM(F26:Q26) -> 6676018.3
A27: =DISTRIBUCIÓN!A169 -> Revisión y aprobación del Paso 7. Estudio de demanda de agua | B27: =DISTRIBUCIÓN!V169 -> 0.025726595 | C27: GLB | D27: 1 | E27: =B27*$E$12/$B$12 -> 6676018.3 | K27: =E27 -> 6676018.3 | R27: =SUM(F27:Q27) -> 6676018.3
A28: =DISTRIBUCIÓN!A170 -> Revisión y aprobación del Paso 8. Indicadores de presión sobre el recurso hídrico superficial | B28: =DISTRIBUCIÓN!V170 -> 0.025726595 | C28: GLB | D28: 1 | E28: =B28*$E$12/$B$12 -> 6676018.3 | L28: =E28 -> 6676018.3 | R28: =SUM(F28:Q28) -> 6676018.3
A29: =DISTRIBUCIÓN!A171 -> Revisión y aprobación del Paso 9. Estimación cualitativa del riesgo | B29: =DISTRIBUCIÓN!V171 -> 0.025726595 | C29: GLB | D29: 1 | E29: =B29*$E$12/$B$12 -> 6676018.3 | L29: =E29 -> 6676018.3 | R29: =SUM(F29:Q29) -> 6676018.3
A30: =DISTRIBUCIÓN!A172 -> Revisión y aprobación del Paso 10. Análisis de problemáticas y conflictos derivados del recurso hídrico | B30: =DISTRIBUCIÓN!V172 -> 0.025726595 | C30: GLB | D30: 1 | E30: =B30*$E$12/$B$12 -> 6676018.3 | H30: =$E$30/5 -> 1335203.7 | I30: =$E$30/5 -> 1335203.7 | J30: =$E$30/5 -> 1335203.7 | K30: =$E$30/5 -> 1335203.7 | L30: =$E$30/5 -> 1335203.7 | R30: =SUM(F30:Q30) -> 6676018.3
A31: =DISTRIBUCIÓN!A173 -> Revisión y aprobación del Paso 11. Sistematización de la información resultado de la fase de diagnóstico | B31: =DISTRIBUCIÓN!V173 -> 0.025726595 | C31: GLB | D31: 1 | E31: =B31*$E$12/$B$12 -> 6676018.3 | G31: =$E$31/6 -> 1112669.7 | H31: =$E$31/6 -> 1112669.7 | I31: =$E$31/6 -> 1112669.7 | J31: =$E$31/6 -> 1112669.7 | K31: =$E$31/6 -> 1112669.7 | L31: =$E$31/6 -> 1112669.7 | R31: =SUM(F31:Q31) -> 6676018.3
A32: =DISTRIBUCIÓN!A174 -> Revisión y aprobación del Paso 12. Socialización de los resultados de la fase de diagnóstico | B32: =DISTRIBUCIÓN!V174 -> 0.045619575 | C32: GLB | D32: 1 | E32: =B32*$E$12/$B$12 -> 11838221 | L32: =E32 -> 11838221 | R32: =SUM(F32:Q32) -> 11838221
A33: =DISTRIBUCIÓN!A85 -> FASE 3. Identificación de usos potenciales | B33: =DISTRIBUCIÓN!E132 -> 0.13707014 | E33: =DISTRIBUCIÓN!D132 -> 35569816 | R33: =SUM(R34:R38) -> 35569816 | S33: =IF(ABS(R33-E33)<0.001,"OK"," ERROR") -> OK
A34: =DISTRIBUCIÓN!A180 -> Revisión y aprobación del Paso 1: Proyección de la demanda de agua | B34: =DISTRIBUCIÓN!V180 -> 0.022639752 | C34: GLB | D34: 1 | E34: =B34*$E$33/$B$33 -> 5875034.6 | M34: =E34/2 -> 2937517.3 | N34: =E34/2 -> 2937517.3 | R34: =SUM(F34:Q34) -> 5875034.6 | S34: Control
A35: =DISTRIBUCIÓN!A181 -> Revisión y aprobación del Paso 2: Modelación de la calidad del agua y simulación de escenarios | B35: =DISTRIBUCIÓN!V181 -> 0.022639752 | C35: GLB | D35: 1 | E35: =B35*$E$33/$B$33 -> 5875034.6 | M35: =E35/2 -> 2937517.3 | N35: =E35/2 -> 2937517.3 | R35: =SUM(F35:Q35) -> 5875034.6
A36: =DISTRIBUCIÓN!A182 -> Revisión y aprobación del Paso 3: Clasificación del cuerpo de agua e identificación de usos potenciales | B36: =DISTRIBUCIÓN!V182 -> 0.022639752 | C36: GLB | D36: 1 | E36: =B36*$E$33/$B$33 -> 5875034.6 | M36: =E36/2 -> 2937517.3 | N36: =E36/2 -> 2937517.3 | R36: =SUM(F36:Q36) -> 5875034.6
A37: =DISTRIBUCIÓN!A183 -> Revisión y aprobación del Paso 4. Estimación cualitativa de riesgos asociados a reducción de la oferta y disponibilidad del recurso hídrico | B37: =DISTRIBUCIÓN!V183 -> 0.022639752 | C37: GLB | D37: 1 | E37: =B37*$E$33/$B$33 -> 5875034.6 | M37: =E37/2 -> 2937517.3 | N37: =E37/2 -> 2937517.3 | R37: =SUM(F37:Q37) -> 5875034.6
A38: =DISTRIBUCIÓN!A184 -> Revisión y aprobación Paso 5. Socialización de los resultados de la fase de Usos Potenciales | B38: =DISTRIBUCIÓN!V184 -> 0.046511133 | C38: GLB | D38: 1 | E38: =B38*$E$33/$B$33 -> 12069678 | N38: =E38 -> 12069678 | R38: =SUM(F38:Q38) -> 12069678
A39: =DISTRIBUCIÓN!A95 -> FASE 4. Elaboración del plan | B39: =DISTRIBUCIÓN!E133 -> 0.20169055 | C39: GLB | D39: 1 | E39: =DISTRIBUCIÓN!D133 -> 52338867 | R39: =SUM(R40:R49) -> 52338867 | S39: =IF(ABS(R39-E39)<0.001,"OK"," ERROR") -> OK
A40: =DISTRIBUCIÓN!A190 -> Revisión y aprobación del Paso 1: Definición o ajuste de objetivos y criterios de calidad por uso | B40: =DISTRIBUCIÓN!V190 -> 0.017781917 | C40: GLB | D40: 1 | E40: =B40*$E$33/$B$33 -> 4614422.4 | O40: =E40 -> 4614422.4 | R40: =SUM(F40:Q40) -> 4614422.4 | S40: Control
A41: =DISTRIBUCIÓN!A191 -> Revisión y aprobación del Paso 2: Definición de prohibiciones y condicionamientos | B41: =DISTRIBUCIÓN!V191 -> 0.017781917 | C41: GLB | D41: 1 | E41: =B41*$E$33/$B$33 -> 4614422.4 | O41: =E41 -> 4614422.4 | R41: =SUM(F41:Q41) -> 4614422.4
A42: =DISTRIBUCIÓN!A192 -> Revisión y aprobación del Paso 3: Definición o ajuste de metas quinquenales de reducción de cargas contaminantes | B42: =DISTRIBUCIÓN!V192 -> 0.017781917 | C42: GLB | D42: 1 | E42: =B42*$E$33/$B$33 -> 4614422.4 | O42: =E42 -> 4614422.4 | R42: =SUM(F42:Q42) -> 4614422.4
A43: =DISTRIBUCIÓN!A193 -> Revisión y aprobación del Paso 4. Articulación con el POMCA | B43: =DISTRIBUCIÓN!V193 -> 0.017781917 | C43: GLB | D43: 1 | E43: =B43*$E$33/$B$33 -> 4614422.4 | O43: =E43 -> 4614422.4 | R43: =SUM(F43:Q43) -> 4614422.4
A44: =DISTRIBUCIÓN!A194 -> Revisión y aprobación del Paso 5: Articulación con otros instrumentos | B44: =DISTRIBUCIÓN!V194 -> 0.017781917 | C44: GLB | D44: 1 | E44: =B44*$E$33/$B$33 -> 4614422.4 | O44: =E44 -> 4614422.4 | R44: =SUM(F44:Q44) -> 4614422.4
A45: =DISTRIBUCIÓN!A195 -> Revisión y aprobación del Paso 6: Elaboración del programa de seguimiento y monitoreo al recurso hídrico | B45: =DISTRIBUCIÓN!V195 -> 0.017781917 | C45: GLB | D45: 1 | E45: =B45*$E$33/$B$33 -> 4614422.4 | P45: =E45 -> 4614422.4 | R45: =SUM(F45:Q45) -> 4614422.4
A46: =DISTRIBUCIÓN!A196 -> Revisión y aprobación del Paso 7: Estructuración de proyectos y actividades | B46: =DISTRIBUCIÓN!V196 -> 0.017781917 | C46: GLB | D46: 1 | E46: =B46*$E$33/$B$33 -> 4614422.4 | P46: =E46 -> 4614422.4 | R46: =SUM(F46:Q46) -> 4614422.4
A47: =DISTRIBUCIÓN!A197 -> Revisión y aprobación del Paso 8: Elaboración de informes | B47: =DISTRIBUCIÓN!V197 -> 0.017781917 | C47: GLB | D47: 1 | E47: =B47*$E$33/$B$33 -> 4614422.4 | P47: =E47 -> 4614422.4 | R47: =SUM(F47:Q47) -> 4614422.4
A48: =DISTRIBUCIÓN!A198 -> Revisión y aprobación del Paso 9: Socialización del PORH | B48: =DISTRIBUCIÓN!V198 -> 0.041653298 | C48: GLB | D48: 1 | E48: =B48*$E$33/$B$33 -> 10809066 | P48: =E48 -> 10809066 | R48: =SUM(F48:Q48) -> 10809066
A49: =DISTRIBUCIÓN!A199 -> Revisión y aprobación de informes y publicaciones | B49: =DISTRIBUCIÓN!V199 -> 0.017781917 | C49: GLB | D49: 1 | E49: =B49*$E$33/$B$33 -> 4614422.4 | Q49: =E49 -> 4614422.4 | R49: =SUM(F49:Q49) -> 4614422.4
A50: SUBTOTAL | E50: =ROUND((E2+E12+E33+E39),0) -> 259500835 | F50: =SUM(F2:F49) -> 27126624 | G50: =SUM(G2:G49) -> 34424685 | H50: =SUM(H2:H49) -> 11578842 | I50: =SUM(I2:I49) -> 17497952 | J50: =SUM(J2:J49) -> 20227897 | K50: =SUM(K2:K49) -> 19745984 | L50: =SUM(L2:L49) -> 40990168 | M50: =SUM(M2:M49) -> 11750069 | ... Q50: =SUM(Q2:Q49) -> 4614422.4 | R50: =ROUND((SUM(R2+R12+R33+R39)),0) -> 259500835 | S50: =IF(ABS(R50-E50)<0.001,"OK"," ERROR") -> OK
A51: IVA 19% | E51: =ROUND((E50*0.19),0) -> 49305159 | F51: =F50*0.19 -> 5154058.5 | G51: =G50*0.19 -> 6540690.2 | H51: =H50*0.19 -> 2199979.9 | I51: =I50*0.19 -> 3324610.9 | J51: =J50*0.19 -> 3843300.4 | K51: =K50*0.19 -> 3751736.9 | L51: =L50*0.19 -> 7788131.9 | M51: =M50*0.19 -> 2232513.1 | ... Q51: =Q50*0.19 -> 876740.26 | S51: Control
A52: VALOR TOTAL | E52: =ROUND((SUM(E50:E51)),0) -> 308805994 | F52: =SUM(F50:F51) -> 32280682 | G52: =SUM(G50:G51) -> 40965376 | H52: =SUM(H50:H51) -> 13778822 | I52: =SUM(I50:I51) -> 20822563 | J52: =SUM(J50:J51) -> 24071197 | K52: =SUM(K50:K51) -> 23497721 | L52: =SUM(L50:L51) -> 48778300 | M52: =SUM(M50:M51) -> 13982582 | ... Q52: =SUM(Q50:Q51) -> 5491162.7 | R52: =ROUND(SUM(F52:Q52),0) -> 308805993
E53: =IF(ABS(E52-INTERVENTORÍA!G22)<0.001,"OK"," ERROR") -> OK | R53: =IF(ABS(E52-INTERVENTORÍA!G22)<0.001,"OK"," ERROR") -> OK
E54: Control | R54: Control

Sheet CRONOGRAMA INTERVENTORÍA
B1: ACTIVIDADES | C1: Mes 1 | G1: Mes 2 | K1: Mes 3 | O1: Mes 4 | S1: Mes 5 | W1: Mes 6 | AA1: Mes 7 | AE1: Mes 8 | AI1: Mes 9 | AM1: Mes 10 | AQ1: Mes 11 | AU1: Mes 12
C2: 1 | D2: 2 | E2: 3 | F2: 4 | G2: 5 | H2: 6 | I2: 7 | J2: 8 | K2: 9 | L2: 10 | M2: 11 | N2: 12 | O2: 13 | P2: 14 | Q2: 15 | R2: 16 | S2: 17 | T2: 18 | U2: 19 | V2: 20 | W2: 21 | X2: 22 | Y2: 23 | Z2: 24 | AA2: 25 | AB2: 26 | AC2: 27 | AD2: 28 | AE2: 29 | AF2: 30 | AG2: 31 | AH2: 32 | AI2: 33 | AJ2: 34 | AK2: 35 | AL2: 36 | AM2: 37 | AN2: 38 | AO2: 39 | AP2: 40 | AQ2: 41 | AR2: 42 | AS2: 43 | AT2: 44 | AU2: 45 | AV2: 46 | AW2: 47 | AX2: 48
B3: =DISTRIBUCIÓN!A140 -> FASE 1. Declaratoria y Acciones Previas
B4: =DISTRIBUCIÓN!A141 -> Revisión y aprobación de la localización del cuerpo de agua
B5: =DISTRIBUCIÓN!A142 -> Revisión y aprobación del Alistamiento Institucional
B6: =DISTRIBUCIÓN!A143 -> Revisión y aprobación de la Identificación de actores relevantes para el ordenamiento
B7: =DISTRIBUCIÓN!A144 -> Revisión y aprobación de la recopilación de información de instrumentos existentes
B8: =DISTRIBUCIÓN!A145 -> Revisión y aprobación de la recopilación de información de redes hidrometeorológicas hidrobiológicas y de calidad
B9: =DISTRIBUCIÓN!A146 -> Revisión y aprobación de la identificación preliminar de usuarios y clasificación de los usos actuales
B10: =DISTRIBUCIÓN!A147 -> Revisión y aprobación de la información asociada a los conflictos por uso del recurso hídrico
B11: =DISTRIBUCIÓN!A148 -> Revisión y aprobación del prediseño del plan de monitoreo de calidad y cantidad del recurso hídrico
B12: =DISTRIBUCIÓN!A149 -> Revisión y aprobación del Plan de Trabajo
B13: =DISTRIBUCIÓN!A154 -> FASE 2. Diagnóstico
B14: =DISTRIBUCIÓN!A155 -> Caracterización Inicial
B15: =DISTRIBUCIÓN!A156 -> Revisión y aprobación del Paso 1. Diseño e implementación del proceso de participación
B16: =DISTRIBUCIÓN!A157 -> Revisión y aprobación del Paso 2. Definición de los tramos o sectores de análisis
B17: =DISTRIBUCIÓN!A158 -> Revisión y aprobación del Paso 3. Definición para la estructura conceptual para la modelación de calidad del agua
B18: =DISTRIBUCIÓN!A159 -> Trabajo de campo
B19: =DISTRIBUCIÓN!A160 -> Revisión y aprobación del Paso 1. Censo de usuarios y consolidación de información
B20: =DISTRIBUCIÓN!A161 -> Revisión y aprobación del Paso 2. Diseño y ejecución del plan de monitoreo
B21: =DISTRIBUCIÓN!A162 -> Construcción de línea base
B22: =DISTRIBUCIÓN!A163 -> Revisión y aprobación del Paso 1. Consolidación de usos existentes del recurso hídrico
B23: =DISTRIBUCIÓN!A164 -> Revisión y aprobación del Paso 2. Estimación de la oferta hídrica total y oferta hídrica total disponible e indicadores de estado
B24: =DISTRIBUCIÓN!A165 -> Revisión y aprobación del Paso 3. Identificación de zonas de recarga del acuífero o interacciones con las aguas superficiales
... B33: =DISTRIBUCIÓN!A174 -> Revisión y aprobación del Paso 12. Socialización de los resultados de la fase de diagnóstico
B34: =DISTRIBUCIÓN!A179 -> FASE 3. Identificación de usos potenciales
B35: =DISTRIBUCIÓN!A180 -> Revisión y aprobación del Paso 1: Proyección de la demanda de agua
B36: =DISTRIBUCIÓN!A181 -> Revisión y aprobación del Paso 2: Modelación de la calidad del agua y simulación de escenarios
B37: =DISTRIBUCIÓN!A182 -> Revisión y aprobación del Paso 3: Clasificación del cuerpo de agua e identificación de usos potenciales
B38: =DISTRIBUCIÓN!A183 -> Revisión y aprobación del Paso 4. Estimación cualitativa de riesgos asociados a reducción de la oferta y disponibilidad del recurso hídrico
B39: =DISTRIBUCIÓN!A184 -> Revisión y aprobación Paso 5. Socialización de los resultados de la fase de Usos Potenciales
B40: =DISTRIBUCIÓN!A95 -> FASE 4. Elaboración del plan
B41: =DISTRIBUCIÓN!A190 -> Revisión y aprobación del Paso 1: Definición o ajuste de objetivos y criterios de calidad por uso
B42: =DISTRIBUCIÓN!A191 -> Revisión y aprobación del Paso 2: Definición de prohibiciones y condicionamientos
B43: =DISTRIBUCIÓN!A192 -> Revisión y aprobación del Paso 3: Definición o ajuste de metas quinquenales de reducción de cargas contaminantes
B44: =DISTRIBUCIÓN!A193 -> Revisión y aprobación del Paso 4. Articulación con el POMCA
B45: =DISTRIBUCIÓN!A194 -> Revisión y aprobación del Paso 5: Articulación con otros instrumentos
B46: =DISTRIBUCIÓN!A195 -> Revisión y aprobación del Paso 6: Elaboración del programa de seguimiento y monitoreo al recurso hídrico
B47: =DISTRIBUCIÓN!A196 -> Revisión y aprobación del Paso 7: Estructuración de proyectos y actividades
B48: =DISTRIBUCIÓN!A197 -> Revisión y aprobación del Paso 8: Elaboración de informes
B49: =DISTRIBUCIÓN!A198 -> Revisión y aprobación del Paso 9: Socialización del PORH
B50: =DISTRIBUCIÓN!A199 -> Revisión y aprobación de informes y publicaciones

Sheet (%) DE AVANCE INTERVENTORÍA
A1: ACTIVIDADES | B1: % | C1: UND | D1: CANTIDAD | E1: VALOR TOTAL | F1: MES 1 | G1: MES 2 | H1: MES 3 | I1: MES 4 | J1: MES 5 | K1: MES 6 | L1: MES 7 | M1: MES 8 | N1: MES 9 | O1: MES 10 | P1: MES 11 | Q1: MES 12 | R1: TOTAL (%)
A2: =DISTRIBUCIÓN!A46 -> FASE 1. Declaratoria y Acciones Previas | B2: =DISTRIBUCIÓN!E130 -> 0.10453386 | E2: =DISTRIBUCIÓN!D130 -> 27126624 | R2: =SUM(R3:R11) -> 0.10453386 | S2: =IF(ABS(R2-B2)<0.0001,"OK"," ERROR") -> OK
A3: =DISTRIBUCIÓN!A141 -> Revisión y aprobación de la localización del cuerpo de agua | B3: =DISTRIBUCIÓN!V141 -> 0.0089624976 | C3: GLB | D3: 1 | E3: =B3*$E$2/$B$2 -> 2325775.6 | F3: =B3 -> 0.0089624976 | R3: =SUM(F3:Q3) -> 0.0089624976 | S3: Control
A4: =DISTRIBUCIÓN!A142 -> Revisión y aprobación del Alistamiento Institucional | B4: =DISTRIBUCIÓN!V142 -> 0.0089624976 | C4: GLB | D4: 1 | E4: =B4*$E$2/$B$2 -> 2325775.6 | F4: =B4 -> 0.0089624976 | R4: =SUM(F4:Q4) -> 0.0089624976
A5: =DISTRIBUCIÓN!A143 -> Revisión y aprobación de la Identificación de actores relevantes para el ordenamiento | B5: =DISTRIBUCIÓN!V143 -> 0.020898188 | C5: GLB | D5: 1 | E5: =B5*$E$2/$B$2 -> 5423097.2 | F5: =B5 -> 0.020898188 | R5: =SUM(F5:Q5) -> 0.020898188
A6: =DISTRIBUCIÓN!A144 -> Revisión y aprobación de la recopilación de información de instrumentos existentes | B6: =DISTRIBUCIÓN!V144 -> 0.0089624976 | C6: GLB | D6: 1 | E6: =B6*$E$2/$B$2 -> 2325775.6 | F6: =B6 -> 0.0089624976 | R6: =SUM(F6:Q6) -> 0.0089624976
A7: =DISTRIBUCIÓN!A145 -> Revisión y aprobación de la recopilación de información de redes hidrometeorológicas hidrobiológicas y de calidad | B7: =DISTRIBUCIÓN!V145 -> 0.0089624976 | C7: GLB | D7: 1 | E7: =B7*$E$2/$B$2 -> 2325775.6 | F7: =B7 -> 0.0089624976 | R7: =SUM(F7:Q7) -> 0.0089624976
A8: =DISTRIBUCIÓN!A146 -> Revisión y aprobación de la identificación preliminar de usuarios y clasificación de los usos actuales | B8: =DISTRIBUCIÓN!V146 -> 0.0089624976 | C8: GLB | D8: 1 | E8: =B8*$E$2/$B$2 -> 2325775.6 | F8: =B8 -> 0.0089624976 | R8: =SUM(F8:Q8) -> 0.0089624976
A9: =DISTRIBUCIÓN!A147 -> Revisión y aprobación de la información asociada a los conflictos por uso del recurso hídrico | B9: =DISTRIBUCIÓN!V147 -> 0.0089624976 | C9: GLB | D9: 1 | E9: =B9*$E$2/$B$2 -> 2325775.6 | F9: =B9 -> 0.0089624976 | R9: =SUM(F9:Q9) -> 0.0089624976
A10: =DISTRIBUCIÓN!A148 -> Revisión y aprobación del prediseño del plan de monitoreo de calidad y cantidad del recurso hídrico | B10: =DISTRIBUCIÓN!V148 -> 0.020898188 | C10: GLB | D10: 1 | E10: =B10*$E$2/$B$2 -> 5423097.2 | F10: =B10 -> 0.020898188 | R10: =SUM(F10:Q10) -> 0.020898188
A11: =DISTRIBUCIÓN!A149 -> Revisión y aprobación del Plan de Trabajo | B11: =DISTRIBUCIÓN!V149 -> 0.0089624976 | C11: GLB | D11: 1 | E11: =B11*$E$2/$B$2 -> 2325775.6 | F11: =B11 -> 0.0089624976 | R11: =SUM(F11:Q11) -> 0.0089624976
A12: =DISTRIBUCIÓN!A59 -> FASE 2. Diagnóstico | B12: =DISTRIBUCIÓN!E131 -> 0.55671 | E12: =DISTRIBUCIÓN!D131 -> 1.4446553e+08 | R12: =SUM(R13:R32) -> 0.55671 | S12: =IF(ABS(R12-B12)<0.0001,"OK"," ERROR") -> OK
A13: =DISTRIBUCIÓN!A155 -> Caracterización Inicial | S13: Control
A14: =DISTRIBUCIÓN!A156 -> Revisión y aprobación del Paso 1. Diseño e implementación del proceso de participación | B14: =DISTRIBUCIÓN!V156 -> 0.045619575 | C14: GLB | D14: 1 | E14: =B14*$E$12/$B$12 -> 11838221 | G14: =$B$14 -> 0.045619575 | R14: =SUM(F14:Q14) -> 0.045619575
A15: =DISTRIBUCIÓN!A157 -> Revisión y aprobación del Paso 2. Definición de los tramos o sectores de análisis | B15: =DISTRIBUCIÓN!V157 -> 0.025726595 | C15: GLB | D15: 1 | E15: =B15*$E$12/$B$12 -> 6676018.3 | G15: =$B$15 -> 0.025726595 | R15: =SUM(F15:Q15) -> 0.025726595
A16: =DISTRIBUCIÓN!A158 -> Revisión y aprobación del Paso 3. Definición para la estructura conceptual para la modelación de calidad del agua | B16: =DISTRIBUCIÓN!V158 -> 0.045619575 | C16: GLB | D16: 1 | E16: =B16*$E$12/$B$12 -> 11838221 | G16: =$B$16 -> 0.045619575 | R16: =SUM(F16:Q16) -> 0.045619575
A17: =DISTRIBUCIÓN!A159 -> Trabajo de campo
A18: =DISTRIBUCIÓN!A160 -> Revisión y aprobación del Paso 1. Censo de usuarios y consolidación de información | B18: =DISTRIBUCIÓN!V160 -> 0.045619575 | C18: GLB | D18: 1 | E18: =B18*$E$12/$B$12 -> 11838221 | G18: =$B$18/4 -> 0.011404894 | H18: =$B$18/4 -> 0.011404894 | I18: =$B$18/4 -> 0.011404894 | J18: =$B$18/4 -> 0.011404894 | R18: =SUM(F18:Q18) -> 0.045619575
A19: =DISTRIBUCIÓN!A161 -> Revisión y aprobación del Paso 2. Diseño y ejecución del plan de monitoreo | B19: =DISTRIBUCIÓN!V161 -> 0.045619575 | C19: GLB | D19: 1 | E19: =B19*$E$12/$B$12 -> 11838221 | H19: =$B$19/3 -> 0.015206525 | I19: =$B$19/3 -> 0.015206525 | K19: =$B$19/3 -> 0.015206525 | R19: =SUM(F19:Q19) -> 0.045619575
A20: =DISTRIBUCIÓN!A162 -> Construcción de línea base
A21: =DISTRIBUCIÓN!A163 -> Revisión y aprobación del Paso 1. Consolidación de usos existentes del recurso hídrico | B21: =DISTRIBUCIÓN!V163 -> 0.025726595 | C21: GLB | D21: 1 | E21: =B21*$E$12/$B$12 -> 6676018.3 | K21: =$B$21/2 -> 0.012863298 | L21: =$B$21/2 -> 0.012863298 | R21: =SUM(F21:Q21) -> 0.025726595
A22: =DISTRIBUCIÓN!A164 -> Revisión y aprobación del Paso 2. Estimación de la oferta hídrica total y oferta hídrica total disponible e indicadores de estado | B22: =DISTRIBUCIÓN!V164 -> 0.025726595 | C22: GLB | D22: 1 | E22: =B22*$E$12/$B$12 -> 6676018.3 | H22: =$B$22/3 -> 0.0085755318 | I22: =$B$22/3 -> 0.0085755318 | J22: =$B$22/3 -> 0.0085755318 | R22: =SUM(F22:Q22) -> 0.025726595
A23: =DISTRIBUCIÓN!A165 -> Revisión y aprobación del Paso 3. Identificación de zonas de recarga del acuífero o interacciones con las aguas superficiales | B23: =DISTRIBUCIÓN!V165 -> 0.045619575 | C23: GLB | D23: 1 | E23: =B23*$E$12/$B$12 -> 11838221 | I23: =$B$23/2 -> 0.022809788 | J23: =$B$23/2 -> 0.022809788 | R23: =SUM(F23:Q23) -> 0.045619575
A24: =DISTRIBUCIÓN!A166 -> Revisión y aprobación del Paso 4. Elaboración de perfiles de calidad actual de cada cuerpo de agua | B24: =DISTRIBUCIÓN!V166 -> 0.025726595 | C24: GLB | D24: 1 | E24: =B24*$E$12/$B$12 -> 6676018.3 | J24: =$B$24/2 -> 0.012863298 | L24: =$B$24/2 -> 0.012863298 | R24: =SUM(F24:Q24) -> 0.025726595
A25: =DISTRIBUCIÓN!A167 -> Revisión y aprobación del Paso 5. Estimación de indicadores de calidad de agua | B25: =DISTRIBUCIÓN!V167 -> 0.025726595 | C25: GLB | D25: 1 | E25: =B25*$E$12/$B$12 -> 6676018.3 | J25: =$B$25/2 -> 0.012863298 | L25: =$B$25/2 -> 0.012863298 | R25: =SUM(F25:Q25) -> 0.025726595
A26: =DISTRIBUCIÓN!A168 -> Revisión y aprobación del Paso 6. Clasificación de los usos actuales | B26: =DISTRIBUCIÓN!V168 -> 0.025726595 | C26: GLB | D26: 1 | E26: =B26*$E$12/$B$12 -> 6676018.3 | K26: =$B$26/2 -> 0.012863298 | L26: =$B$26/2 -> 0.012863298 | R26: =SUM(F26:Q26) -> 0.025726595
A27: =DISTRIBUCIÓN!A169 -> Revisión y aprobación del Paso 7. Estudio de demanda de agua | B27: =DISTRIBUCIÓN!V169 -> 0.025726595 | C27: GLB | D27: 1 | E27: =B27*$E$12/$B$12 -> 6676018.3 | K27: =B27 -> 0.025726595 | R27: =SUM(F27:Q27) -> 0.025726595
A28: =DISTRIBUCIÓN!A170 -> Revisión y aprobación del Paso 8. Indicadores de presión sobre el recurso hídrico superficial | B28: =DISTRIBUCIÓN!V170 -> 0.025726595 | C28: GLB | D28: 1 | E28: =B28*$E$12/$B$12 -> 6676018.3 | L28: =B28 -> 0.025726595 | R28: =SUM(F28:Q28) -> 0.025726595
A29: =DISTRIBUCIÓN!A171 -> Revisión y aprobación del Paso 9. Estimación cualitativa del riesgo | B29: =DISTRIBUCIÓN!V171 -> 0.025726595 | C29: GLB | D29: 1 | E29: =B29*$E$12/$B$12 -> 6676018.3 | L29: =B29 -> 0.025726595 | R29: =SUM(F29:Q29) -> 0.025726595
A30: =DISTRIBUCIÓN!A172 -> Revisión y aprobación del Paso 10. Análisis de problemáticas y conflictos derivados del recurso hídrico | B30: =DISTRIBUCIÓN!V172 -> 0.025726595 | C30: GLB | D30: 1 | E30: =B30*$E$12/$B$12 -> 6676018.3 | H30: =$B$30/5 -> 0.0051453191 | I30: =$B$30/5 -> 0.0051453191 | J30: =$B$30/5 -> 0.0051453191 | K30: =$B$30/5 -> 0.0051453191 | L30: =$B$30/5 -> 0.0051453191 | R30: =SUM(F30:Q30) -> 0.025726595
A31: =DISTRIBUCIÓN!A173 -> Revisión y aprobación del Paso 11. Sistematización de la información resultado de la fase de diagnóstico | B31: =DISTRIBUCIÓN!V173 -> 0.025726595 | C31: GLB | D31: 1 | E31: =B31*$E$12/$B$12 -> 6676018.3 | G31: =$B$31/6 -> 0.0042877659 | H31: =$B$31/6 -> 0.0042877659 | I31: =$B$31/6 -> 0.0042877659 | J31: =$B$31/6 -> 0.0042877659 | K31: =$B$31/6 -> 0.0042877659 | L31: =$B$31/6 -> 0.0042877659 | R31: =SUM(F31:Q31) -> 0.025726595
A32: =DISTRIBUCIÓN!A174 -> Revisión y aprobación del Paso 12. Socialización de los resultados de la fase de diagnóstico | B32: =DISTRIBUCIÓN!V174 -> 0.045619575 | C32: GLB | D32: 1 | E32: =B32*$E$12/$B$12 -> 11838221 | L32: =B32 -> 0.045619575 | R32: =SUM(F32:Q32) -> 0.045619575
A33: =DISTRIBUCIÓN!A85 -> FASE 3. Identificación de usos potenciales | B33: =DISTRIBUCIÓN!E132 -> 0.13707014 | E33: =DISTRIBUCIÓN!D132 -> 35569816 | R33: =SUM(R34:R38) -> 0.13707014 | S33: =IF(ABS(R33-B33)<0.0001,"OK"," ERROR") -> OK
A34: =DISTRIBUCIÓN!A180 -> Revisión y aprobación del Paso 1: Proyección de la demanda de agua | B34: =DISTRIBUCIÓN!V180 -> 0.022639752 | C34: GLB | D34: 1 | E34: =B34*$E$33/$B$33 -> 5875034.6 | M34: =B34/2 -> 0.011319876 | N34: =B34/2 -> 0.011319876 | R34: =SUM(F34:Q34) -> 0.022639752 | S34: Control
A35: =DISTRIBUCIÓN!A181 -> Revisión y aprobación del Paso 2: Modelación de la calidad del agua y simulación de escenarios | B35: =DISTRIBUCIÓN!V181 -> 0.022639752 | C35: GLB | D35: 1 | E35: =B35*$E$33/$B$33 -> 5875034.6 | M35: =B35/2 -> 0.011319876 | N35: =B35/2 -> 0.011319876 | R35: =SUM(F35:Q35) -> 0.022639752
A36: =DISTRIBUCIÓN!A182 -> Revisión y aprobación del Paso 3: Clasificación del cuerpo de agua e identificación de usos potenciales | B36: =DISTRIBUCIÓN!V182 -> 0.022639752 | C36: GLB | D36: 1 | E36: =B36*$E$33/$B$33 -> 5875034.6 | M36: =B36/2 -> 0.011319876 | N36: =B36/2 -> 0.011319876 | R36: =SUM(F36:Q36) -> 0.022639752
A37: =DISTRIBUCIÓN!A183 -> Revisión y aprobación del Paso 4. Estimación cualitativa de riesgos asociados a reducción de la oferta y disponibilidad del recurso hídrico | B37: =DISTRIBUCIÓN!V183 -> 0.022639752 | C37: GLB | D37: 1 | E37: =B37*$E$33/$B$33 -> 5875034.6 | M37: =B37/2 -> 0.011319876 | N37: =B37/2 -> 0.011319876 | R37: =SUM(F37:Q37) -> 0.022639752
A38: =DISTRIBUCIÓN!A184 -> Revisión y aprobación Paso 5. Socialización de los resultados de la fase de Usos Potenciales | B38: =DISTRIBUCIÓN!V184 -> 0.046511133 | C38: GLB | D38: 1 | E38: =B38*$E$33/$B$33 -> 12069678 | N38: =B38 -> 0.046511133 | R38: =SUM(F38:Q38) -> 0.046511133
A39: =DISTRIBUCIÓN!A95 -> FASE 4. Elaboración del plan | B39: =DISTRIBUCIÓN!E133 -> 0.20169055 | C39: GLB | D39: 1 | E39: =DISTRIBUCIÓN!D133 -> 52338867 | R39: =SUM(R40:R49) -> 0.20169055 | S39: =IF(ABS(R39-B39)<0.0001,"OK"," ERROR") -> OK
A40: =DISTRIBUCIÓN!A190 -> Revisión y aprobación del Paso 1: Definición o ajuste de objetivos y criterios de calidad por uso | B40: =DISTRIBUCIÓN!V190 -> 0.017781917 | C40: GLB | D40: 1 | E40: =B40*$E$33/$B$33 -> 4614422.4 | O40: =B40 -> 0.017781917 | R40: =SUM(F40:Q40) -> 0.017781917 | S40: Control
A41: =DISTRIBUCIÓN!A191 -> Revisión y aprobación del Paso 2: Definición de prohibiciones y condicionamientos | B41: =DISTRIBUCIÓN!V191 -> 0.017781917 | C41: GLB | D41: 1 | E41: =B41*$E$33/$B$33 -> 4614422.4 | O41: =B41 -> 0.017781917 | R41: =SUM(F41:Q41) -> 0.017781917
A42: =DISTRIBUCIÓN!A192 -> Revisión y aprobación del Paso 3: Definición o ajuste de metas quinquenales de reducción de cargas contaminantes | B42: =DISTRIBUCIÓN!V192 -> 0.017781917 | C42: GLB | D42: 1 | E42: =B42*$E$33/$B$33 -> 4614422.4 | O42: =B42 -> 0.017781917 | R42: =SUM(F42:Q42) -> 0.017781917
A43: =DISTRIBUCIÓN!A193 -> Revisión y aprobación del Paso 4. Articulación con el POMCA | B43: =DISTRIBUCIÓN!V193 -> 0.017781917 | C43: GLB | D43: 1 | E43: =B43*$E$33/$B$33 -> 4614422.4 | O43: =B43 -> 0.017781917 | R43: =SUM(F43:Q43) -> 0.017781917
A44: =DISTRIBUCIÓN!A194 -> Revisión y aprobación del Paso 5: Articulación con otros instrumentos | B44: =DISTRIBUCIÓN!V194 -> 0.017781917 | C44: GLB | D44: 1 | E44: =B44*$E$33/$B$33 -> 4614422.4 | O44: =B44 -> 0.017781917 | R44: =SUM(F44:Q44) -> 0.017781917
A45: =DISTRIBUCIÓN!A195 -> Revisión y aprobación del Paso 6: Elaboración del programa de seguimiento y monitoreo al recurso hídrico | B45: =DISTRIBUCIÓN!V195 -> 0.017781917 | C45: GLB | D45: 1 | E45: =B45*$E$33/$B$33 -> 4614422.4 | P45: =B45 -> 0.017781917 | R45: =SUM(F45:Q45) -> 0.017781917
A46: =DISTRIBUCIÓN!A196 -> Revisión y aprobación del Paso 7: Estructuración de proyectos y actividades | B46: =DISTRIBUCIÓN!V196 -> 0.017781917 | C46: GLB | D46: 1 | E46: =B46*$E$33/$B$33 -> 4614422.4 | P46: =B46 -> 0.017781917 | R46: =SUM(F46:Q46) -> 0.017781917
A47: =DISTRIBUCIÓN!A197 -> Revisión y aprobación del Paso 8: Elaboración de informes | B47: =DISTRIBUCIÓN!V197 -> 0.017781917 | C47: GLB | D47: 1 | E47: =B47*$E$33/$B$33 -> 4614422.4 | P47: =B47 -> 0.017781917 | R47: =SUM(F47:Q47) -> 0.017781917
A48: =DISTRIBUCIÓN!A198 -> Revisión y aprobación del Paso 9: Socialización del PORH | B48: =DISTRIBUCIÓN!V198 -> 0.041653298 | C48: GLB | D48: 1 | E48: =B48*$E$33/$B$33 -> 10809066 | P48: =B48 -> 0.041653298 | R48: =SUM(F48:Q48) -> 0.041653298
A49: =DISTRIBUCIÓN!A199 -> Revisión y aprobación de informes y publicaciones | B49: =DISTRIBUCIÓN!V199 -> 0.017781917 | C49: GLB | D49: 1 | E49: =B49*$E$33/$B$33 -> 4614422.4 | Q49: =B49 -> 0.017781917 | R49: =SUM(F49:Q49) -> 0.017781917
A50: AVANCE MENSUAL | E50: =ROUND((E2+E12+E33+E39),0) -> 259500835 | F50: =SUM(F2:F49) -> 0.10453386 | G50: =SUM(G2:G49) -> 0.13265841 | H50: =SUM(H2:H49) -> 0.044620036 | I50: =SUM(I2:I49) -> 0.067429823 | J50: =SUM(J2:J49) -> 0.077949893 | K50: =SUM(K2:K49) -> 0.076092801 | L50: =SUM(L2:L49) -> 0.15795904 | M50: =SUM(M2:M49) -> 0.045279504 | ... Q50: =SUM(Q2:Q49) -> 0.017781917 | R50: =ROUND((SUM(R2+R12+R33+R39)),0) -> 1
A51: AVANCE ACUMULADO | E51: =ROUND((E50*0.19),0) -> 49305159 | F51: =F50 -> 0.10453386 | G51: =G50+F51 -> 0.23719226 | H51: =H50+G51 -> 0.2818123 | I51: =I50+H51 -> 0.34924212 | J51: =J50+I51 -> 0.42719202 | K51: =K50+J51 -> 0.50328482 | L51: =L50+K51 -> 0.66124386 | M51: =M50+L51 -> 0.70652336 | N51: =N50+M51 -> 0.798314 | ... Q51: =Q50+P51 -> 1.0000046
A52: MESES | E52: =ROUND((SUM(E50:E51)),0) -> 308805994 | F52: MES 1 | G52: MES 2 | H52: MES 3 | I52: MES 4 | J52: MES 5 | K52: MES 6 | L52: MES 7 | M52: MES 8 | N52: MES 9 | O52: MES 10 | P52: MES 11 | Q52: MES 12
E53: =IF(ABS(E52-INTERVENTORÍA!G22)<0.001,"OK"," ERROR") -> OK
E54: Control

Sheet FM
C2: FACTOR MULTIPLICADOR CONSULTORÍA
B5: =ECONÓMICA!B2 -> “FORMULACIÓN DEL PLAN DE ORDENAMIENTO DEL RECURSO HÍDRICO (PORH) DE LA CORRIENTE PRINCIPAL DE LA CUENCA DEL RÍO MEDIO Y BAJO SUÁREZ - NSS Y SUS PRINCIPALES TRIBUTARIOS EN LA JURISDICCIÓN DE LA CORPORACIÓN AUTÓNOMA REGIONAL DE SANTANDER (CAS)” | F5: Anterior
B6: CÁLCULO DEL FACTOR MULTIPLICADOR
B7: ITEM | C7: DESCRIPCIÓN | D7: %
B8: A | C8: SALARIO BÁSICO ( nómina total mensual) | D8: 100
C9: TOTAL A | D9: =D8 -> 100
B10: B | C10: PRESTACIONES SOCIALES
C11: Cesantías | D11: 8.333
C12: Intereses sobre Cesantías | D12: 1
C13: Prima anual | D13: 8.333
C14: Vacaciones | D14: 4.17
C15: Salud | D15: 12.5
C16: Pensión | D16: 16
C17: Riesgos laborales | D17: 4.35
C18: SENA | D18: 2
C19: ICBF | D19: 3
C20: Caja de Compensaciones y auxilios varios | D20: 4
C21: SUBTOTAL | D21: =SUM(D11:D20) -> 63.686
B22: C | C22: GASTOS GENERALES
C23: Útiles y papelería | D23: 1
C24: Preparación propuesta | D24: 1.5
C25: Gastos de representación | D25: 3
C26: Gastos legales y bancarios | D26: 3
C27: Honorarios contabilidad | D27: 5.81
C28: SUBTOTAL | D28: =(SUM(D23:D27)) -> 14.31
B29: D | C29: COSTOS DE PERFECCIONAMIENTO
C30: Póliza de Calidad | D30: 0.53
C31: Póliza de Cumplimiento | D31: 0.99
C32: Póliza de salarios y prestaciones sociales | D32: 2.653
C33: SUBTOTAL | D33: =SUM(D30:D32) -> 4.173
B34: E | C34: UTILIDAD 12% de (A+B+C+D)
C35: SUBTOTAL | D35: =0.12*(D33+D28+D21+D9) -> 21.86028
C36: TOTAL A+B+C+D+E+F | D36: =ROUND((D35+D33+D28+D21+D9),0) -> 204
C37: FM | D37: =ROUND(D36/100,4) -> 2.04
B39: OTROS COSTOS DIRECTOS
B40: ITEM | C40: DESCRIPCIÓN | D40: %
B41: A | C41: COSTOS DE PERFECCIONAMIENTO | D41: 100
C43: Póliza de Calidad | D43: 0.53
C44: Póliza de Cumplimiento | D44: 0.99
C45: Póliza de salarios y prestaciones sociales | D45: 2.653
C46: SUBTOTAL | D46: =ROUND((SUM(D43:D45)+D41)/100,4) -> 1.0417
C48: TOTAL FACTOR GASTOS DE PERFECCIONAMIENTO | D48: =D46 -> 1.0417

Sheet 2.1 - Transporte
A1: =ECONÓMICA!B17 -> 2.1. Transporte
A2: Destino | B2: Tipo de transporte (Medio) | C2: Actividad | D2: Justificación | E2: No. de personas | F2: Cotización 1 Transporte | G2: Cotización 2 Transporte | H2: Cotización 3 Transporte | I2: Valor Unitario | J2: No. de vehículos | K2: Dias / vehículo | L2: Dias / Personas
A3: =DISTRIBUCIÓN!A46 -> FASE 1. Declaratoria y Acciones Previas
A4: Municipios cuenca del río Medio y Bajo Suárez | B4: Camioneta 4 x 4 | C4: ='VIÁTICOS-TRANSP'!A5 -> Identificación preliminar de usuarios y clasificación de los usos actuales (SOCIALIZACIÓN CON ENTIDADES GUBERNAMENTALES) | D4: La socialización del inicio de la formulación del Plan de Ordenamiento del Recurso Hídrico (PORH) de la cuenca río Medio y Bajo Suárez es fundamental para garantizar una gestión integral, participativa y sostenible del recurso hídrico. La realización de estas reuniones requiere desplazamientos del equipo técnico a los municipios de la cuenca, por lo cual se contemplan gastos de viaje asociados al desarrollo de estas actividades. | E4: ='VIÁTICOS-TRANSP'!B19 -> 1 | F4: =(18200000/30) -> 606666.67 | G4: =15000000/30 -> 500000 | H4: =18000000/30 -> 600000 | I4: =ROUND(AVERAGE(F4:H4),0) -> 568889 | J4: ='VIÁTICOS-TRANSP'!D5 -> 1 | K4: ='VIÁTICOS-TRANSP'!E5 -> 6 | M4: =M4:M20 -> 0
C5: ='VIÁTICOS-TRANSP'!A6 -> Prediseño del plan de monitoreo de calidad y cantidad del recurso hídrico (MACROLOCALIZACIÓN PUNTOS DE MONITOREO) | D5: El prediseño del plan de monitoreo de calidad y cantidad del recurso hídrico corresponde a la etapa de macrolocalización de puntos de monitoreo dentro del proceso de formulación del Plan de Ordenamiento del Recurso Hídrico (PORH) de la cuenca del río Medio y Bajo Suárez, en jurisdicción de la CAS. Esta actividad consiste en evaluar aproximadamente 34 sitios estratégicos con base en criterios técnicos como condiciones hidráulicas del cauce, representatividad del tramo, accesibilidad, viabilidad logística y georreferenciación del punto. Su propósito es definir una red preliminar de monitoreo que garantice información representativa y confiable para el diagnóstico y seguimiento del recurso hídrico, conforme a los lineamientos del Ministerio de Ambiente y Desarrollo Sostenible. | E5: ='VIÁTICOS-TRANSP'!B20 -> 2 | F5: =(18200000/30) -> 606666.67 | G5: =15000000/30 -> 500000 | H5: =18000000/30 -> 600000 | I5: =ROUND(AVERAGE(F5:H5),0) -> 568889 | J5: ='VIÁTICOS-TRANSP'!D6 -> 1 | K5: ='VIÁTICOS-TRANSP'!E6 -> 8
A6: =DISTRIBUCIÓN!A59 -> FASE 2. Diagnóstico
A7: ='VIÁTICOS-TRANSP'!A18 -> Caracterización Inicial
A8: Municipios cuenca del río Medio y Bajo Suárez | B8: Camioneta 4 x 4 | C8: ='VIÁTICOS-TRANSP'!A19 -> Paso 1. Diseño e implementación del proceso de participación. IDENTIFICACIÓN DE ACTORES CLAVE - SOCIAL | D8: La identificación de actores clave constituye una actividad fundamental dentro del diseño e implementación del proceso de participación para la formulación del Plan de Ordenamiento del Recurso Hídrico (PORH) de la cuenca del río Medio y Bajo Suárez, en el área de jurisdicción de la Corporación Autónoma Regional de Santander – CAS. Esta actividad es desarrollada por el componente social del equipo técnico y tiene como propósito reconocer, caracterizar y priorizar los actores institucionales, comunitarios, productivos y organizativos con incidencia en la gestión del recurso hídrico | E8: ='VIÁTICOS-TRANSP'!B19 -> 1 | F8: =(18200000/30) -> 606666.67 | G8: =15000000/30 -> 500000 | H8: =18000000/30 -> 600000 | I8: =ROUND(AVERAGE(F8:H8),0) -> 568889 | J8: ='VIÁTICOS-TRANSP'!D19 -> 1 | K8: ='VIÁTICOS-TRANSP'!E19 -> 18
A9: Puntos de monitoreo sobre la corriente principal de la cuenca río Medio y Bajo Suárez | B9: Camioneta 4 x 4 | C9: ='VIÁTICOS-TRANSP'!A20 -> Paso 3. Definición para la estructura conceptual para la modelación de calidad del agua (DETERMINACIÓN DE TIEMPOS DE VIAJE) Experto en modelamiento y calidad de agua - Experto en hidrología | D9: La determinación de los tiempos de viaje forma parte de la estructura conceptual para la modelación de calidad del agua y constituye un insumo para el establecimiento del plan de monitoreo definitivo en la cuenca del río Medio y Bajo Suárez. Esta actividad permite estimar el tiempo que tarda una sustancia disuelta en desplazarse a lo largo de un tramo del río, a partir de la relación entre la longitud del tramo y la velocidad media del flujo bajo condiciones hidrodinámicas representativas. La información obtenida permite identificar las zonas de transporte y mezcla, y ajustar la localización de los puntos de monitoreo para asegurar que se evalúe la misma masa de agua requerida para la modelación de calidad, garantizando coherencia entre el monitoreo y el proceso de simulación del comportamiento del recurso hídrico. | E9: ='VIÁTICOS-TRANSP'!B20 -> 2 | F9: =(18200000/30) -> 606666.67 | G9: =15000000/30 -> 500000 | H9: =18000000/30 -> 600000 | I9: =ROUND(AVERAGE(F9:H9),0) -> 568889 | J9: ='VIÁTICOS-TRANSP'!D20 -> 1 | K9: ='VIÁTICOS-TRANSP'!E20 -> 6
A10: ='VIÁTICOS-TRANSP'!A21 -> Trabajo de Campo
A11: Corriente principal y principales tributarios de la cuenca del río Medio y Bajo Suárez | B11: Camioneta 4 x 4 | C11: ='VIÁTICOS-TRANSP'!A23 -> Paso 1. Censo de usuarios y consolidación de información (RECOLECCIÓN DE INFORMACIÓN EN CAMPO CENSO DE USUARIOS) - Profesionales de campo | D11: La ejecución de esta actividad requiere desplazamientos de los profesionales de campo a lo largo de la corriente principal de la cuenca río Medio y Bajo Suárez y en los tributarios con mayor influencia sobre el recurso hídrico en jurisdicción CAS, con el fin de verificar directamente la información de los usuarios del agua. Durante los recorridos se realiza la validación de captaciones, vertimientos, ocupaciones de cauce, explotación de material de arrastre y demás usos y permisos asociados, así como la revisión de sistemas de tratamiento municipales y acueductos que abastecen poblaciones superiores a 50 usuarios. Dada la extensión de la cuenca y la distribución espacial de estos sistemas, es necesario contemplar costos de transporte para garantizar el desarrollo adecuado de las actividades de verificación y recolección de información en campo, conforme a los lineamientos de la Guía PORH del Ministerio de Ambiente y Desarrollo Sostenible y la normativa vigente. | E11: ='VIÁTICOS-TRANSP'!B23 -> 6 | F11: =(18200000/30) -> 606666.67 | G11: =15000000/30 -> 500000 | H11: =18000000/30 -> 600000 | I11: =ROUND(AVERAGE(F11:H11),0) -> 568889 | J11: ='VIÁTICOS-TRANSP'!D23 -> 3 | K11: ='VIÁTICOS-TRANSP'!E23 -> 132
A12: 34 puntos sobre el río Principal de la cuenca río Medio y Bajo Suárez en jurisdicción CAS | B12: Camioneta 4 x 4 | C12: ='VIÁTICOS-TRANSP'!A24 -> Paso 2. Diseño y ejecución del plan de monitoreo Director - Experto en Calidad | D12: La ejecución del plan de monitoreo requiere desplazamientos de profesionales especializados a diferentes sectores de la cuenca del río Medio y Bajo Suárez para supervisar y acompañar las campañas de monitoreo en 34 puntos establecidos. Estas actividades se realizan durante dos campañas (periodo seco y periodo de lluvias) y permiten verificar en campo las condiciones de los sitios de monitoreo y el adecuado desarrollo de las mediciones de cantidad (niveles, caudales, sedimentos) y calidad del agua (variables fisicoquímicas, hidrobiológicas y sedimentos). Debido a la extensión de la cuenca y a la distribución de los puntos de monitoreo, se contemplan costos de transporte para garantizar el seguimiento técnico de las actividades. La logística operativa de muestreo se encuentra contemplada en el componente de caracterización. | E12: ='VIÁTICOS-TRANSP'!B24 -> 2 | F12: =(18200000/30) -> 606666.67 | G12: =15000000/30 -> 500000 | H12: =18000000/30 -> 600000 | I12: =ROUND(AVERAGE(F12:H12),0) -> 568889 | J12: ='VIÁTICOS-TRANSP'!D24 -> 1 | K12: ='VIÁTICOS-TRANSP'!E24 -> 16
A13: ='VIÁTICOS-TRANSP'!A25 -> Construcción de Línea Base
A14: Cuenca río Medio y Bajo Suárez jurisdicción CAS | B14: Camioneta 4 x 4 | C14: ='VIÁTICOS-TRANSP'!A26 -> Paso 3. Identificación de zonas de recarga del acuífero o interacciones con las aguas superficiales | D14: La ejecución de esta actividad requiere desplazamientos del equipo técnico a diferentes sectores de la cuenca del río Medio y Bajo Suárez con el fin de identificar en campo zonas potenciales de recarga del acuífero y áreas de interacción entre aguas subterráneas y aguas superficiales, conforme a los lineamientos de la Guía PORH del Ministerio de Ambiente y Desarrollo Sostenible. | E14: ='VIÁTICOS-TRANSP'!B26 -> 2 | F14: =(18200000/30) -> 606666.67 | G14: =(15000000/30) -> 500000 | H14: =(18000000/30) -> 600000 | I14: =AVERAGE(F14:H14) -> 568888.89 | J14: ='VIÁTICOS-TRANSP'!D26 -> 1 | K14: ='VIÁTICOS-TRANSP'!E26 -> 5
A15: Cuenca río Medio y Bajo Suárez jurisdicción CAS | B15: Camioneta 4 x 4 | C15: ='VIÁTICOS-TRANSP'!A27 -> Paso 12. Socialización de los resultados de la fase de diagnóstico | D15: La socialización de los resultados del diagnóstico del Plan de Ordenamiento del Recurso Hídrico (PORH) requiere el desplazamiento del equipo técnico a diferentes sectores de la cuenca para realizar cuatro talleres de presentación con actores institucionales y comunitarios. En estos espacios se expondrán los principales hallazgos del diagnóstico contenidos en el documento ejecutivo. Debido a la localización de los municipios dentro de la cuenca, es necesario contemplar costos de transporte para garantizar la realización de estos encuentros y la adecuada divulgación de los resultados del estudio en el territorio. | E15: ='VIÁTICOS-TRANSP'!B27 -> 4 | F15: =(18200000/30) -> 606666.67 | G15: =(15000000/30) -> 500000 | H15: =(18000000/30) -> 600000 | I15: =AVERAGE(F15:H15) -> 568888.89 | J15: ='VIÁTICOS-TRANSP'!D27 -> 1 | K15: ='VIÁTICOS-TRANSP'!E27 -> 4
A16: =DISTRIBUCIÓN!A85 -> FASE 3. Identificación de usos potenciales
A17: Cuenca río Medio y Bajo Suárez jurisdicción CAS | B17: Camioneta 4 x 4 | C17: ='VIÁTICOS-TRANSP'!A43 -> Paso 5. Socialización de los resultados de la fase de Usos Potenciales (CUATRO TALLERES Equipo Técnico) | D17: La socialización de la fase de identificación de usos potenciales del recurso hídrico requiere el desplazamiento del equipo técnico a distintos municipios de la cuenca del río Medio y Bajo Suárez para la realización de cuatro talleres con actores institucionales y comunitarios. En estos espacios se presentan y discuten los posibles usos del agua identificados para los diferentes tramos del cuerpo de agua, permitiendo recoger aportes del territorio que apoyen la definición de la clasificación y los usos del recurso hídrico dentro del proceso de ordenamiento. Debido a la localización de los municipios dentro de la cuenca, es necesario contemplar costos de transporte para garantizar la realización de estos encuentros participativos. | E17: ='VIÁTICOS-TRANSP'!B43 -> 4 | F17: =(18200000/30) -> 606666.67 | G17: =(15000000/30) -> 500000 | H17: =(18000000/30) -> 600000 | I17: =AVERAGE(F17:H17) -> 568888.89 | J17: ='VIÁTICOS-TRANSP'!D43 -> 1 | K17: ='VIÁTICOS-TRANSP'!E43 -> 4
A18: =DISTRIBUCIÓN!A95 -> FASE 4. Elaboración del plan
A19: Cuenca río Medio y Bajo Suárez jurisdicción CAS | B19: Camioneta 4 x 4 | C19: ='VIÁTICOS-TRANSP'!A57 -> Paso 9. Socialización de los resultados de la fase de Formulación del PORH (CUATRO TALLERES) Equipo Técnico) | D19: La socialización de la fase de formulación del Plan de Ordenamiento del Recurso Hídrico (PORH) requiere el desplazamiento del equipo técnico a diferentes municipios de la cuenca del río Medio y Bajo Suárez para la realización de cuatro talleres con actores institucionales y comunitarios. En estos espacios se presentan los principales componentes del plan, incluyendo los objetivos de calidad, programas, proyectos y medidas de manejo del recurso hídrico. Debido a la extensión de la cuenca y a la localización de los municipios, es necesario contemplar costos de transporte para garantizar el desarrollo de estos espacios de participación en el territorio. | E19: ='VIÁTICOS-TRANSP'!B57 -> 3 | F19: =(18200000/30) -> 606666.67 | G19: =(15000000/30) -> 500000 | H19: =(18000000/30) -> 600000 | I19: =AVERAGE(F19:H19) -> 568888.89 | J19: ='VIÁTICOS-TRANSP'!D57 -> 1 | K19: ='VIÁTICOS-TRANSP'!E57 -> 4
A20: TOTAL | I20: =AVERAGE(I4:I19) -> 568888.96 | K20: =SUM(K4:K19) -> 203 | L20: =SUM(L4:L19) -> 0

Sheet 2.2 - Viáticos
A1: =ECONÓMICA!B18 -> 2.2. Gastos de Alojamiento, Alimentación e Hidratación
A2: Destino | B2: Actividad | C2: Justificación | D2: No. de personas | E2: Valor Persona/día | F2: No. de viajes | G2: No. de Días | H2: Dias/Personas
A3: =DISTRIBUCIÓN!A46 -> FASE 1. Declaratoria y Acciones Previas
A4: Municipios cuenca del río Medio y Bajo Suárez | B4: ='VIÁTICOS-TRANSP'!A5 -> Identificación preliminar de usuarios y clasificación de los usos actuales (SOCIALIZACIÓN CON ENTIDADES GUBERNAMENTALES) | C4: La socialización del inicio de la formulación del Plan de Ordenamiento del Recurso Hídrico (PORH) de la cuenca río Medio y Bajo Suárez es fundamental para garantizar una gestión integral, participativa y sostenible del recurso hídrico. La realización de estas reuniones requiere desplazamientos del equipo técnico a los municipios de la cuenca, por lo cual se contemplan gastos de viaje asociados al desarrollo de estas actividades. | D4: ='VIÁTICOS-TRANSP'!B19 -> 1 | E4: ='VIÁTICOS-TRANSP'!$B$13 -> 160000 | G4: ='VIÁTICOS-TRANSP'!F5 -> 12
B5: ='VIÁTICOS-TRANSP'!A6 -> Prediseño del plan de monitoreo de calidad y cantidad del recurso hídrico (MACROLOCALIZACIÓN PUNTOS DE MONITOREO) | C5: El prediseño del plan de monitoreo corresponde a la macrolocalización de aproximadamente 34 puntos estratégicos dentro de la cuenca del río Medio y Bajo Suárez. Para ello es necesario realizar recorridos técnicos de verificación de condiciones hidráulicas, representatividad de los tramos, accesibilidad y georreferenciación de los sitios, lo cual implica desplazamientos del equipo técnico y la consideración de gastos de viaje para el desarrollo de estas actividades. | D5: ='VIÁTICOS-TRANSP'!B20 -> 2 | E5: =E4 -> 160000 | G5: ='VIÁTICOS-TRANSP'!F6 -> 16
A6: =DISTRIBUCIÓN!A59 -> FASE 2. Diagnóstico
A7: ='VIÁTICOS-TRANSP'!A18 -> Caracterización Inicial
A8: Municipios cuenca del río Medio y Bajo Suárez | B8: ='VIÁTICOS-TRANSP'!A19 -> Paso 1. Diseño e implementación del proceso de participación. IDENTIFICACIÓN DE ACTORES CLAVE - SOCIAL | C8: La identificación de actores clave dentro del proceso de participación del PORH requiere recorridos en diferentes municipios de la cuenca con el fin de reconocer y caracterizar actores institucionales, comunitarios y productivos con incidencia en la gestión del recurso hídrico. Debido a la extensión del territorio se contemplan gastos de viaje asociados al desplazamiento del equipo técnico para el desarrollo de esta actividad. | D8: ='VIÁTICOS-TRANSP'!B19 -> 1 | E8: =E4 -> 160000 | G8: ='VIÁTICOS-TRANSP'!F19 -> 18
A9: Puntos de monitoreo sobre la corriente principal de la cuenca río Medio y Bajo Suárez | B9: ='VIÁTICOS-TRANSP'!A20 -> Paso 3. Definición para la estructura conceptual para la modelación de calidad del agua (DETERMINACIÓN DE TIEMPOS DE VIAJE) Experto en modelamiento y calidad de agua - Experto en hidrología | C9: La determinación de los tiempos de viaje requiere recorridos de campo para la identificación preliminar de tramos representativos en la corriente principal del río Medio y Bajo Suárez. Durante estas actividades se realizarán aforos en los puntos de monitoreo seleccionados sobre la corriente principal, con el fin de obtener parámetros hidráulicos que permitan estimar los tiempos de viaje y apoyar la estructuración de la modelación de calidad del agua y la elaboración definitiva del plan de monitoreo. Debido al desplazamiento y permanencia del equipo técnico en diferentes sectores de la cuenca, se contemplan gastos de viaje asociados a viáticos para el desarrollo de estas actividades de verificación en campo | D9: ='VIÁTICOS-TRANSP'!B20 -> 2 | E9: =E5 -> 160000 | G9: ='VIÁTICOS-TRANSP'!F20 -> 12
A10: ='VIÁTICOS-TRANSP'!A21 -> Trabajo de Campo
A11: Regionales CAS que hacen parte del área de drenaje de la cuenca del río Medio y Bajo Suárez | B11: ='VIÁTICOS-TRANSP'!A22 -> Paso 1. Censo de usuarios y consolidación de información (REVISIÓN INFORMACIÓN AUTORIDAD AMBIENTAL) - Profesionales de campo | C11: La revisión y consolidación del censo de usuarios del recurso hídrico requiere el desplazamiento del equipo técnico a las sedes regionales de la autoridad ambiental que hacen parte del área de drenaje de la cuenca del río Medio y Bajo Suárez, con el fin de verificar, recopilar y complementar la información existente sobre concesiones de agua, vertimientos, ocupaciones de cauce, explotación de material de arrastre y demás usos del recurso hídrico. Estas actividades permiten consolidar una base de datos actualizada y precisa para el diagnóstico y la gestión del recurso hídrico en la cuenca. Debido al desplazamiento y permanencia del personal técnico en las diferentes regionales, se contemplan gastos de viaje asociados a viáticos para el desarrollo de esta actividad. | D11: ='VIÁTICOS-TRANSP'!B22 -> 6 | E11: =E4 -> 160000 | G11: ='VIÁTICOS-TRANSP'!F22 -> 60
A12: Corriente principal y principales tributarios de la cuenca del río Medio y Bajo Suárez | B12: ='VIÁTICOS-TRANSP'!A23 -> Paso 1. Censo de usuarios y consolidación de información (RECOLECCIÓN DE INFORMACIÓN EN CAMPO CENSO DE USUARIOS) - Profesionales de campo | C12: La ejecución de esta actividad requiere desplazamientos y permanencia de los profesionales de campo a lo largo de la corriente principal de la cuenca del río Medio y Bajo Suárez y en los tributarios con mayor influencia sobre el recurso hídrico en jurisdicción de la CAS, con el fin de verificar directamente la información de los usuarios del agua. Durante los recorridos se realiza la validación de captaciones, vertimientos, ocupaciones de cauce, explotación de material de arrastre y demás usos y permisos asociados, así como la revisión de sistemas de tratamiento municipales y acueductos que abastecen poblaciones superiores a 50 usuarios. Dada la extensión de la cuenca y la distribución espacial de estos sistemas, es necesario contemplar gastos de viaje asociados a viáticos para cubrir alojamiento, alimentación y permanencia del personal técnico durante el desarrollo de las actividades de verificación y recolección de información en campo, conforme a los lineamientos de la Guía PORH del Ministerio de Ambiente y Desarrollo Sostenible y la normativa vigente. | D12: ='VIÁTICOS-TRANSP'!B23 -> 6 | E12: =E11 -> 160000 | G12: ='VIÁTICOS-TRANSP'!F23 -> 264
A13: 34 puntos sobre el río Principal de la cuenca río Medio y Bajo Suárez en jurisdicción CAS | B13: ='VIÁTICOS-TRANSP'!A24 -> Paso 2. Diseño y ejecución del plan de monitoreo Director - Experto en Calidad | C13: La ejecución del plan de monitoreo requiere el desplazamiento y permanencia de profesionales especializados en diferentes sectores de la cuenca del río Medio y Bajo Suárez para supervisar y acompañar las campañas de monitoreo en 34 puntos establecidos. Estas actividades se desarrollan durante dos campañas (periodo seco y periodo de lluvias) y permiten verificar en campo las condiciones de los sitios de monitoreo y el adecuado desarrollo de las mediciones de cantidad (niveles, caudales, sedimentos) y calidad del agua (variables fisicoquímicas, hidrobiológicas y sedimentos). Debido a la extensión de la cuenca y a la distribución de los puntos de monitoreo, es necesario contemplar gastos de viaje asociados a viáticos para cubrir alojamiento, alimentación y permanencia del personal técnico durante el seguimiento de estas actividades. La logística operativa de muestreo se encuentra contemplada en el componente de caracterización. | D13: ='VIÁTICOS-TRANSP'!B24 -> 2 | E13: =E12 -> 160000 | G13: ='VIÁTICOS-TRANSP'!F24 -> 32
A14: ='VIÁTICOS-TRANSP'!A25 -> Construcción de Línea Base
A15: Cuenca río Medio y Bajo Suárez jurisdicción CAS | B15: ='VIÁTICOS-TRANSP'!A26 -> Paso 3. Identificación de zonas de recarga del acuífero o interacciones con las aguas superficiales | C15: La ejecución de esta actividad requiere el desplazamiento y permanencia del equipo técnico en diferentes sectores de la cuenca del río Medio y Bajo Suárez con el fin de identificar en campo zonas potenciales de recarga del acuífero y áreas de interacción entre aguas subterráneas y aguas superficiales, conforme a los lineamientos de la Guía PORH del Ministerio de Ambiente y Desarrollo Sostenible. Debido a la extensión de la cuenca y a la localización de los sectores a evaluar, se contemplan gastos de viaje asociados a viáticos para cubrir alojamiento, alimentación y permanencia del personal técnico durante el desarrollo de estas actividades de verificación en campo. | D15: ='VIÁTICOS-TRANSP'!B26 -> 2 | E15: =E13 -> 160000 | G15: ='VIÁTICOS-TRANSP'!F26 -> 10
A16: Cuenca río Medio y Bajo Suárez jurisdicción CAS | B16: ='VIÁTICOS-TRANSP'!A27 -> Paso 12. Socialización de los resultados de la fase de diagnóstico | C16: La socialización de los resultados del diagnóstico del Plan de Ordenamiento del Recurso Hídrico (PORH) requiere el desplazamiento y permanencia del equipo técnico en diferentes sectores de la cuenca para realizar cuatro talleres de presentación con actores institucionales y comunitarios. En estos espacios se expondrán los principales hallazgos del diagnóstico contenidos en el documento ejecutivo. Debido a la localización de los municipios dentro de la cuenca, se contemplan gastos de viaje asociados a viáticos para cubrir alojamiento, alimentación y permanencia del personal técnico durante la realización de estos encuentros y la adecuada divulgación de los resultados del estudio en el territorio. | D16: ='VIÁTICOS-TRANSP'!B27 -> 4 | E16: =E15 -> 160000 | G16: ='VIÁTICOS-TRANSP'!F27 -> 16
A17: =DISTRIBUCIÓN!A85 -> FASE 3. Identificación de usos potenciales
A18: Cuenca río Medio y Bajo Suárez jurisdicción CAS | B18: ='VIÁTICOS-TRANSP'!A43 -> Paso 5. Socialización de los resultados de la fase de Usos Potenciales (CUATRO TALLERES Equipo Técnico) | C18: La socialización de los resultados de la fase de identificación de usos potenciales del recurso hídrico requiere el desplazamiento y permanencia del equipo técnico en distintos municipios de la cuenca del río Medio y Bajo Suárez para la realización de cuatro talleres con actores institucionales y comunitarios. En estos espacios se presentan y discuten los resultados obtenidos sobre los posibles usos del agua para los diferentes tramos del cuerpo de agua, permitiendo recoger aportes del territorio que apoyen la definición de la clasificación y los usos del recurso hídrico dentro del proceso de ordenamiento. Debido a la localización de los municipios dentro de la cuenca, se contemplan gastos de viaje asociados a viáticos para cubrir alojamiento, alimentación y permanencia del personal técnico durante el desarrollo de estos encuentros participativos. | D18: ='VIÁTICOS-TRANSP'!B43 -> 4 | E18: =E16 -> 160000 | G18: ='VIÁTICOS-TRANSP'!F43 -> 16
A19: =DISTRIBUCIÓN!A95 -> FASE 4. Elaboración del plan
A20: Cuenca río Medio y Bajo Suárez jurisdicción CAS | B20: ='VIÁTICOS-TRANSP'!A57 -> Paso 9. Socialización de los resultados de la fase de Formulación del PORH (CUATRO TALLERES) Equipo Técnico) | C20: La socialización de los resultados de la fase de formulación del Plan de Ordenamiento del Recurso Hídrico (PORH) requiere el desplazamiento y permanencia del equipo técnico en diferentes municipios de la cuenca del río Medio y Bajo Suárez para la realización de cuatro talleres con actores institucionales y comunitarios. En estos espacios se presentan los principales resultados y componentes del plan, incluyendo los objetivos de calidad, programas, proyectos y medidas de manejo del recurso hídrico. Debido a la extensión de la cuenca y a la localización de los municipios, se contemplan gastos de viaje asociados a viáticos para cubrir alojamiento, alimentación y permanencia del personal técnico durante el desarrollo de estos espacios de participación en el territorio. | D20: ='VIÁTICOS-TRANSP'!B57 -> 3 | E20: =E18 -> 160000 | G20: ='VIÁTICOS-TRANSP'!F57 -> 12
A21: TOTAL | E21: =AVERAGE(E4:E20) -> 160000 | G21: =SUM(G4:G20) -> 468 | H21: =SUM(H4:H20) -> 0

Sheet 2.3 - Socialización
A1: =ECONÓMICA!B19 -> 2.3. Logística de espacios de socialización PORH - 3 fases
A2: Destino | B2: Actividad | C2: Justificación | D2: No. de personas | E2: Número de Talleres | F2: COT 1 - COOFONCE | G2: COT 2 - PERSONA NATURAL | H2: COT 3 - CONIDING | I2: Valor | J2: Valor/Unitario | K2: Valor Total
A3: Cuenca río Medio y Bajo Suárez jurisdicción CAS | B3: FASE 2, FASE 3 Y FASE 4 Alquiler de equipos y salones taller diagnóstico Implementación de la estrategia de participación Doce (12) Talleres de Socialización | C3: La implementación de la estrategia de participación del Plan de Ordenamiento del Recurso Hídrico (PORH) en las fases de diagnóstico, identificación de usos potenciales y formulación del plan contempla la realización de doce (12) talleres de socialización con actores institucionales y comunitarios de la cuenca. Para el adecuado desarrollo de estos espacios participativos es necesario contar con el alquiler de salones de reuniones, equipos y medios de apoyo para presentaciones, así como el suministro de refrigerios para los asistentes, consistentes en jugo natural y sándwich frío. Estos elementos facilitan la logística y garantizan condiciones adecuadas para la participación y el intercambio de información durante los talleres. Los talleres se realizarán 4 en la fase 2, 4 en la fase 3 y 4 en la fase 4. | D3: 30 | E3: 12 | F3: 12000 | G3: 13000 | H3: 12500 | I3: =AVERAGE(F3:H3) -> 12500 | J3: =I3*D3 -> 375000 | K3: =I3*E3*D3 -> 4500000
D4: 1 | E4: 12 | F4: 600000 | G4: 800000 | H4: 700000 | I4: =AVERAGE(F4:H4) -> 700000 | J4: =I4*D4 -> 700000 | K4: =I4*E4 -> 8400000
A5: TOTAL | E5: =AVERAGE(E3:E4) -> 12 | J5: =SUM(J3:J4) -> 1075000 | K5: =SUM(K3:K4) -> 12900000

Sheet 2.4 - (A,B,C y D) LABORATORIO
A1: LABORATORIOS AGUA SUPERFICIAL
A2: Precio Unitario | B2: Ítem | C2: Valor unitario | E2: No. puntos dos campañas | F2: Nota Aclaratoria
A3: Tiempos de Viaje | B3: A | C3: =AT14 -> 2580000 | E3: 18 | F3: En 18 puntos de la Corriente principal (Aforo ADCP)
A4: Matriz de agua + Aforo Molinete | B4: B | C4: =SUM(AT9:AT12)+AT15+SUM(AT16:AT52) -> 2629542 | E4: 8 | F4: Número total de puntos: 34. Dos campañas: 34*2 = 68 Aforo ríos Caudalosos (ADCP): 20. Dos campañas: 20*2 = 40 Aforo Con Molinete: 4. Dos campañas: 4*2 = 8 Aforo Con Flujo Magnético: 10. Dos Campañas: 2*10 = 20
A5: Matriz de agua + Flujo Magnético | B5: C | C5: =SUM(AT9:AT12)+AT13+SUM(AT16:AT52) -> 3811542 | E5: 20
A6: Matriz de agua + ADCP | B6: D | C6: =SUM(AT9:AT12)+AT14+SUM(AT16:AT52) -> 4933542 | E6: 40
E7: =SUM(E4:E6) -> 68
A8: Sección | B8: Ítem | C8: Parámetro | D8: Unidad | E8: Cantidad referencial | F8: COT 1 Lasertec | G8: COT 2 Chemilab | H8: COT 3 CIMA | I8: COT 4 SGI | J8: PM 1 Javeriana | K8: PM 2 Acueducto Bogotá | L8: PM 3 CARDIQUE | M8: PM 4 UPB Montería | N8: PM 5 Proc_SECOP II - COT 1 | O8: PM 6 Proc_SECOP II - COT 2 | P8: Soportes totales | Q8: Soportes formales | R8: Proveedor menor | S8: Menor | T8: Proveedor mayor | U8: Mayor | V8: Mediana mercado | W8: Precio sugerido | X8: Total sugerido | Y8: Var. sugerido vs mediana | Z8: Robustez | AA8: Acción sugerida | AB8: Observación | AC8: Rango % vs mediana | AD8: Coef. variación | AE8: Nivel dispersión | AF8: Revisión obligatoria | AG8: Método aplicado | AH8: Aplica recorte | AI8: Soportes útiles | AJ8: Menor útil | AK8: Mayor útil | AL8: Precio depurado sin extremos | AM8: Total depurado | AN8: Var. depurado vs mediana original | AO8: Rango % sin extremos | AP8: Nivel dispersión sin extremos | AQ8: Calificación sin extremos | AR8: Observación sin extremos | AS8: Método final aplicado | AT8: Valor Unitario | AU8: Estado | AV8: Recomendación | AW8: Justificación
